Workbook
Name eq_code: 'Équipements'!$A$6:$A$205
Name eq_des: 'Équipements'!$B$6:$B$205
Name eq_model: 'Équipements'!$C$6:$C$205
Name eq_shop: 'Équipements'!$D$6:$D$205
Name eq_crit: 'Équipements'!$E$6:$E$205
Name eq_start: 'Équipements'!$F$6:$F$205
Name eq_hours: 'Équipements'!$G$6:$G$205
Name eq_unit: 'Équipements'!$H$6:$H$205
Name eq_use: 'Équipements'!$J$6:$J$205
Name eq_cnt: 'Équipements'!$K$6:$K$205
Name eq_check: 'Équipements'!$P$6:$P$205
Name pl_num: 'Plans préventifs'!$A$6:$A$505
Name pl_eq: 'Plans préventifs'!$B$6:$B$505
Name pl_task: 'Plans préventifs'!$D$6:$D$505
Name pl_trig: 'Plans préventifs'!$E$6:$E$505
Name pl_dur: 'Plans préventifs'!$H$6:$H$505
Name pl_due: 'Plans préventifs'!$T$6:$T$505
Name pl_left: 'Plans préventifs'!$R$6:$R$505
Name pl_cleft: 'Plans préventifs'!$S$6:$S$505
Name pl_status: 'Plans préventifs'!$U$6:$U$505
Name pl_check: 'Plans préventifs'!$V$6:$V$505
Name pl_period: 'Plans préventifs'!$Y$6:$Y$505
Name pl_rank: 'Plans préventifs'!$AA$6:$AA$505
Name pl_crit: 'Plans préventifs'!$AB$6:$AB$505
Name in_num: 'Interventions'!$A$6:$A$2005
Name in_date: 'Interventions'!$B$6:$B$2005
Name in_eq: 'Interventions'!$C$6:$C$2005
Name in_type: 'Interventions'!$E$6:$E$2005
Name in_plan: 'Interventions'!$F$6:$F$2005
Name in_desc: 'Interventions'!$G$6:$G$2005
Name in_cause: 'Interventions'!$H$6:$H$2005
Name in_status: 'Interventions'!$I$6:$I$2005
Name in_counter: 'Interventions'!$J$6:$J$2005
Name in_stopraw: 'Interventions'!$K$6:$K$2005
Name in_workraw: 'Interventions'!$L$6:$L$2005
Name in_tech: 'Interventions'!$M$6:$M$2005
Name in_partsraw: 'Interventions'!$N$6:$N$2005
Name in_mo: 'Interventions'!$O$6:$O$2005
Name in_otherraw: 'Interventions'!$P$6:$P$2005
Name in_total: 'Interventions'!$Q$6:$Q$2005
Name in_check: 'Interventions'!$R$6:$R$2005
Name in_dnum: 'Interventions'!$S$6:$S$2005
Name in_cnum: 'Interventions'!$T$6:$T$2005
Name in_stop: 'Interventions'!$U$6:$U$2005
Name in_work: 'Interventions'!$V$6:$V$2005
Name in_done: 'Interventions'!$W$6:$W$2005
Name in_prev: 'Interventions'!$X$6:$X$2005
Name in_parts: 'Interventions'!$Y$6:$Y$2005
Name in_other: 'Interventions'!$Z$6:$Z$2005
Name tech_name: 'Paramètres'!$D$6:$D$35
Name tech_rate: 'Paramètres'!$F$6:$F$35
Name shop_list: 'Paramètres'!$H$6:$H$35
Name unit_list: 'Paramètres'!$J$6:$J$20
Name p_holidays: 'Paramètres'!$L$6:$L$45
Name p_company: 'Paramètres'!$B$5
Name p_today_in: 'Paramètres'!$B$7
Name p_soon: 'Paramètres'!$B$8
Name p_soon_pct: 'Paramètres'!$B$9
Name p_days: 'Paramètres'!$B$10
Name p_today: 'Paramètres'!$B$13

Sheet Mode d'emploi
B1: Plan de maintenance préventive
B2: Mode d'emploi. Lisez cette page une fois, puis travaillez surtout dans « Interventions » et « Plans préventifs ».
B5: Les feuilles du classeur
B6: → Tableau de bord | C6: Plans en retard, disponibilité, part du préventif, coûts du mois et échéances des 12 prochaines semaines.
B7: → Plans préventifs | C7: Vos plans de maintenance préventive : tâche, périodicité en jours ou au compteur, prochaine échéance et statut.
B8: → Interventions | C8: Le journal des interventions (préventives, correctives, améliorations) : la feuille que vous remplissez au quotidien.
B9: → Calendrier | C9: Les échéances préventives des 12 prochaines semaines, plan par plan, en couleur.
B10: → Fiche d'intervention | C10: Une fiche d'intervention (bon de travail) imprimable : choisissez un numéro, ou imprimez-la vierge.
B11: → Indicateurs | C11: MTBF, MTTR, disponibilité, heures et coûts par équipement, sur la période de votre choix.
B12: → Équipements | C12: La liste de vos équipements : criticité, mise en service, heures d'ouverture, compteur.
B13: → Paramètres | C13: Entreprise, devise, date de situation, alertes, techniciens, ateliers, unités de compteur, jours fériés.
B16: Démarrer en 5 étapes
B17: 1. Paramètres | C17: Nom de l'entreprise, devise (MAD, EUR ou USD), jours travaillés, délai d'alerte « Bientôt » et la liste des techniciens avec leur taux horaire. Laissez la date de situation vide : le fichier prend la date du jour.
B18: 2. Équipements | C18: Une ligne par machine ou installation : code unique (TOUR-01), désignation, atelier, criticité A, B ou C, date de mise en service, heures d'ouverture par jour. Pour les machines suivies au compteur : l'unité, le dernier relevé et l'usage moyen par semaine.
B19: 3. Plans préventifs | C19: Une ligne par tâche répétitive : l'équipement, la tâche, le déclenchement (Calendrier, Compteur ou Au premier des deux), la périodicité et la date ou le compteur de la dernière réalisation. La prochaine échéance et le statut se calculent.
B20: 4. Interventions | C20: Chaque intervention faite ou à faire : date, équipement, type, plan lié pour un préventif, description, statut, durées, technicien, coût des pièces. Une intervention préventive terminée met à jour la dernière réalisation de son plan.
B21: 5. Suivre | C21: Le tableau de bord, le calendrier et les indicateurs se mettent à jour seuls. La fiche d'intervention s'imprime pour chaque bon de travail.
B23: Comment le fichier calcule
B24: Dernière réalisation | C24: La date la plus récente entre la date saisie dans le plan et les interventions préventives terminées liées à ce plan dans le journal. Même règle pour le compteur : le plus grand relevé.
B25: Prochaine échéance | C25: Calendrier : dernière réalisation + périodicité en jours (sans réalisation, la date de mise en service sert de départ). Compteur : compteur de la dernière réalisation + périodicité. Au premier des deux : le premier terme atteint.
B26: Statut d'un plan | C26: En retard : l'échéance est dépassée (date passée ou compteur dépassé). Bientôt : il reste au plus le délai d'alerte en jours, ou au plus le pourcentage d'alerte de la périodicité au compteur. À jour : sinon. Inactif : plan mis en pause (Actif = Non). À compléter : il manque la périodicité ou le point de départ.
B27: Échéance estimée | C27: Pour un plan au compteur, le fichier estime la date avec l'usage moyen par semaine de l'équipement : date de situation + compteur restant / usage x 7. Sans usage moyen, le plan n'a pas de date et n'apparaît pas dans le calendrier.
B28: Compteur retenu | C28: Le plus grand des deux : le dernier relevé saisi dans « Équipements » ou le plus grand compteur relevé lors d'une intervention terminée.
B29: Main-d'oeuvre | C29: Durée d'intervention x taux horaire du technicien (feuille Paramètres). Les prestataires et la sous-traitance vont dans « Autres coûts ».
B30: Indicateurs | C30: Temps d'ouverture = heures d'ouverture par jour x jours travaillés de la période. Panne = intervention corrective terminée. MTBF = (ouverture - arrêts) / pannes. MTTR = durée d'intervention des pannes / pannes. Disponibilité = (ouverture - arrêts) / ouverture. Part du préventif = heures préventives / heures totales d'intervention.
B32: Couleurs et contrôles
B33: Cellules blanches | C33: À remplir par vous.
B34: Cellules grises | C34: Calculées par une formule. Ne tapez pas dedans.
B35: Colonne Contrôle | C35: Chaque ligne est vérifiée : code en double, équipement ou plan inconnu, périodicité manquante, date invalide, durée négative, plan d'un autre équipement, compteur manquant pour un plan au compteur. Une ligne correcte affiche OK.
B37: Bonnes pratiques et limites
B38: Relevés de compteur | C38: Mettez à jour le dernier relevé de chaque machine au moins une fois par semaine, ou saisissez le compteur à chaque intervention : c'est lui qui déclenche les plans au compteur.
B39: Arrêt et intervention | C39: La durée d'arrêt est le temps où la machine n'a pas produit (attente comprise). La durée d'intervention est le temps de travail du technicien. Les deux servent aux indicateurs.
B40: Un plan = une tâche | C40: Faites un plan par tâche et par équipement (graissage toutes les 2 semaines, vidange toutes les 2 000 heures). Ne renommez pas un N° de plan qui a déjà des interventions.
B41: Capacité | C41: 200 équipements, 500 plans, 2000 interventions, 30 techniciens, 40 jours fériés. Le calendrier couvre 12 semaines, le tableau de bord 12 mois.
B42: Compatibilité | C42: Excel 2010 et suivants (Windows, Mac), Excel en ligne, LibreOffice Calc et Google Sheets. Aucune macro VBA, aucune feuille protégée : le fichier s'ouvre partout, y compris sur un poste où les macros sont bloquées.
B44: Saisie | C44: Calcul auto

Sheet Tableau de bord
B1: ="Maintenance préventive"&IF(p_company<>""," : "&p_company,"") -> Maintenance préventive | N1: ⌂ Mode d'emploi
B2: Tout se calcule depuis « Équipements », « Plans préventifs » et « Interventions ».
H3: Indicateurs du | J3: =p_from -> 46023 | K3: au | L3: =p_to -> 46331 | M3: Situation au | P3: =p_today -> 46331
B5: PLANS EN RETARD | E5: PLANS BIENTÔT DUS | H5: DISPONIBILITÉ | K5: PART DU PRÉVENTIF | N5: COÛT DE LA PÉRIODE
B6: =COUNTIF(pl_status,"En retard") -> 0 | E6: =COUNTIF(pl_status,"Bientôt") -> 0 | H6: =IF(ISNUMBER('Indicateurs'!J11),'Indicateurs'!J11,"") | K6: =IF(ISNUMBER('Indicateurs'!N11),'Indicateurs'!N11,"") | N6: ='Indicateurs'!R11 -> 0
B7: Échéance dépassée | E7: ="Sous "&p_soon&" jours ou "&ROUND(p_soon_pct*100,0)&" % du compteur" -> Sous 14 jours ou 10 % du compteur | H7: (Ouverture - arrêts) / ouverture | K7: En heures d'intervention | N7: Pièces, main-d'oeuvre, autres
B9: =IF(COUNTIF(eq_check,"?*")-COUNTIF(eq_check,"OK")+COUNTIF(pl_check,"?*")-COUNTIF(pl_check,"OK")+COUNTIF(in_check,"?*")-COUNTIF(in_check,"OK")>0,COUNTIF(eq_check,"?*")-COUNTIF(eq_check,"OK")+COUNTIF(pl_check,"?*")-COUNTIF(pl_check,"OK")+COUNTIF(in_check,"?*")-COUNTIF(in_check,"OK")&" ligne(s) signalée(s) dans les colonnes Contrôle : filtrez-les pour les corriger.","Toutes les lignes saisies sont valides.") -> Toutes les lignes saisies sont valides.
B11: Échéances préventives, 12 semaines
B12: Semaine | C12: Lundi | D12: Réalisations | E12: Heures prévues
B13: ='Calendrier'!G5 -> S45 | C13: ='Calendrier'!G6 -> 46328 | D13: ='Calendrier'!G7 -> 0 | E13: ='Calendrier'!G8 -> 0
B14: ='Calendrier'!H5 -> S46 | C14: ='Calendrier'!H6 -> 46335 | D14: ='Calendrier'!H7 -> 0 | E14: ='Calendrier'!H8 -> 0
B15: ='Calendrier'!I5 -> S47 | C15: ='Calendrier'!I6 -> 46342 | D15: ='Calendrier'!I7 -> 0 | E15: ='Calendrier'!I8 -> 0
B16: ='Calendrier'!J5 -> S48 | C16: ='Calendrier'!J6 -> 46349 | D16: ='Calendrier'!J7 -> 0 | E16: ='Calendrier'!J8 -> 0
B17: ='Calendrier'!K5 -> S49 | C17: ='Calendrier'!K6 -> 46356 | D17: ='Calendrier'!K7 -> 0 | E17: ='Calendrier'!K8 -> 0
B18: ='Calendrier'!L5 -> S50 | C18: ='Calendrier'!L6 -> 46363 | D18: ='Calendrier'!L7 -> 0 | E18: ='Calendrier'!L8 -> 0
B19: ='Calendrier'!M5 -> S51 | C19: ='Calendrier'!M6 -> 46370 | D19: ='Calendrier'!M7 -> 0 | E19: ='Calendrier'!M8 -> 0
B20: ='Calendrier'!N5 -> S52 | C20: ='Calendrier'!N6 -> 46377 | D20: ='Calendrier'!N7 -> 0 | E20: ='Calendrier'!N8 -> 0
B21: ='Calendrier'!O5 -> S53 | C21: ='Calendrier'!O6 -> 46384 | D21: ='Calendrier'!O7 -> 0 | E21: ='Calendrier'!O8 -> 0
B22: ='Calendrier'!P5 -> S1 | C22: ='Calendrier'!P6 -> 46391 | D22: ='Calendrier'!P7 -> 0 | E22: ='Calendrier'!P8 -> 0
B23: ='Calendrier'!Q5 -> S2 | C23: ='Calendrier'!Q6 -> 46398 | D23: ='Calendrier'!Q7 -> 0 | E23: ='Calendrier'!Q8 -> 0
B24: ='Calendrier'!R5 -> S3 | C24: ='Calendrier'!R6 -> 46405 | D24: ='Calendrier'!R7 -> 0 | E24: ='Calendrier'!R8 -> 0
B27: Coût de maintenance par mois, 12 mois
B28: Mois | C28: Préventif | D28: Correctif | E28: Amélioratif | F28: Total
B29: =DATE(YEAR(p_today),MONTH(p_today)-11,1) -> 45992 | C29: =SUMIFS(in_total,in_done,1,in_type,"Préventif",in_dnum,">="&$B29,in_dnum,"<"&DATE(YEAR($B29),MONTH($B29)+1,1)) -> 0 | D29: =SUMIFS(in_total,in_done,1,in_type,"Correctif",in_dnum,">="&$B29,in_dnum,"<"&DATE(YEAR($B29),MONTH($B29)+1,1)) -> 0 | E29: =SUMIFS(in_total,in_done,1,in_type,"Amélioratif",in_dnum,">="&$B29,in_dnum,"<"&DATE(YEAR($B29),MONTH($B29)+1,1)) -> 0 | F29: =SUM(C29:E29) -> 0
B30: =DATE(YEAR(p_today),MONTH(p_today)-10,1) -> 46023 | C30: =SUMIFS(in_total,in_done,1,in_type,"Préventif",in_dnum,">="&$B30,in_dnum,"<"&DATE(YEAR($B30),MONTH($B30)+1,1)) -> 0 | D30: =SUMIFS(in_total,in_done,1,in_type,"Correctif",in_dnum,">="&$B30,in_dnum,"<"&DATE(YEAR($B30),MONTH($B30)+1,1)) -> 0 | E30: =SUMIFS(in_total,in_done,1,in_type,"Amélioratif",in_dnum,">="&$B30,in_dnum,"<"&DATE(YEAR($B30),MONTH($B30)+1,1)) -> 0 | F30: =SUM(C30:E30) -> 0
B31: =DATE(YEAR(p_today),MONTH(p_today)-9,1) -> 46054 | C31: =SUMIFS(in_total,in_done,1,in_type,"Préventif",in_dnum,">="&$B31,in_dnum,"<"&DATE(YEAR($B31),MONTH($B31)+1,1)) -> 0 | D31: =SUMIFS(in_total,in_done,1,in_type,"Correctif",in_dnum,">="&$B31,in_dnum,"<"&DATE(YEAR($B31),MONTH($B31)+1,1)) -> 0 | E31: =SUMIFS(in_total,in_done,1,in_type,"Amélioratif",in_dnum,">="&$B31,in_dnum,"<"&DATE(YEAR($B31),MONTH($B31)+1,1)) -> 0 | F31: =SUM(C31:E31) -> 0
B32: =DATE(YEAR(p_today),MONTH(p_today)-8,1) -> 46082 | C32: =SUMIFS(in_total,in_done,1,in_type,"Préventif",in_dnum,">="&$B32,in_dnum,"<"&DATE(YEAR($B32),MONTH($B32)+1,1)) -> 0 | D32: =SUMIFS(in_total,in_done,1,in_type,"Correctif",in_dnum,">="&$B32,in_dnum,"<"&DATE(YEAR($B32),MONTH($B32)+1,1)) -> 0 | E32: =SUMIFS(in_total,in_done,1,in_type,"Amélioratif",in_dnum,">="&$B32,in_dnum,"<"&DATE(YEAR($B32),MONTH($B32)+1,1)) -> 0 | F32: =SUM(C32:E32) -> 0
B33: =DATE(YEAR(p_today),MONTH(p_today)-7,1) -> 46113 | C33: =SUMIFS(in_total,in_done,1,in_type,"Préventif",in_dnum,">="&$B33,in_dnum,"<"&DATE(YEAR($B33),MONTH($B33)+1,1)) -> 0 | D33: =SUMIFS(in_total,in_done,1,in_type,"Correctif",in_dnum,">="&$B33,in_dnum,"<"&DATE(YEAR($B33),MONTH($B33)+1,1)) -> 0 | E33: =SUMIFS(in_total,in_done,1,in_type,"Amélioratif",in_dnum,">="&$B33,in_dnum,"<"&DATE(YEAR($B33),MONTH($B33)+1,1)) -> 0 | F33: =SUM(C33:E33) -> 0
B34: =DATE(YEAR(p_today),MONTH(p_today)-6,1) -> 46143 | C34: =SUMIFS(in_total,in_done,1,in_type,"Préventif",in_dnum,">="&$B34,in_dnum,"<"&DATE(YEAR($B34),MONTH($B34)+1,1)) -> 0 | D34: =SUMIFS(in_total,in_done,1,in_type,"Correctif",in_dnum,">="&$B34,in_dnum,"<"&DATE(YEAR($B34),MONTH($B34)+1,1)) -> 0 | E34: =SUMIFS(in_total,in_done,1,in_type,"Amélioratif",in_dnum,">="&$B34,in_dnum,"<"&DATE(YEAR($B34),MONTH($B34)+1,1)) -> 0 | F34: =SUM(C34:E34) -> 0
B35: =DATE(YEAR(p_today),MONTH(p_today)-5,1) -> 46174 | C35: =SUMIFS(in_total,in_done,1,in_type,"Préventif",in_dnum,">="&$B35,in_dnum,"<"&DATE(YEAR($B35),MONTH($B35)+1,1)) -> 0 | D35: =SUMIFS(in_total,in_done,1,in_type,"Correctif",in_dnum,">="&$B35,in_dnum,"<"&DATE(YEAR($B35),MONTH($B35)+1,1)) -> 0 | E35: =SUMIFS(in_total,in_done,1,in_type,"Amélioratif",in_dnum,">="&$B35,in_dnum,"<"&DATE(YEAR($B35),MONTH($B35)+1,1)) -> 0 | F35: =SUM(C35:E35) -> 0
B36: =DATE(YEAR(p_today),MONTH(p_today)-4,1) -> 46204 | C36: =SUMIFS(in_total,in_done,1,in_type,"Préventif",in_dnum,">="&$B36,in_dnum,"<"&DATE(YEAR($B36),MONTH($B36)+1,1)) -> 0 | D36: =SUMIFS(in_total,in_done,1,in_type,"Correctif",in_dnum,">="&$B36,in_dnum,"<"&DATE(YEAR($B36),MONTH($B36)+1,1)) -> 0 | E36: =SUMIFS(in_total,in_done,1,in_type,"Amélioratif",in_dnum,">="&$B36,in_dnum,"<"&DATE(YEAR($B36),MONTH($B36)+1,1)) -> 0 | F36: =SUM(C36:E36) -> 0
B37: =DATE(YEAR(p_today),MONTH(p_today)-3,1) -> 46235 | C37: =SUMIFS(in_total,in_done,1,in_type,"Préventif",in_dnum,">="&$B37,in_dnum,"<"&DATE(YEAR($B37),MONTH($B37)+1,1)) -> 0 | D37: =SUMIFS(in_total,in_done,1,in_type,"Correctif",in_dnum,">="&$B37,in_dnum,"<"&DATE(YEAR($B37),MONTH($B37)+1,1)) -> 0 | E37: =SUMIFS(in_total,in_done,1,in_type,"Amélioratif",in_dnum,">="&$B37,in_dnum,"<"&DATE(YEAR($B37),MONTH($B37)+1,1)) -> 0 | F37: =SUM(C37:E37) -> 0
B38: =DATE(YEAR(p_today),MONTH(p_today)-2,1) -> 46266 | C38: =SUMIFS(in_total,in_done,1,in_type,"Préventif",in_dnum,">="&$B38,in_dnum,"<"&DATE(YEAR($B38),MONTH($B38)+1,1)) -> 0 | D38: =SUMIFS(in_total,in_done,1,in_type,"Correctif",in_dnum,">="&$B38,in_dnum,"<"&DATE(YEAR($B38),MONTH($B38)+1,1)) -> 0 | E38: =SUMIFS(in_total,in_done,1,in_type,"Amélioratif",in_dnum,">="&$B38,in_dnum,"<"&DATE(YEAR($B38),MONTH($B38)+1,1)) -> 0 | F38: =SUM(C38:E38) -> 0
B39: =DATE(YEAR(p_today),MONTH(p_today)-1,1) -> 46296 | C39: =SUMIFS(in_total,in_done,1,in_type,"Préventif",in_dnum,">="&$B39,in_dnum,"<"&DATE(YEAR($B39),MONTH($B39)+1,1)) -> 0 | D39: =SUMIFS(in_total,in_done,1,in_type,"Correctif",in_dnum,">="&$B39,in_dnum,"<"&DATE(YEAR($B39),MONTH($B39)+1,1)) -> 0 | E39: =SUMIFS(in_total,in_done,1,in_type,"Amélioratif",in_dnum,">="&$B39,in_dnum,"<"&DATE(YEAR($B39),MONTH($B39)+1,1)) -> 0 | F39: =SUM(C39:E39) -> 0
B40: =DATE(YEAR(p_today),MONTH(p_today)-0,1) -> 46327 | C40: =SUMIFS(in_total,in_done,1,in_type,"Préventif",in_dnum,">="&$B40,in_dnum,"<"&DATE(YEAR($B40),MONTH($B40)+1,1)) -> 0 | D40: =SUMIFS(in_total,in_done,1,in_type,"Correctif",in_dnum,">="&$B40,in_dnum,"<"&DATE(YEAR($B40),MONTH($B40)+1,1)) -> 0 | E40: =SUMIFS(in_total,in_done,1,in_type,"Amélioratif",in_dnum,">="&$B40,in_dnum,"<"&DATE(YEAR($B40),MONTH($B40)+1,1)) -> 0 | F40: =SUM(C40:E40) -> 0
B43: Heures d'intervention par type | E43: Fiabilité de la période | H43: Plans à traiter en priorité (les 12 premiers)
B44: Type | D44: Heures | E44: MTBF (h) | G44: =IF(ISNUMBER('Indicateurs'!G11),'Indicateurs'!G11,"") | H44: N° plan | I44: Équipement | J44: Tâche | L44: Crit. | M44: Échéance | N44: Jours rest. | O44: Compteur rest. | P44: Statut
B45: Préventif | D45: ='Indicateurs'!K11 -> 0 | E45: MTTR (h) | G45: =IF(ISNUMBER('Indicateurs'!H11),'Indicateurs'!H11,"") | H45: =IFERROR(INDEX(pl_num,MATCH(1,pl_rank,0))&"","") | I45: =IFERROR(INDEX(pl_eq,MATCH(1,pl_rank,0))&"","") | J45: =IFERROR(INDEX(pl_task,MATCH(1,pl_rank,0))&"","") | L45: =IFERROR(INDEX(pl_crit,MATCH(1,pl_rank,0))&"","") | M45: =IFERROR(IF(ISNUMBER(INDEX(pl_due,MATCH(1,pl_rank,0))),INDEX(pl_due,MATCH(1,pl_rank,0)),""),"") | N45: =IFERROR(IF(ISNUMBER(INDEX(pl_left,MATCH(1,pl_rank,0))),INDEX(pl_left,MATCH(1,pl_rank,0)),""),"") | O45: =IFERROR(IF(ISNUMBER(INDEX(pl_cleft,MATCH(1,pl_rank,0))),INDEX(pl_cleft,MATCH(1,pl_rank,0)),""),"") | P45: =IFERROR(INDEX(pl_status,MATCH(1,pl_rank,0))&"","")
B46: Correctif | D46: ='Indicateurs'!L11 -> 0 | E46: Arrêt moyen par panne (h) | G46: =IF(ISNUMBER('Indicateurs'!I11),'Indicateurs'!I11,"") | H46: =IFERROR(INDEX(pl_num,MATCH(2,pl_rank,0))&"","") | I46: =IFERROR(INDEX(pl_eq,MATCH(2,pl_rank,0))&"","") | J46: =IFERROR(INDEX(pl_task,MATCH(2,pl_rank,0))&"","") | L46: =IFERROR(INDEX(pl_crit,MATCH(2,pl_rank,0))&"","") | M46: =IFERROR(IF(ISNUMBER(INDEX(pl_due,MATCH(2,pl_rank,0))),INDEX(pl_due,MATCH(2,pl_rank,0)),""),"") | N46: =IFERROR(IF(ISNUMBER(INDEX(pl_left,MATCH(2,pl_rank,0))),INDEX(pl_left,MATCH(2,pl_rank,0)),""),"") | O46: =IFERROR(IF(ISNUMBER(INDEX(pl_cleft,MATCH(2,pl_rank,0))),INDEX(pl_cleft,MATCH(2,pl_rank,0)),""),"") | P46: =IFERROR(INDEX(pl_status,MATCH(2,pl_rank,0))&"","")
B47: Amélioratif | D47: ='Indicateurs'!M11 -> 0 | E47: Pannes | G47: =IF(ISNUMBER('Indicateurs'!F11),'Indicateurs'!F11,"") -> 0 | H47: =IFERROR(INDEX(pl_num,MATCH(3,pl_rank,0))&"","") | I47: =IFERROR(INDEX(pl_eq,MATCH(3,pl_rank,0))&"","") | J47: =IFERROR(INDEX(pl_task,MATCH(3,pl_rank,0))&"","") | L47: =IFERROR(INDEX(pl_crit,MATCH(3,pl_rank,0))&"","") | M47: =IFERROR(IF(ISNUMBER(INDEX(pl_due,MATCH(3,pl_rank,0))),INDEX(pl_due,MATCH(3,pl_rank,0)),""),"") | N47: =IFERROR(IF(ISNUMBER(INDEX(pl_left,MATCH(3,pl_rank,0))),INDEX(pl_left,MATCH(3,pl_rank,0)),""),"") | O47: =IFERROR(IF(ISNUMBER(INDEX(pl_cleft,MATCH(3,pl_rank,0))),INDEX(pl_cleft,MATCH(3,pl_rank,0)),""),"") | P47: =IFERROR(INDEX(pl_status,MATCH(3,pl_rank,0))&"","")
E48: Heures d'arrêt | G48: =IF(ISNUMBER('Indicateurs'!E11),'Indicateurs'!E11,"") -> 0 | H48: =IFERROR(INDEX(pl_num,MATCH(4,pl_rank,0))&"","") | I48: =IFERROR(INDEX(pl_eq,MATCH(4,pl_rank,0))&"","") | J48: =IFERROR(INDEX(pl_task,MATCH(4,pl_rank,0))&"","") | L48: =IFERROR(INDEX(pl_crit,MATCH(4,pl_rank,0))&"","") | M48: =IFERROR(IF(ISNUMBER(INDEX(pl_due,MATCH(4,pl_rank,0))),INDEX(pl_due,MATCH(4,pl_rank,0)),""),"") | N48: =IFERROR(IF(ISNUMBER(INDEX(pl_left,MATCH(4,pl_rank,0))),INDEX(pl_left,MATCH(4,pl_rank,0)),""),"") | O48: =IFERROR(IF(ISNUMBER(INDEX(pl_cleft,MATCH(4,pl_rank,0))),INDEX(pl_cleft,MATCH(4,pl_rank,0)),""),"") | P48: =IFERROR(INDEX(pl_status,MATCH(4,pl_rank,0))&"","")
E49: Interventions ouvertes | G49: =COUNTIF(in_status,"En cours")+COUNTIF(in_status,"À faire") -> 0 | H49: =IFERROR(INDEX(pl_num,MATCH(5,pl_rank,0))&"","") | I49: =IFERROR(INDEX(pl_eq,MATCH(5,pl_rank,0))&"","") | J49: =IFERROR(INDEX(pl_task,MATCH(5,pl_rank,0))&"","") | L49: =IFERROR(INDEX(pl_crit,MATCH(5,pl_rank,0))&"","") | M49: =IFERROR(IF(ISNUMBER(INDEX(pl_due,MATCH(5,pl_rank,0))),INDEX(pl_due,MATCH(5,pl_rank,0)),""),"") | N49: =IFERROR(IF(ISNUMBER(INDEX(pl_left,MATCH(5,pl_rank,0))),INDEX(pl_left,MATCH(5,pl_rank,0)),""),"") | O49: =IFERROR(IF(ISNUMBER(INDEX(pl_cleft,MATCH(5,pl_rank,0))),INDEX(pl_cleft,MATCH(5,pl_rank,0)),""),"") | P49: =IFERROR(INDEX(pl_status,MATCH(5,pl_rank,0))&"","")
H50: =IFERROR(INDEX(pl_num,MATCH(6,pl_rank,0))&"","") | I50: =IFERROR(INDEX(pl_eq,MATCH(6,pl_rank,0))&"","") | J50: =IFERROR(INDEX(pl_task,MATCH(6,pl_rank,0))&"","") | L50: =IFERROR(INDEX(pl_crit,MATCH(6,pl_rank,0))&"","") | M50: =IFERROR(IF(ISNUMBER(INDEX(pl_due,MATCH(6,pl_rank,0))),INDEX(pl_due,MATCH(6,pl_rank,0)),""),"") | N50: =IFERROR(IF(ISNUMBER(INDEX(pl_left,MATCH(6,pl_rank,0))),INDEX(pl_left,MATCH(6,pl_rank,0)),""),"") | O50: =IFERROR(IF(ISNUMBER(INDEX(pl_cleft,MATCH(6,pl_rank,0))),INDEX(pl_cleft,MATCH(6,pl_rank,0)),""),"") | P50: =IFERROR(INDEX(pl_status,MATCH(6,pl_rank,0))&"","")
H51: =IFERROR(INDEX(pl_num,MATCH(7,pl_rank,0))&"","") | I51: =IFERROR(INDEX(pl_eq,MATCH(7,pl_rank,0))&"","") | J51: =IFERROR(INDEX(pl_task,MATCH(7,pl_rank,0))&"","") | L51: =IFERROR(INDEX(pl_crit,MATCH(7,pl_rank,0))&"","") | M51: =IFERROR(IF(ISNUMBER(INDEX(pl_due,MATCH(7,pl_rank,0))),INDEX(pl_due,MATCH(7,pl_rank,0)),""),"") | N51: =IFERROR(IF(ISNUMBER(INDEX(pl_left,MATCH(7,pl_rank,0))),INDEX(pl_left,MATCH(7,pl_rank,0)),""),"") | O51: =IFERROR(IF(ISNUMBER(INDEX(pl_cleft,MATCH(7,pl_rank,0))),INDEX(pl_cleft,MATCH(7,pl_rank,0)),""),"") | P51: =IFERROR(INDEX(pl_status,MATCH(7,pl_rank,0))&"","")
H52: =IFERROR(INDEX(pl_num,MATCH(8,pl_rank,0))&"","") | I52: =IFERROR(INDEX(pl_eq,MATCH(8,pl_rank,0))&"","") | J52: =IFERROR(INDEX(pl_task,MATCH(8,pl_rank,0))&"","") | L52: =IFERROR(INDEX(pl_crit,MATCH(8,pl_rank,0))&"","") | M52: =IFERROR(IF(ISNUMBER(INDEX(pl_due,MATCH(8,pl_rank,0))),INDEX(pl_due,MATCH(8,pl_rank,0)),""),"") | N52: =IFERROR(IF(ISNUMBER(INDEX(pl_left,MATCH(8,pl_rank,0))),INDEX(pl_left,MATCH(8,pl_rank,0)),""),"") | O52: =IFERROR(IF(ISNUMBER(INDEX(pl_cleft,MATCH(8,pl_rank,0))),INDEX(pl_cleft,MATCH(8,pl_rank,0)),""),"") | P52: =IFERROR(INDEX(pl_status,MATCH(8,pl_rank,0))&"","")
H53: =IFERROR(INDEX(pl_num,MATCH(9,pl_rank,0))&"","") | I53: =IFERROR(INDEX(pl_eq,MATCH(9,pl_rank,0))&"","") | J53: =IFERROR(INDEX(pl_task,MATCH(9,pl_rank,0))&"","") | L53: =IFERROR(INDEX(pl_crit,MATCH(9,pl_rank,0))&"","") | M53: =IFERROR(IF(ISNUMBER(INDEX(pl_due,MATCH(9,pl_rank,0))),INDEX(pl_due,MATCH(9,pl_rank,0)),""),"") | N53: =IFERROR(IF(ISNUMBER(INDEX(pl_left,MATCH(9,pl_rank,0))),INDEX(pl_left,MATCH(9,pl_rank,0)),""),"") | O53: =IFERROR(IF(ISNUMBER(INDEX(pl_cleft,MATCH(9,pl_rank,0))),INDEX(pl_cleft,MATCH(9,pl_rank,0)),""),"") | P53: =IFERROR(INDEX(pl_status,MATCH(9,pl_rank,0))&"","")
H54: =IFERROR(INDEX(pl_num,MATCH(10,pl_rank,0))&"","") | I54: =IFERROR(INDEX(pl_eq,MATCH(10,pl_rank,0))&"","") | J54: =IFERROR(INDEX(pl_task,MATCH(10,pl_rank,0))&"","") | L54: =IFERROR(INDEX(pl_crit,MATCH(10,pl_rank,0))&"","") | M54: =IFERROR(IF(ISNUMBER(INDEX(pl_due,MATCH(10,pl_rank,0))),INDEX(pl_due,MATCH(10,pl_rank,0)),""),"") | N54: =IFERROR(IF(ISNUMBER(INDEX(pl_left,MATCH(10,pl_rank,0))),INDEX(pl_left,MATCH(10,pl_rank,0)),""),"") | O54: =IFERROR(IF(ISNUMBER(INDEX(pl_cleft,MATCH(10,pl_rank,0))),INDEX(pl_cleft,MATCH(10,pl_rank,0)),""),"") | P54: =IFERROR(INDEX(pl_status,MATCH(10,pl_rank,0))&"","")
H55: =IFERROR(INDEX(pl_num,MATCH(11,pl_rank,0))&"","") | I55: =IFERROR(INDEX(pl_eq,MATCH(11,pl_rank,0))&"","") | J55: =IFERROR(INDEX(pl_task,MATCH(11,pl_rank,0))&"","") | L55: =IFERROR(INDEX(pl_crit,MATCH(11,pl_rank,0))&"","") | M55: =IFERROR(IF(ISNUMBER(INDEX(pl_due,MATCH(11,pl_rank,0))),INDEX(pl_due,MATCH(11,pl_rank,0)),""),"") | N55: =IFERROR(IF(ISNUMBER(INDEX(pl_left,MATCH(11,pl_rank,0))),INDEX(pl_left,MATCH(11,pl_rank,0)),""),"") | O55: =IFERROR(IF(ISNUMBER(INDEX(pl_cleft,MATCH(11,pl_rank,0))),INDEX(pl_cleft,MATCH(11,pl_rank,0)),""),"") | P55: =IFERROR(INDEX(pl_status,MATCH(11,pl_rank,0))&"","")
H56: =IFERROR(INDEX(pl_num,MATCH(12,pl_rank,0))&"","") | I56: =IFERROR(INDEX(pl_eq,MATCH(12,pl_rank,0))&"","") | J56: =IFERROR(INDEX(pl_task,MATCH(12,pl_rank,0))&"","") | L56: =IFERROR(INDEX(pl_crit,MATCH(12,pl_rank,0))&"","") | M56: =IFERROR(IF(ISNUMBER(INDEX(pl_due,MATCH(12,pl_rank,0))),INDEX(pl_due,MATCH(12,pl_rank,0)),""),"") | N56: =IFERROR(IF(ISNUMBER(INDEX(pl_left,MATCH(12,pl_rank,0))),INDEX(pl_left,MATCH(12,pl_rank,0)),""),"") | O56: =IFERROR(IF(ISNUMBER(INDEX(pl_cleft,MATCH(12,pl_rank,0))),INDEX(pl_cleft,MATCH(12,pl_rank,0)),""),"") | P56: =IFERROR(INDEX(pl_status,MATCH(12,pl_rank,0))&"","")
H57: =IF(COUNT(pl_rank)=0,"Aucun plan en retard ni bientôt dû.",IF(COUNT(pl_rank)>12,"Et "&(COUNT(pl_rank)-12)&" autre(s) : filtrez la colonne Statut de « Plans préventifs ».","")) -> Aucun plan en retard ni bientôt dû.

Sheet Plans préventifs
A1: Plans préventifs | T1: ⌂ Mode d'emploi
A2: Une ligne par tâche répétitive. La dernière réalisation se met à jour avec le journal des interventions.
U3: Saisie | V3: Calcul auto
A5: N° plan | B5: Équipement | C5: Désignation | D5: Tâche | E5: Déclenchement | F5: Tous les (jours) | G5: Tous les (compteur) | H5: Durée estimée (h) | I5: Technicien | J5: Dernière réalisation (saisie) | K5: Compteur à cette date (saisie) | L5: Actif | M5: Dernière réalisation | N5: Compteur dernière réalisation | O5: Prochaine échéance | P5: Prochain compteur | Q5: Compteur actuel | R5: Jours restants | S5: Compteur restant | T5: Échéance estimée | U5: Statut | V5: Contrôle | W5: Usage | X5: Date compteur | Y5: Période | Z5: Clé | AA5: Rang | AB5: Crit.
C6: =IF(B6="","",IFERROR(INDEX(eq_des,MATCH(B6,eq_code,0))&"","Équipement inconnu")) | M6: =IF(AND(A6="",B6="",D6=""),"",MAX(N(J6),IF(A6="",0,SUMPRODUCT(MAX((in_plan=A6)*in_prev*in_dnum))))) | N6: =IF(AND(A6="",B6="",D6=""),"",MAX(N(K6),IF(A6="",0,SUMPRODUCT(MAX((in_plan=A6)*in_prev*in_cnum))))) | O6: =IF(AND(OR(E6="Calendrier",E6="Au premier des deux"),N(F6)>0,IF(N(M6)>0,M6,IFERROR(N(INDEX(eq_start,MATCH(B6,eq_code,0))),0))>0),IF(N(M6)>0,M6,IFERROR(N(INDEX(eq_start,MATCH(B6,eq_code,0))),0))+F6,"") | P6: =IF(AND(OR(E6="Compteur",E6="Au premier des deux"),N(G6)>0),N(N6)+G6,"") | Q6: =IF(B6="","",IFERROR(N(INDEX(eq_cnt,MATCH(B6,eq_code,0))),"")) | R6: =IF(ISNUMBER(O6),O6-p_today,"") | S6: =IF(AND(ISNUMBER(P6),N(Q6)>0),P6-Q6,"") | T6: =IF(AND(ISNUMBER(O6),ISNUMBER(X6)),MIN(O6,X6),IF(ISNUMBER(O6),O6,X6)) | U6: =IF(AND(A6="",B6="",D6=""),"",IF(L6="Non","Inactif",IF(AND(NOT(ISNUMBER(R6)),NOT(ISNUMBER(S6))),"À compléter",IF(OR(AND(ISNUMBER(R6),N(R6)<0),AND(ISNUMBER(S6),N(S6)<0)),"En retard",IF(OR(AND(ISNUMBER(R6),N(R6)<=p_soon),AND(ISNUMBER(S6),N(S6)<=p_soon_pct*N(G6))),"Bientôt","À jour"))))) | V6: =IF(AND(A6="",B6="",D6=""),"",IF(A6="","N° de plan manquant",IF(COUNTIF($A$6:$A$505,A6)>1,"N° de plan en double",IF(B6="","Équipement manquant",IF(ISNA(MATCH(B6,eq_code,0)),"Équipement inconnu",IF(D6="","Tâche manquante",IF(E6="","Déclenchement manquant",IF(AND(E6<>"Calendrier",E6<>"Compteur",E6<>"Au premier des deux"),"Déclenchement inconnu",IF(AND(E6<>"Compteur",OR(NOT(ISNUMBER(F6)),N(F6)<=0)),"Périodicité en jours manquante",IF(AND(E6<>"Calendrier",OR(NOT(ISNUMBER(G6)),N(G6)<=0)),"Périodicité compteur manquante",IF(AND(J6<>"",OR(NOT(ISNUMBER(J6)),N(J6)<=0)),"Date de réalisation invalide",IF(AND(K6<>"",OR(NOT(ISNUMBER(K6)),N(K6)<0)),"Compteur de réalisation invalide",IF(AND(E6<>"Compteur",N(M6)=0,IFERROR(N(INDEX(eq_start,MATCH(B6,eq_code,0))),0)=0),"Date de départ manquante",IF(AND(E6<>"Calendrier",K6="",N(N6)=0),"Compteur de départ manquant",IF(AND(E6<>"Calendrier",N(Q6)=0),"Relevé compteur manquant (Équipements)",IF(AND(I6<>"",ISNA(MATCH(I6,tech_name,0))),"Technicien inconnu",IF(AND(L6<>"",L6<>"Oui",L6<>"Non"),"Actif : Oui ou Non","OK"))))))))))))))))) | W6: =IFERROR(N(INDEX(eq_use,MATCH(B6,eq_code,0))),0) -> 0 | X6: =IF(AND(ISNUMBER(S6),W6>0),p_today+MAX(0,ROUNDUP(S6*7/W6,0)),"") | Y6: =IF(AND(ISNUMBER(T6),OR(U6="En retard",U6="Bientôt",U6="À jour")),IF(AND(ISNUMBER(O6),ISNUMBER(X6)),MIN(F6,G6*7/W6),IF(ISNUMBER(O6),F6,G6*7/W6)),"") | Z6: =IF(OR(U6="En retard",U6="Bientôt"),IF(U6="En retard",0,1)*1000000000+IF(AB6="A",0,IF(AB6="B",1,IF(AB6="C",2,3)))*100000000+IF(ISNUMBER(T6),T6,p_today)*1000+ROW()-5,"") | AA6: =IF(Z6="","",COUNTIF($Z$6:$Z$505,"<"&Z6)+1) | AB6: =IFERROR(INDEX(eq_crit,MATCH(B6,eq_code,0))&"","")
C7: =IF(B7="","",IFERROR(INDEX(eq_des,MATCH(B7,eq_code,0))&"","Équipement inconnu")) | M7: =IF(AND(A7="",B7="",D7=""),"",MAX(N(J7),IF(A7="",0,SUMPRODUCT(MAX((in_plan=A7)*in_prev*in_dnum))))) | N7: =IF(AND(A7="",B7="",D7=""),"",MAX(N(K7),IF(A7="",0,SUMPRODUCT(MAX((in_plan=A7)*in_prev*in_cnum))))) | O7: =IF(AND(OR(E7="Calendrier",E7="Au premier des deux"),N(F7)>0,IF(N(M7)>0,M7,IFERROR(N(INDEX(eq_start,MATCH(B7,eq_code,0))),0))>0),IF(N(M7)>0,M7,IFERROR(N(INDEX(eq_start,MATCH(B7,eq_code,0))),0))+F7,"") | P7: =IF(AND(OR(E7="Compteur",E7="Au premier des deux"),N(G7)>0),N(N7)+G7,"") | Q7: =IF(B7="","",IFERROR(N(INDEX(eq_cnt,MATCH(B7,eq_code,0))),"")) | R7: =IF(ISNUMBER(O7),O7-p_today,"") | S7: =IF(AND(ISNUMBER(P7),N(Q7)>0),P7-Q7,"") | T7: =IF(AND(ISNUMBER(O7),ISNUMBER(X7)),MIN(O7,X7),IF(ISNUMBER(O7),O7,X7)) | U7: =IF(AND(A7="",B7="",D7=""),"",IF(L7="Non","Inactif",IF(AND(NOT(ISNUMBER(R7)),NOT(ISNUMBER(S7))),"À compléter",IF(OR(AND(ISNUMBER(R7),N(R7)<0),AND(ISNUMBER(S7),N(S7)<0)),"En retard",IF(OR(AND(ISNUMBER(R7),N(R7)<=p_soon),AND(ISNUMBER(S7),N(S7)<=p_soon_pct*N(G7))),"Bientôt","À jour"))))) | V7: =IF(AND(A7="",B7="",D7=""),"",IF(A7="","N° de plan manquant",IF(COUNTIF($A$6:$A$505,A7)>1,"N° de plan en double",IF(B7="","Équipement manquant",IF(ISNA(MATCH(B7,eq_code,0)),"Équipement inconnu",IF(D7="","Tâche manquante",IF(E7="","Déclenchement manquant",IF(AND(E7<>"Calendrier",E7<>"Compteur",E7<>"Au premier des deux"),"Déclenchement inconnu",IF(AND(E7<>"Compteur",OR(NOT(ISNUMBER(F7)),N(F7)<=0)),"Périodicité en jours manquante",IF(AND(E7<>"Calendrier",OR(NOT(ISNUMBER(G7)),N(G7)<=0)),"Périodicité compteur manquante",IF(AND(J7<>"",OR(NOT(ISNUMBER(J7)),N(J7)<=0)),"Date de réalisation invalide",IF(AND(K7<>"",OR(NOT(ISNUMBER(K7)),N(K7)<0)),"Compteur de réalisation invalide",IF(AND(E7<>"Compteur",N(M7)=0,IFERROR(N(INDEX(eq_start,MATCH(B7,eq_code,0))),0)=0),"Date de départ manquante",IF(AND(E7<>"Calendrier",K7="",N(N7)=0),"Compteur de départ manquant",IF(AND(E7<>"Calendrier",N(Q7)=0),"Relevé compteur manquant (Équipements)",IF(AND(I7<>"",ISNA(MATCH(I7,tech_name,0))),"Technicien inconnu",IF(AND(L7<>"",L7<>"Oui",L7<>"Non"),"Actif : Oui ou Non","OK"))))))))))))))))) | W7: =IFERROR(N(INDEX(eq_use,MATCH(B7,eq_code,0))),0) -> 0 | X7: =IF(AND(ISNUMBER(S7),W7>0),p_today+MAX(0,ROUNDUP(S7*7/W7,0)),"") | Y7: =IF(AND(ISNUMBER(T7),OR(U7="En retard",U7="Bientôt",U7="À jour")),IF(AND(ISNUMBER(O7),ISNUMBER(X7)),MIN(F7,G7*7/W7),IF(ISNUMBER(O7),F7,G7*7/W7)),"") | Z7: =IF(OR(U7="En retard",U7="Bientôt"),IF(U7="En retard",0,1)*1000000000+IF(AB7="A",0,IF(AB7="B",1,IF(AB7="C",2,3)))*100000000+IF(ISNUMBER(T7),T7,p_today)*1000+ROW()-5,"") | AA7: =IF(Z7="","",COUNTIF($Z$6:$Z$505,"<"&Z7)+1) | AB7: =IFERROR(INDEX(eq_crit,MATCH(B7,eq_code,0))&"","")
C8: =IF(B8="","",IFERROR(INDEX(eq_des,MATCH(B8,eq_code,0))&"","Équipement inconnu")) | M8: =IF(AND(A8="",B8="",D8=""),"",MAX(N(J8),IF(A8="",0,SUMPRODUCT(MAX((in_plan=A8)*in_prev*in_dnum))))) | N8: =IF(AND(A8="",B8="",D8=""),"",MAX(N(K8),IF(A8="",0,SUMPRODUCT(MAX((in_plan=A8)*in_prev*in_cnum))))) | O8: =IF(AND(OR(E8="Calendrier",E8="Au premier des deux"),N(F8)>0,IF(N(M8)>0,M8,IFERROR(N(INDEX(eq_start,MATCH(B8,eq_code,0))),0))>0),IF(N(M8)>0,M8,IFERROR(N(INDEX(eq_start,MATCH(B8,eq_code,0))),0))+F8,"") | P8: =IF(AND(OR(E8="Compteur",E8="Au premier des deux"),N(G8)>0),N(N8)+G8,"") | Q8: =IF(B8="","",IFERROR(N(INDEX(eq_cnt,MATCH(B8,eq_code,0))),"")) | R8: =IF(ISNUMBER(O8),O8-p_today,"") | S8: =IF(AND(ISNUMBER(P8),N(Q8)>0),P8-Q8,"") | T8: =IF(AND(ISNUMBER(O8),ISNUMBER(X8)),MIN(O8,X8),IF(ISNUMBER(O8),O8,X8)) | U8: =IF(AND(A8="",B8="",D8=""),"",IF(L8="Non","Inactif",IF(AND(NOT(ISNUMBER(R8)),NOT(ISNUMBER(S8))),"À compléter",IF(OR(AND(ISNUMBER(R8),N(R8)<0),AND(ISNUMBER(S8),N(S8)<0)),"En retard",IF(OR(AND(ISNUMBER(R8),N(R8)<=p_soon),AND(ISNUMBER(S8),N(S8)<=p_soon_pct*N(G8))),"Bientôt","À jour"))))) | V8: =IF(AND(A8="",B8="",D8=""),"",IF(A8="","N° de plan manquant",IF(COUNTIF($A$6:$A$505,A8)>1,"N° de plan en double",IF(B8="","Équipement manquant",IF(ISNA(MATCH(B8,eq_code,0)),"Équipement inconnu",IF(D8="","Tâche manquante",IF(E8="","Déclenchement manquant",IF(AND(E8<>"Calendrier",E8<>"Compteur",E8<>"Au premier des deux"),"Déclenchement inconnu",IF(AND(E8<>"Compteur",OR(NOT(ISNUMBER(F8)),N(F8)<=0)),"Périodicité en jours manquante",IF(AND(E8<>"Calendrier",OR(NOT(ISNUMBER(G8)),N(G8)<=0)),"Périodicité compteur manquante",IF(AND(J8<>"",OR(NOT(ISNUMBER(J8)),N(J8)<=0)),"Date de réalisation invalide",IF(AND(K8<>"",OR(NOT(ISNUMBER(K8)),N(K8)<0)),"Compteur de réalisation invalide",IF(AND(E8<>"Compteur",N(M8)=0,IFERROR(N(INDEX(eq_start,MATCH(B8,eq_code,0))),0)=0),"Date de départ manquante",IF(AND(E8<>"Calendrier",K8="",N(N8)=0),"Compteur de départ manquant",IF(AND(E8<>"Calendrier",N(Q8)=0),"Relevé compteur manquant (Équipements)",IF(AND(I8<>"",ISNA(MATCH(I8,tech_name,0))),"Technicien inconnu",IF(AND(L8<>"",L8<>"Oui",L8<>"Non"),"Actif : Oui ou Non","OK"))))))))))))))))) | W8: =IFERROR(N(INDEX(eq_use,MATCH(B8,eq_code,0))),0) -> 0 | X8: =IF(AND(ISNUMBER(S8),W8>0),p_today+MAX(0,ROUNDUP(S8*7/W8,0)),"") | Y8: =IF(AND(ISNUMBER(T8),OR(U8="En retard",U8="Bientôt",U8="À jour")),IF(AND(ISNUMBER(O8),ISNUMBER(X8)),MIN(F8,G8*7/W8),IF(ISNUMBER(O8),F8,G8*7/W8)),"") | Z8: =IF(OR(U8="En retard",U8="Bientôt"),IF(U8="En retard",0,1)*1000000000+IF(AB8="A",0,IF(AB8="B",1,IF(AB8="C",2,3)))*100000000+IF(ISNUMBER(T8),T8,p_today)*1000+ROW()-5,"") | AA8: =IF(Z8="","",COUNTIF($Z$6:$Z$505,"<"&Z8)+1) | AB8: =IFERROR(INDEX(eq_crit,MATCH(B8,eq_code,0))&"","")
C9: =IF(B9="","",IFERROR(INDEX(eq_des,MATCH(B9,eq_code,0))&"","Équipement inconnu")) | M9: =IF(AND(A9="",B9="",D9=""),"",MAX(N(J9),IF(A9="",0,SUMPRODUCT(MAX((in_plan=A9)*in_prev*in_dnum))))) | N9: =IF(AND(A9="",B9="",D9=""),"",MAX(N(K9),IF(A9="",0,SUMPRODUCT(MAX((in_plan=A9)*in_prev*in_cnum))))) | O9: =IF(AND(OR(E9="Calendrier",E9="Au premier des deux"),N(F9)>0,IF(N(M9)>0,M9,IFERROR(N(INDEX(eq_start,MATCH(B9,eq_code,0))),0))>0),IF(N(M9)>0,M9,IFERROR(N(INDEX(eq_start,MATCH(B9,eq_code,0))),0))+F9,"") | P9: =IF(AND(OR(E9="Compteur",E9="Au premier des deux"),N(G9)>0),N(N9)+G9,"") | Q9: =IF(B9="","",IFERROR(N(INDEX(eq_cnt,MATCH(B9,eq_code,0))),"")) | R9: =IF(ISNUMBER(O9),O9-p_today,"") | S9: =IF(AND(ISNUMBER(P9),N(Q9)>0),P9-Q9,"") | T9: =IF(AND(ISNUMBER(O9),ISNUMBER(X9)),MIN(O9,X9),IF(ISNUMBER(O9),O9,X9)) | U9: =IF(AND(A9="",B9="",D9=""),"",IF(L9="Non","Inactif",IF(AND(NOT(ISNUMBER(R9)),NOT(ISNUMBER(S9))),"À compléter",IF(OR(AND(ISNUMBER(R9),N(R9)<0),AND(ISNUMBER(S9),N(S9)<0)),"En retard",IF(OR(AND(ISNUMBER(R9),N(R9)<=p_soon),AND(ISNUMBER(S9),N(S9)<=p_soon_pct*N(G9))),"Bientôt","À jour"))))) | V9: =IF(AND(A9="",B9="",D9=""),"",IF(A9="","N° de plan manquant",IF(COUNTIF($A$6:$A$505,A9)>1,"N° de plan en double",IF(B9="","Équipement manquant",IF(ISNA(MATCH(B9,eq_code,0)),"Équipement inconnu",IF(D9="","Tâche manquante",IF(E9="","Déclenchement manquant",IF(AND(E9<>"Calendrier",E9<>"Compteur",E9<>"Au premier des deux"),"Déclenchement inconnu",IF(AND(E9<>"Compteur",OR(NOT(ISNUMBER(F9)),N(F9)<=0)),"Périodicité en jours manquante",IF(AND(E9<>"Calendrier",OR(NOT(ISNUMBER(G9)),N(G9)<=0)),"Périodicité compteur manquante",IF(AND(J9<>"",OR(NOT(ISNUMBER(J9)),N(J9)<=0)),"Date de réalisation invalide",IF(AND(K9<>"",OR(NOT(ISNUMBER(K9)),N(K9)<0)),"Compteur de réalisation invalide",IF(AND(E9<>"Compteur",N(M9)=0,IFERROR(N(INDEX(eq_start,MATCH(B9,eq_code,0))),0)=0),"Date de départ manquante",IF(AND(E9<>"Calendrier",K9="",N(N9)=0),"Compteur de départ manquant",IF(AND(E9<>"Calendrier",N(Q9)=0),"Relevé compteur manquant (Équipements)",IF(AND(I9<>"",ISNA(MATCH(I9,tech_name,0))),"Technicien inconnu",IF(AND(L9<>"",L9<>"Oui",L9<>"Non"),"Actif : Oui ou Non","OK"))))))))))))))))) | W9: =IFERROR(N(INDEX(eq_use,MATCH(B9,eq_code,0))),0) -> 0 | X9: =IF(AND(ISNUMBER(S9),W9>0),p_today+MAX(0,ROUNDUP(S9*7/W9,0)),"") | Y9: =IF(AND(ISNUMBER(T9),OR(U9="En retard",U9="Bientôt",U9="À jour")),IF(AND(ISNUMBER(O9),ISNUMBER(X9)),MIN(F9,G9*7/W9),IF(ISNUMBER(O9),F9,G9*7/W9)),"") | Z9: =IF(OR(U9="En retard",U9="Bientôt"),IF(U9="En retard",0,1)*1000000000+IF(AB9="A",0,IF(AB9="B",1,IF(AB9="C",2,3)))*100000000+IF(ISNUMBER(T9),T9,p_today)*1000+ROW()-5,"") | AA9: =IF(Z9="","",COUNTIF($Z$6:$Z$505,"<"&Z9)+1) | AB9: =IFERROR(INDEX(eq_crit,MATCH(B9,eq_code,0))&"","")
C10: =IF(B10="","",IFERROR(INDEX(eq_des,MATCH(B10,eq_code,0))&"","Équipement inconnu")) | M10: =IF(AND(A10="",B10="",D10=""),"",MAX(N(J10),IF(A10="",0,SUMPRODUCT(MAX((in_plan=A10)*in_prev*in_dnum))))) | N10: =IF(AND(A10="",B10="",D10=""),"",MAX(N(K10),IF(A10="",0,SUMPRODUCT(MAX((in_plan=A10)*in_prev*in_cnum))))) | O10: =IF(AND(OR(E10="Calendrier",E10="Au premier des deux"),N(F10)>0,IF(N(M10)>0,M10,IFERROR(N(INDEX(eq_start,MATCH(B10,eq_code,0))),0))>0),IF(N(M10)>0,M10,IFERROR(N(INDEX(eq_start,MATCH(B10,eq_code,0))),0))+F10,"") | P10: =IF(AND(OR(E10="Compteur",E10="Au premier des deux"),N(G10)>0),N(N10)+G10,"") | Q10: =IF(B10="","",IFERROR(N(INDEX(eq_cnt,MATCH(B10,eq_code,0))),"")) | R10: =IF(ISNUMBER(O10),O10-p_today,"") | S10: =IF(AND(ISNUMBER(P10),N(Q10)>0),P10-Q10,"") | T10: =IF(AND(ISNUMBER(O10),ISNUMBER(X10)),MIN(O10,X10),IF(ISNUMBER(O10),O10,X10)) | U10: =IF(AND(A10="",B10="",D10=""),"",IF(L10="Non","Inactif",IF(AND(NOT(ISNUMBER(R10)),NOT(ISNUMBER(S10))),"À compléter",IF(OR(AND(ISNUMBER(R10),N(R10)<0),AND(ISNUMBER(S10),N(S10)<0)),"En retard",IF(OR(AND(ISNUMBER(R10),N(R10)<=p_soon),AND(ISNUMBER(S10),N(S10)<=p_soon_pct*N(G10))),"Bientôt","À jour"))))) | V10: =IF(AND(A10="",B10="",D10=""),"",IF(A10="","N° de plan manquant",IF(COUNTIF($A$6:$A$505,A10)>1,"N° de plan en double",IF(B10="","Équipement manquant",IF(ISNA(MATCH(B10,eq_code,0)),"Équipement inconnu",IF(D10="","Tâche manquante",IF(E10="","Déclenchement manquant",IF(AND(E10<>"Calendrier",E10<>"Compteur",E10<>"Au premier des deux"),"Déclenchement inconnu",IF(AND(E10<>"Compteur",OR(NOT(ISNUMBER(F10)),N(F10)<=0)),"Périodicité en jours manquante",IF(AND(E10<>"Calendrier",OR(NOT(ISNUMBER(G10)),N(G10)<=0)),"Périodicité compteur manquante",IF(AND(J10<>"",OR(NOT(ISNUMBER(J10)),N(J10)<=0)),"Date de réalisation invalide",IF(AND(K10<>"",OR(NOT(ISNUMBER(K10)),N(K10)<0)),"Compteur de réalisation invalide",IF(AND(E10<>"Compteur",N(M10)=0,IFERROR(N(INDEX(eq_start,MATCH(B10,eq_code,0))),0)=0),"Date de départ manquante",IF(AND(E10<>"Calendrier",K10="",N(N10)=0),"Compteur de départ manquant",IF(AND(E10<>"Calendrier",N(Q10)=0),"Relevé compteur manquant (Équipements)",IF(AND(I10<>"",ISNA(MATCH(I10,tech_name,0))),"Technicien inconnu",IF(AND(L10<>"",L10<>"Oui",L10<>"Non"),"Actif : Oui ou Non","OK"))))))))))))))))) | W10: =IFERROR(N(INDEX(eq_use,MATCH(B10,eq_code,0))),0) -> 0 | X10: =IF(AND(ISNUMBER(S10),W10>0),p_today+MAX(0,ROUNDUP(S10*7/W10,0)),"") | Y10: =IF(AND(ISNUMBER(T10),OR(U10="En retard",U10="Bientôt",U10="À jour")),IF(AND(ISNUMBER(O10),ISNUMBER(X10)),MIN(F10,G10*7/W10),IF(ISNUMBER(O10),F10,G10*7/W10)),"") | Z10: =IF(OR(U10="En retard",U10="Bientôt"),IF(U10="En retard",0,1)*1000000000+IF(AB10="A",0,IF(AB10="B",1,IF(AB10="C",2,3)))*100000000+IF(ISNUMBER(T10),T10,p_today)*1000+ROW()-5,"") | AA10: =IF(Z10="","",COUNTIF($Z$6:$Z$505,"<"&Z10)+1) | AB10: =IFERROR(INDEX(eq_crit,MATCH(B10,eq_code,0))&"","")
C11: =IF(B11="","",IFERROR(INDEX(eq_des,MATCH(B11,eq_code,0))&"","Équipement inconnu")) | M11: =IF(AND(A11="",B11="",D11=""),"",MAX(N(J11),IF(A11="",0,SUMPRODUCT(MAX((in_plan=A11)*in_prev*in_dnum))))) | N11: =IF(AND(A11="",B11="",D11=""),"",MAX(N(K11),IF(A11="",0,SUMPRODUCT(MAX((in_plan=A11)*in_prev*in_cnum))))) | O11: =IF(AND(OR(E11="Calendrier",E11="Au premier des deux"),N(F11)>0,IF(N(M11)>0,M11,IFERROR(N(INDEX(eq_start,MATCH(B11,eq_code,0))),0))>0),IF(N(M11)>0,M11,IFERROR(N(INDEX(eq_start,MATCH(B11,eq_code,0))),0))+F11,"") | P11: =IF(AND(OR(E11="Compteur",E11="Au premier des deux"),N(G11)>0),N(N11)+G11,"") | Q11: =IF(B11="","",IFERROR(N(INDEX(eq_cnt,MATCH(B11,eq_code,0))),"")) | R11: =IF(ISNUMBER(O11),O11-p_today,"") | S11: =IF(AND(ISNUMBER(P11),N(Q11)>0),P11-Q11,"") | T11: =IF(AND(ISNUMBER(O11),ISNUMBER(X11)),MIN(O11,X11),IF(ISNUMBER(O11),O11,X11)) | U11: =IF(AND(A11="",B11="",D11=""),"",IF(L11="Non","Inactif",IF(AND(NOT(ISNUMBER(R11)),NOT(ISNUMBER(S11))),"À compléter",IF(OR(AND(ISNUMBER(R11),N(R11)<0),AND(ISNUMBER(S11),N(S11)<0)),"En retard",IF(OR(AND(ISNUMBER(R11),N(R11)<=p_soon),AND(ISNUMBER(S11),N(S11)<=p_soon_pct*N(G11))),"Bientôt","À jour"))))) | V11: =IF(AND(A11="",B11="",D11=""),"",IF(A11="","N° de plan manquant",IF(COUNTIF($A$6:$A$505,A11)>1,"N° de plan en double",IF(B11="","Équipement manquant",IF(ISNA(MATCH(B11,eq_code,0)),"Équipement inconnu",IF(D11="","Tâche manquante",IF(E11="","Déclenchement manquant",IF(AND(E11<>"Calendrier",E11<>"Compteur",E11<>"Au premier des deux"),"Déclenchement inconnu",IF(AND(E11<>"Compteur",OR(NOT(ISNUMBER(F11)),N(F11)<=0)),"Périodicité en jours manquante",IF(AND(E11<>"Calendrier",OR(NOT(ISNUMBER(G11)),N(G11)<=0)),"Périodicité compteur manquante",IF(AND(J11<>"",OR(NOT(ISNUMBER(J11)),N(J11)<=0)),"Date de réalisation invalide",IF(AND(K11<>"",OR(NOT(ISNUMBER(K11)),N(K11)<0)),"Compteur de réalisation invalide",IF(AND(E11<>"Compteur",N(M11)=0,IFERROR(N(INDEX(eq_start,MATCH(B11,eq_code,0))),0)=0),"Date de départ manquante",IF(AND(E11<>"Calendrier",K11="",N(N11)=0),"Compteur de départ manquant",IF(AND(E11<>"Calendrier",N(Q11)=0),"Relevé compteur manquant (Équipements)",IF(AND(I11<>"",ISNA(MATCH(I11,tech_name,0))),"Technicien inconnu",IF(AND(L11<>"",L11<>"Oui",L11<>"Non"),"Actif : Oui ou Non","OK"))))))))))))))))) | W11: =IFERROR(N(INDEX(eq_use,MATCH(B11,eq_code,0))),0) -> 0 | X11: =IF(AND(ISNUMBER(S11),W11>0),p_today+MAX(0,ROUNDUP(S11*7/W11,0)),"") | Y11: =IF(AND(ISNUMBER(T11),OR(U11="En retard",U11="Bientôt",U11="À jour")),IF(AND(ISNUMBER(O11),ISNUMBER(X11)),MIN(F11,G11*7/W11),IF(ISNUMBER(O11),F11,G11*7/W11)),"") | Z11: =IF(OR(U11="En retard",U11="Bientôt"),IF(U11="En retard",0,1)*1000000000+IF(AB11="A",0,IF(AB11="B",1,IF(AB11="C",2,3)))*100000000+IF(ISNUMBER(T11),T11,p_today)*1000+ROW()-5,"") | AA11: =IF(Z11="","",COUNTIF($Z$6:$Z$505,"<"&Z11)+1) | AB11: =IFERROR(INDEX(eq_crit,MATCH(B11,eq_code,0))&"","")
C12: =IF(B12="","",IFERROR(INDEX(eq_des,MATCH(B12,eq_code,0))&"","Équipement inconnu")) | M12: =IF(AND(A12="",B12="",D12=""),"",MAX(N(J12),IF(A12="",0,SUMPRODUCT(MAX((in_plan=A12)*in_prev*in_dnum))))) | N12: =IF(AND(A12="",B12="",D12=""),"",MAX(N(K12),IF(A12="",0,SUMPRODUCT(MAX((in_plan=A12)*in_prev*in_cnum))))) | O12: =IF(AND(OR(E12="Calendrier",E12="Au premier des deux"),N(F12)>0,IF(N(M12)>0,M12,IFERROR(N(INDEX(eq_start,MATCH(B12,eq_code,0))),0))>0),IF(N(M12)>0,M12,IFERROR(N(INDEX(eq_start,MATCH(B12,eq_code,0))),0))+F12,"") | P12: =IF(AND(OR(E12="Compteur",E12="Au premier des deux"),N(G12)>0),N(N12)+G12,"") | Q12: =IF(B12="","",IFERROR(N(INDEX(eq_cnt,MATCH(B12,eq_code,0))),"")) | R12: =IF(ISNUMBER(O12),O12-p_today,"") | S12: =IF(AND(ISNUMBER(P12),N(Q12)>0),P12-Q12,"") | T12: =IF(AND(ISNUMBER(O12),ISNUMBER(X12)),MIN(O12,X12),IF(ISNUMBER(O12),O12,X12)) | U12: =IF(AND(A12="",B12="",D12=""),"",IF(L12="Non","Inactif",IF(AND(NOT(ISNUMBER(R12)),NOT(ISNUMBER(S12))),"À compléter",IF(OR(AND(ISNUMBER(R12),N(R12)<0),AND(ISNUMBER(S12),N(S12)<0)),"En retard",IF(OR(AND(ISNUMBER(R12),N(R12)<=p_soon),AND(ISNUMBER(S12),N(S12)<=p_soon_pct*N(G12))),"Bientôt","À jour"))))) | V12: =IF(AND(A12="",B12="",D12=""),"",IF(A12="","N° de plan manquant",IF(COUNTIF($A$6:$A$505,A12)>1,"N° de plan en double",IF(B12="","Équipement manquant",IF(ISNA(MATCH(B12,eq_code,0)),"Équipement inconnu",IF(D12="","Tâche manquante",IF(E12="","Déclenchement manquant",IF(AND(E12<>"Calendrier",E12<>"Compteur",E12<>"Au premier des deux"),"Déclenchement inconnu",IF(AND(E12<>"Compteur",OR(NOT(ISNUMBER(F12)),N(F12)<=0)),"Périodicité en jours manquante",IF(AND(E12<>"Calendrier",OR(NOT(ISNUMBER(G12)),N(G12)<=0)),"Périodicité compteur manquante",IF(AND(J12<>"",OR(NOT(ISNUMBER(J12)),N(J12)<=0)),"Date de réalisation invalide",IF(AND(K12<>"",OR(NOT(ISNUMBER(K12)),N(K12)<0)),"Compteur de réalisation invalide",IF(AND(E12<>"Compteur",N(M12)=0,IFERROR(N(INDEX(eq_start,MATCH(B12,eq_code,0))),0)=0),"Date de départ manquante",IF(AND(E12<>"Calendrier",K12="",N(N12)=0),"Compteur de départ manquant",IF(AND(E12<>"Calendrier",N(Q12)=0),"Relevé compteur manquant (Équipements)",IF(AND(I12<>"",ISNA(MATCH(I12,tech_name,0))),"Technicien inconnu",IF(AND(L12<>"",L12<>"Oui",L12<>"Non"),"Actif : Oui ou Non","OK"))))))))))))))))) | W12: =IFERROR(N(INDEX(eq_use,MATCH(B12,eq_code,0))),0) -> 0 | X12: =IF(AND(ISNUMBER(S12),W12>0),p_today+MAX(0,ROUNDUP(S12*7/W12,0)),"") | Y12: =IF(AND(ISNUMBER(T12),OR(U12="En retard",U12="Bientôt",U12="À jour")),IF(AND(ISNUMBER(O12),ISNUMBER(X12)),MIN(F12,G12*7/W12),IF(ISNUMBER(O12),F12,G12*7/W12)),"") | Z12: =IF(OR(U12="En retard",U12="Bientôt"),IF(U12="En retard",0,1)*1000000000+IF(AB12="A",0,IF(AB12="B",1,IF(AB12="C",2,3)))*100000000+IF(ISNUMBER(T12),T12,p_today)*1000+ROW()-5,"") | AA12: =IF(Z12="","",COUNTIF($Z$6:$Z$505,"<"&Z12)+1) | AB12: =IFERROR(INDEX(eq_crit,MATCH(B12,eq_code,0))&"","")
C13: =IF(B13="","",IFERROR(INDEX(eq_des,MATCH(B13,eq_code,0))&"","Équipement inconnu")) | M13: =IF(AND(A13="",B13="",D13=""),"",MAX(N(J13),IF(A13="",0,SUMPRODUCT(MAX((in_plan=A13)*in_prev*in_dnum))))) | N13: =IF(AND(A13="",B13="",D13=""),"",MAX(N(K13),IF(A13="",0,SUMPRODUCT(MAX((in_plan=A13)*in_prev*in_cnum))))) | O13: =IF(AND(OR(E13="Calendrier",E13="Au premier des deux"),N(F13)>0,IF(N(M13)>0,M13,IFERROR(N(INDEX(eq_start,MATCH(B13,eq_code,0))),0))>0),IF(N(M13)>0,M13,IFERROR(N(INDEX(eq_start,MATCH(B13,eq_code,0))),0))+F13,"") | P13: =IF(AND(OR(E13="Compteur",E13="Au premier des deux"),N(G13)>0),N(N13)+G13,"") | Q13: =IF(B13="","",IFERROR(N(INDEX(eq_cnt,MATCH(B13,eq_code,0))),"")) | R13: =IF(ISNUMBER(O13),O13-p_today,"") | S13: =IF(AND(ISNUMBER(P13),N(Q13)>0),P13-Q13,"") | T13: =IF(AND(ISNUMBER(O13),ISNUMBER(X13)),MIN(O13,X13),IF(ISNUMBER(O13),O13,X13)) | U13: =IF(AND(A13="",B13="",D13=""),"",IF(L13="Non","Inactif",IF(AND(NOT(ISNUMBER(R13)),NOT(ISNUMBER(S13))),"À compléter",IF(OR(AND(ISNUMBER(R13),N(R13)<0),AND(ISNUMBER(S13),N(S13)<0)),"En retard",IF(OR(AND(ISNUMBER(R13),N(R13)<=p_soon),AND(ISNUMBER(S13),N(S13)<=p_soon_pct*N(G13))),"Bientôt","À jour"))))) | V13: =IF(AND(A13="",B13="",D13=""),"",IF(A13="","N° de plan manquant",IF(COUNTIF($A$6:$A$505,A13)>1,"N° de plan en double",IF(B13="","Équipement manquant",IF(ISNA(MATCH(B13,eq_code,0)),"Équipement inconnu",IF(D13="","Tâche manquante",IF(E13="","Déclenchement manquant",IF(AND(E13<>"Calendrier",E13<>"Compteur",E13<>"Au premier des deux"),"Déclenchement inconnu",IF(AND(E13<>"Compteur",OR(NOT(ISNUMBER(F13)),N(F13)<=0)),"Périodicité en jours manquante",IF(AND(E13<>"Calendrier",OR(NOT(ISNUMBER(G13)),N(G13)<=0)),"Périodicité compteur manquante",IF(AND(J13<>"",OR(NOT(ISNUMBER(J13)),N(J13)<=0)),"Date de réalisation invalide",IF(AND(K13<>"",OR(NOT(ISNUMBER(K13)),N(K13)<0)),"Compteur de réalisation invalide",IF(AND(E13<>"Compteur",N(M13)=0,IFERROR(N(INDEX(eq_start,MATCH(B13,eq_code,0))),0)=0),"Date de départ manquante",IF(AND(E13<>"Calendrier",K13="",N(N13)=0),"Compteur de départ manquant",IF(AND(E13<>"Calendrier",N(Q13)=0),"Relevé compteur manquant (Équipements)",IF(AND(I13<>"",ISNA(MATCH(I13,tech_name,0))),"Technicien inconnu",IF(AND(L13<>"",L13<>"Oui",L13<>"Non"),"Actif : Oui ou Non","OK"))))))))))))))))) | W13: =IFERROR(N(INDEX(eq_use,MATCH(B13,eq_code,0))),0) -> 0 | X13: =IF(AND(ISNUMBER(S13),W13>0),p_today+MAX(0,ROUNDUP(S13*7/W13,0)),"") | Y13: =IF(AND(ISNUMBER(T13),OR(U13="En retard",U13="Bientôt",U13="À jour")),IF(AND(ISNUMBER(O13),ISNUMBER(X13)),MIN(F13,G13*7/W13),IF(ISNUMBER(O13),F13,G13*7/W13)),"") | Z13: =IF(OR(U13="En retard",U13="Bientôt"),IF(U13="En retard",0,1)*1000000000+IF(AB13="A",0,IF(AB13="B",1,IF(AB13="C",2,3)))*100000000+IF(ISNUMBER(T13),T13,p_today)*1000+ROW()-5,"") | AA13: =IF(Z13="","",COUNTIF($Z$6:$Z$505,"<"&Z13)+1) | AB13: =IFERROR(INDEX(eq_crit,MATCH(B13,eq_code,0))&"","")
C14: =IF(B14="","",IFERROR(INDEX(eq_des,MATCH(B14,eq_code,0))&"","Équipement inconnu")) | M14: =IF(AND(A14="",B14="",D14=""),"",MAX(N(J14),IF(A14="",0,SUMPRODUCT(MAX((in_plan=A14)*in_prev*in_dnum))))) | N14: =IF(AND(A14="",B14="",D14=""),"",MAX(N(K14),IF(A14="",0,SUMPRODUCT(MAX((in_plan=A14)*in_prev*in_cnum))))) | O14: =IF(AND(OR(E14="Calendrier",E14="Au premier des deux"),N(F14)>0,IF(N(M14)>0,M14,IFERROR(N(INDEX(eq_start,MATCH(B14,eq_code,0))),0))>0),IF(N(M14)>0,M14,IFERROR(N(INDEX(eq_start,MATCH(B14,eq_code,0))),0))+F14,"") | P14: =IF(AND(OR(E14="Compteur",E14="Au premier des deux"),N(G14)>0),N(N14)+G14,"") | Q14: =IF(B14="","",IFERROR(N(INDEX(eq_cnt,MATCH(B14,eq_code,0))),"")) | R14: =IF(ISNUMBER(O14),O14-p_today,"") | S14: =IF(AND(ISNUMBER(P14),N(Q14)>0),P14-Q14,"") | T14: =IF(AND(ISNUMBER(O14),ISNUMBER(X14)),MIN(O14,X14),IF(ISNUMBER(O14),O14,X14)) | U14: =IF(AND(A14="",B14="",D14=""),"",IF(L14="Non","Inactif",IF(AND(NOT(ISNUMBER(R14)),NOT(ISNUMBER(S14))),"À compléter",IF(OR(AND(ISNUMBER(R14),N(R14)<0),AND(ISNUMBER(S14),N(S14)<0)),"En retard",IF(OR(AND(ISNUMBER(R14),N(R14)<=p_soon),AND(ISNUMBER(S14),N(S14)<=p_soon_pct*N(G14))),"Bientôt","À jour"))))) | V14: =IF(AND(A14="",B14="",D14=""),"",IF(A14="","N° de plan manquant",IF(COUNTIF($A$6:$A$505,A14)>1,"N° de plan en double",IF(B14="","Équipement manquant",IF(ISNA(MATCH(B14,eq_code,0)),"Équipement inconnu",IF(D14="","Tâche manquante",IF(E14="","Déclenchement manquant",IF(AND(E14<>"Calendrier",E14<>"Compteur",E14<>"Au premier des deux"),"Déclenchement inconnu",IF(AND(E14<>"Compteur",OR(NOT(ISNUMBER(F14)),N(F14)<=0)),"Périodicité en jours manquante",IF(AND(E14<>"Calendrier",OR(NOT(ISNUMBER(G14)),N(G14)<=0)),"Périodicité compteur manquante",IF(AND(J14<>"",OR(NOT(ISNUMBER(J14)),N(J14)<=0)),"Date de réalisation invalide",IF(AND(K14<>"",OR(NOT(ISNUMBER(K14)),N(K14)<0)),"Compteur de réalisation invalide",IF(AND(E14<>"Compteur",N(M14)=0,IFERROR(N(INDEX(eq_start,MATCH(B14,eq_code,0))),0)=0),"Date de départ manquante",IF(AND(E14<>"Calendrier",K14="",N(N14)=0),"Compteur de départ manquant",IF(AND(E14<>"Calendrier",N(Q14)=0),"Relevé compteur manquant (Équipements)",IF(AND(I14<>"",ISNA(MATCH(I14,tech_name,0))),"Technicien inconnu",IF(AND(L14<>"",L14<>"Oui",L14<>"Non"),"Actif : Oui ou Non","OK"))))))))))))))))) | W14: =IFERROR(N(INDEX(eq_use,MATCH(B14,eq_code,0))),0) -> 0 | X14: =IF(AND(ISNUMBER(S14),W14>0),p_today+MAX(0,ROUNDUP(S14*7/W14,0)),"") | Y14: =IF(AND(ISNUMBER(T14),OR(U14="En retard",U14="Bientôt",U14="À jour")),IF(AND(ISNUMBER(O14),ISNUMBER(X14)),MIN(F14,G14*7/W14),IF(ISNUMBER(O14),F14,G14*7/W14)),"") | Z14: =IF(OR(U14="En retard",U14="Bientôt"),IF(U14="En retard",0,1)*1000000000+IF(AB14="A",0,IF(AB14="B",1,IF(AB14="C",2,3)))*100000000+IF(ISNUMBER(T14),T14,p_today)*1000+ROW()-5,"") | AA14: =IF(Z14="","",COUNTIF($Z$6:$Z$505,"<"&Z14)+1) | AB14: =IFERROR(INDEX(eq_crit,MATCH(B14,eq_code,0))&"","")
C15: =IF(B15="","",IFERROR(INDEX(eq_des,MATCH(B15,eq_code,0))&"","Équipement inconnu")) | M15: =IF(AND(A15="",B15="",D15=""),"",MAX(N(J15),IF(A15="",0,SUMPRODUCT(MAX((in_plan=A15)*in_prev*in_dnum))))) | N15: =IF(AND(A15="",B15="",D15=""),"",MAX(N(K15),IF(A15="",0,SUMPRODUCT(MAX((in_plan=A15)*in_prev*in_cnum))))) | O15: =IF(AND(OR(E15="Calendrier",E15="Au premier des deux"),N(F15)>0,IF(N(M15)>0,M15,IFERROR(N(INDEX(eq_start,MATCH(B15,eq_code,0))),0))>0),IF(N(M15)>0,M15,IFERROR(N(INDEX(eq_start,MATCH(B15,eq_code,0))),0))+F15,"") | P15: =IF(AND(OR(E15="Compteur",E15="Au premier des deux"),N(G15)>0),N(N15)+G15,"") | Q15: =IF(B15="","",IFERROR(N(INDEX(eq_cnt,MATCH(B15,eq_code,0))),"")) | R15: =IF(ISNUMBER(O15),O15-p_today,"") | S15: =IF(AND(ISNUMBER(P15),N(Q15)>0),P15-Q15,"") | T15: =IF(AND(ISNUMBER(O15),ISNUMBER(X15)),MIN(O15,X15),IF(ISNUMBER(O15),O15,X15)) | U15: =IF(AND(A15="",B15="",D15=""),"",IF(L15="Non","Inactif",IF(AND(NOT(ISNUMBER(R15)),NOT(ISNUMBER(S15))),"À compléter",IF(OR(AND(ISNUMBER(R15),N(R15)<0),AND(ISNUMBER(S15),N(S15)<0)),"En retard",IF(OR(AND(ISNUMBER(R15),N(R15)<=p_soon),AND(ISNUMBER(S15),N(S15)<=p_soon_pct*N(G15))),"Bientôt","À jour"))))) | V15: =IF(AND(A15="",B15="",D15=""),"",IF(A15="","N° de plan manquant",IF(COUNTIF($A$6:$A$505,A15)>1,"N° de plan en double",IF(B15="","Équipement manquant",IF(ISNA(MATCH(B15,eq_code,0)),"Équipement inconnu",IF(D15="","Tâche manquante",IF(E15="","Déclenchement manquant",IF(AND(E15<>"Calendrier",E15<>"Compteur",E15<>"Au premier des deux"),"Déclenchement inconnu",IF(AND(E15<>"Compteur",OR(NOT(ISNUMBER(F15)),N(F15)<=0)),"Périodicité en jours manquante",IF(AND(E15<>"Calendrier",OR(NOT(ISNUMBER(G15)),N(G15)<=0)),"Périodicité compteur manquante",IF(AND(J15<>"",OR(NOT(ISNUMBER(J15)),N(J15)<=0)),"Date de réalisation invalide",IF(AND(K15<>"",OR(NOT(ISNUMBER(K15)),N(K15)<0)),"Compteur de réalisation invalide",IF(AND(E15<>"Compteur",N(M15)=0,IFERROR(N(INDEX(eq_start,MATCH(B15,eq_code,0))),0)=0),"Date de départ manquante",IF(AND(E15<>"Calendrier",K15="",N(N15)=0),"Compteur de départ manquant",IF(AND(E15<>"Calendrier",N(Q15)=0),"Relevé compteur manquant (Équipements)",IF(AND(I15<>"",ISNA(MATCH(I15,tech_name,0))),"Technicien inconnu",IF(AND(L15<>"",L15<>"Oui",L15<>"Non"),"Actif : Oui ou Non","OK"))))))))))))))))) | W15: =IFERROR(N(INDEX(eq_use,MATCH(B15,eq_code,0))),0) -> 0 | X15: =IF(AND(ISNUMBER(S15),W15>0),p_today+MAX(0,ROUNDUP(S15*7/W15,0)),"") | Y15: =IF(AND(ISNUMBER(T15),OR(U15="En retard",U15="Bientôt",U15="À jour")),IF(AND(ISNUMBER(O15),ISNUMBER(X15)),MIN(F15,G15*7/W15),IF(ISNUMBER(O15),F15,G15*7/W15)),"") | Z15: =IF(OR(U15="En retard",U15="Bientôt"),IF(U15="En retard",0,1)*1000000000+IF(AB15="A",0,IF(AB15="B",1,IF(AB15="C",2,3)))*100000000+IF(ISNUMBER(T15),T15,p_today)*1000+ROW()-5,"") | AA15: =IF(Z15="","",COUNTIF($Z$6:$Z$505,"<"&Z15)+1) | AB15: =IFERROR(INDEX(eq_crit,MATCH(B15,eq_code,0))&"","")
C16: =IF(B16="","",IFERROR(INDEX(eq_des,MATCH(B16,eq_code,0))&"","Équipement inconnu")) | M16: =IF(AND(A16="",B16="",D16=""),"",MAX(N(J16),IF(A16="",0,SUMPRODUCT(MAX((in_plan=A16)*in_prev*in_dnum))))) | N16: =IF(AND(A16="",B16="",D16=""),"",MAX(N(K16),IF(A16="",0,SUMPRODUCT(MAX((in_plan=A16)*in_prev*in_cnum))))) | O16: =IF(AND(OR(E16="Calendrier",E16="Au premier des deux"),N(F16)>0,IF(N(M16)>0,M16,IFERROR(N(INDEX(eq_start,MATCH(B16,eq_code,0))),0))>0),IF(N(M16)>0,M16,IFERROR(N(INDEX(eq_start,MATCH(B16,eq_code,0))),0))+F16,"") | P16: =IF(AND(OR(E16="Compteur",E16="Au premier des deux"),N(G16)>0),N(N16)+G16,"") | Q16: =IF(B16="","",IFERROR(N(INDEX(eq_cnt,MATCH(B16,eq_code,0))),"")) | R16: =IF(ISNUMBER(O16),O16-p_today,"") | S16: =IF(AND(ISNUMBER(P16),N(Q16)>0),P16-Q16,"") | T16: =IF(AND(ISNUMBER(O16),ISNUMBER(X16)),MIN(O16,X16),IF(ISNUMBER(O16),O16,X16)) | U16: =IF(AND(A16="",B16="",D16=""),"",IF(L16="Non","Inactif",IF(AND(NOT(ISNUMBER(R16)),NOT(ISNUMBER(S16))),"À compléter",IF(OR(AND(ISNUMBER(R16),N(R16)<0),AND(ISNUMBER(S16),N(S16)<0)),"En retard",IF(OR(AND(ISNUMBER(R16),N(R16)<=p_soon),AND(ISNUMBER(S16),N(S16)<=p_soon_pct*N(G16))),"Bientôt","À jour"))))) | V16: =IF(AND(A16="",B16="",D16=""),"",IF(A16="","N° de plan manquant",IF(COUNTIF($A$6:$A$505,A16)>1,"N° de plan en double",IF(B16="","Équipement manquant",IF(ISNA(MATCH(B16,eq_code,0)),"Équipement inconnu",IF(D16="","Tâche manquante",IF(E16="","Déclenchement manquant",IF(AND(E16<>"Calendrier",E16<>"Compteur",E16<>"Au premier des deux"),"Déclenchement inconnu",IF(AND(E16<>"Compteur",OR(NOT(ISNUMBER(F16)),N(F16)<=0)),"Périodicité en jours manquante",IF(AND(E16<>"Calendrier",OR(NOT(ISNUMBER(G16)),N(G16)<=0)),"Périodicité compteur manquante",IF(AND(J16<>"",OR(NOT(ISNUMBER(J16)),N(J16)<=0)),"Date de réalisation invalide",IF(AND(K16<>"",OR(NOT(ISNUMBER(K16)),N(K16)<0)),"Compteur de réalisation invalide",IF(AND(E16<>"Compteur",N(M16)=0,IFERROR(N(INDEX(eq_start,MATCH(B16,eq_code,0))),0)=0),"Date de départ manquante",IF(AND(E16<>"Calendrier",K16="",N(N16)=0),"Compteur de départ manquant",IF(AND(E16<>"Calendrier",N(Q16)=0),"Relevé compteur manquant (Équipements)",IF(AND(I16<>"",ISNA(MATCH(I16,tech_name,0))),"Technicien inconnu",IF(AND(L16<>"",L16<>"Oui",L16<>"Non"),"Actif : Oui ou Non","OK"))))))))))))))))) | W16: =IFERROR(N(INDEX(eq_use,MATCH(B16,eq_code,0))),0) -> 0 | X16: =IF(AND(ISNUMBER(S16),W16>0),p_today+MAX(0,ROUNDUP(S16*7/W16,0)),"") | Y16: =IF(AND(ISNUMBER(T16),OR(U16="En retard",U16="Bientôt",U16="À jour")),IF(AND(ISNUMBER(O16),ISNUMBER(X16)),MIN(F16,G16*7/W16),IF(ISNUMBER(O16),F16,G16*7/W16)),"") | Z16: =IF(OR(U16="En retard",U16="Bientôt"),IF(U16="En retard",0,1)*1000000000+IF(AB16="A",0,IF(AB16="B",1,IF(AB16="C",2,3)))*100000000+IF(ISNUMBER(T16),T16,p_today)*1000+ROW()-5,"") | AA16: =IF(Z16="","",COUNTIF($Z$6:$Z$505,"<"&Z16)+1) | AB16: =IFERROR(INDEX(eq_crit,MATCH(B16,eq_code,0))&"","")
C17: =IF(B17="","",IFERROR(INDEX(eq_des,MATCH(B17,eq_code,0))&"","Équipement inconnu")) | M17: =IF(AND(A17="",B17="",D17=""),"",MAX(N(J17),IF(A17="",0,SUMPRODUCT(MAX((in_plan=A17)*in_prev*in_dnum))))) | N17: =IF(AND(A17="",B17="",D17=""),"",MAX(N(K17),IF(A17="",0,SUMPRODUCT(MAX((in_plan=A17)*in_prev*in_cnum))))) | O17: =IF(AND(OR(E17="Calendrier",E17="Au premier des deux"),N(F17)>0,IF(N(M17)>0,M17,IFERROR(N(INDEX(eq_start,MATCH(B17,eq_code,0))),0))>0),IF(N(M17)>0,M17,IFERROR(N(INDEX(eq_start,MATCH(B17,eq_code,0))),0))+F17,"") | P17: =IF(AND(OR(E17="Compteur",E17="Au premier des deux"),N(G17)>0),N(N17)+G17,"") | Q17: =IF(B17="","",IFERROR(N(INDEX(eq_cnt,MATCH(B17,eq_code,0))),"")) | R17: =IF(ISNUMBER(O17),O17-p_today,"") | S17: =IF(AND(ISNUMBER(P17),N(Q17)>0),P17-Q17,"") | T17: =IF(AND(ISNUMBER(O17),ISNUMBER(X17)),MIN(O17,X17),IF(ISNUMBER(O17),O17,X17)) | U17: =IF(AND(A17="",B17="",D17=""),"",IF(L17="Non","Inactif",IF(AND(NOT(ISNUMBER(R17)),NOT(ISNUMBER(S17))),"À compléter",IF(OR(AND(ISNUMBER(R17),N(R17)<0),AND(ISNUMBER(S17),N(S17)<0)),"En retard",IF(OR(AND(ISNUMBER(R17),N(R17)<=p_soon),AND(ISNUMBER(S17),N(S17)<=p_soon_pct*N(G17))),"Bientôt","À jour"))))) | V17: =IF(AND(A17="",B17="",D17=""),"",IF(A17="","N° de plan manquant",IF(COUNTIF($A$6:$A$505,A17)>1,"N° de plan en double",IF(B17="","Équipement manquant",IF(ISNA(MATCH(B17,eq_code,0)),"Équipement inconnu",IF(D17="","Tâche manquante",IF(E17="","Déclenchement manquant",IF(AND(E17<>"Calendrier",E17<>"Compteur",E17<>"Au premier des deux"),"Déclenchement inconnu",IF(AND(E17<>"Compteur",OR(NOT(ISNUMBER(F17)),N(F17)<=0)),"Périodicité en jours manquante",IF(AND(E17<>"Calendrier",OR(NOT(ISNUMBER(G17)),N(G17)<=0)),"Périodicité compteur manquante",IF(AND(J17<>"",OR(NOT(ISNUMBER(J17)),N(J17)<=0)),"Date de réalisation invalide",IF(AND(K17<>"",OR(NOT(ISNUMBER(K17)),N(K17)<0)),"Compteur de réalisation invalide",IF(AND(E17<>"Compteur",N(M17)=0,IFERROR(N(INDEX(eq_start,MATCH(B17,eq_code,0))),0)=0),"Date de départ manquante",IF(AND(E17<>"Calendrier",K17="",N(N17)=0),"Compteur de départ manquant",IF(AND(E17<>"Calendrier",N(Q17)=0),"Relevé compteur manquant (Équipements)",IF(AND(I17<>"",ISNA(MATCH(I17,tech_name,0))),"Technicien inconnu",IF(AND(L17<>"",L17<>"Oui",L17<>"Non"),"Actif : Oui ou Non","OK"))))))))))))))))) | W17: =IFERROR(N(INDEX(eq_use,MATCH(B17,eq_code,0))),0) -> 0 | X17: =IF(AND(ISNUMBER(S17),W17>0),p_today+MAX(0,ROUNDUP(S17*7/W17,0)),"") | Y17: =IF(AND(ISNUMBER(T17),OR(U17="En retard",U17="Bientôt",U17="À jour")),IF(AND(ISNUMBER(O17),ISNUMBER(X17)),MIN(F17,G17*7/W17),IF(ISNUMBER(O17),F17,G17*7/W17)),"") | Z17: =IF(OR(U17="En retard",U17="Bientôt"),IF(U17="En retard",0,1)*1000000000+IF(AB17="A",0,IF(AB17="B",1,IF(AB17="C",2,3)))*100000000+IF(ISNUMBER(T17),T17,p_today)*1000+ROW()-5,"") | AA17: =IF(Z17="","",COUNTIF($Z$6:$Z$505,"<"&Z17)+1) | AB17: =IFERROR(INDEX(eq_crit,MATCH(B17,eq_code,0))&"","")
... C505: =IF(B505="","",IFERROR(INDEX(eq_des,MATCH(B505,eq_code,0))&"","Équipement inconnu")) | M505: =IF(AND(A505="",B505="",D505=""),"",MAX(N(J505),IF(A505="",0,SUMPRODUCT(MAX((in_plan=A505)*in_prev*in_dnum))))) | N505: =IF(AND(A505="",B505="",D505=""),"",MAX(N(K505),IF(A505="",0,SUMPRODUCT(MAX((in_plan=A505)*in_prev*in_cnum))))) | O505: =IF(AND(OR(E505="Calendrier",E505="Au premier des deux"),N(F505)>0,IF(N(M505)>0,M505,IFERROR(N(INDEX(eq_start,MATCH(B505,eq_code,0))),0))>0),IF(N(M505)>0,M505,IFERROR(N(INDEX(eq_start,MATCH(B505,eq_code,0))),0))+F505,"") | P505: =IF(AND(OR(E505="Compteur",E505="Au premier des deux"),N(G505)>0),N(N505)+G505,"") | Q505: =IF(B505="","",IFERROR(N(INDEX(eq_cnt,MATCH(B505,eq_code,0))),"")) | R505: =IF(ISNUMBER(O505),O505-p_today,"") | S505: =IF(AND(ISNUMBER(P505),N(Q505)>0),P505-Q505,"") | T505: =IF(AND(ISNUMBER(O505),ISNUMBER(X505)),MIN(O505,X505),IF(ISNUMBER(O505),O505,X505)) | U505: =IF(AND(A505="",B505="",D505=""),"",IF(L505="Non","Inactif",IF(AND(NOT(ISNUMBER(R505)),NOT(ISNUMBER(S505))),"À compléter",IF(OR(AND(ISNUMBER(R505),N(R505)<0),AND(ISNUMBER(S505),N(S505)<0)),"En retard",IF(OR(AND(ISNUMBER(R505),N(R505)<=p_soon),AND(ISNUMBER(S505),N(S505)<=p_soon_pct*N(G505))),"Bientôt","À jour"))))) | V505: =IF(AND(A505="",B505="",D505=""),"",IF(A505="","N° de plan manquant",IF(COUNTIF($A$6:$A$505,A505)>1,"N° de plan en double",IF(B505="","Équipement manquant",IF(ISNA(MATCH(B505,eq_code,0)),"Équipement inconnu",IF(D505="","Tâche manquante",IF(E505="","Déclenchement manquant",IF(AND(E505<>"Calendrier",E505<>"Compteur",E505<>"Au premier des deux"),"Déclenchement inconnu",IF(AND(E505<>"Compteur",OR(NOT(ISNUMBER(F505)),N(F505)<=0)),"Périodicité en jours manquante",IF(AND(E505<>"Calendrier",OR(NOT(ISNUMBER(G505)),N(G505)<=0)),"Périodicité compteur manquante",IF(AND(J505<>"",OR(NOT(ISNUMBER(J505)),N(J505)<=0)),"Date de réalisation invalide",IF(AND(K505<>"",OR(NOT(ISNUMBER(K505)),N(K505)<0)),"Compteur de réalisation invalide",IF(AND(E505<>"Compteur",N(M505)=0,IFERROR(N(INDEX(eq_start,MATCH(B505,eq_code,0))),0)=0),"Date de départ manquante",IF(AND(E505<>"Calendrier",K505="",N(N505)=0),"Compteur de départ manquant",IF(AND(E505<>"Calendrier",N(Q505)=0),"Relevé compteur manquant (Équipements)",IF(AND(I505<>"",ISNA(MATCH(I505,tech_name,0))),"Technicien inconnu",IF(AND(L505<>"",L505<>"Oui",L505<>"Non"),"Actif : Oui ou Non","OK"))))))))))))))))) | W505: =IFERROR(N(INDEX(eq_use,MATCH(B505,eq_code,0))),0) -> 0 | X505: =IF(AND(ISNUMBER(S505),W505>0),p_today+MAX(0,ROUNDUP(S505*7/W505,0)),"") | Y505: =IF(AND(ISNUMBER(T505),OR(U505="En retard",U505="Bientôt",U505="À jour")),IF(AND(ISNUMBER(O505),ISNUMBER(X505)),MIN(F505,G505*7/W505),IF(ISNUMBER(O505),F505,G505*7/W505)),"") | Z505: =IF(OR(U505="En retard",U505="Bientôt"),IF(U505="En retard",0,1)*1000000000+IF(AB505="A",0,IF(AB505="B",1,IF(AB505="C",2,3)))*100000000+IF(ISNUMBER(T505),T505,p_today)*1000+ROW()-5,"") | AA505: =IF(Z505="","",COUNTIF($Z$6:$Z$505,"<"&Z505)+1) | AB505: =IFERROR(INDEX(eq_crit,MATCH(B505,eq_code,0))&"","")

Sheet Interventions
A1: Interventions | P1: ⌂ Mode d'emploi
A2: Le journal de toutes les interventions. Un préventif terminé met à jour la dernière réalisation de son plan.
Q3: Saisie | R3: Calcul auto
A5: N° | B5: Date | C5: Équipement | D5: Désignation | E5: Type | F5: Plan lié | G5: Description (panne ou travail) | H5: Cause constatée | I5: Statut | J5: Compteur relevé | K5: Durée d'arrêt (h) | L5: Durée d'intervention (h) | M5: Technicien | N5: Coût pièces | O5: Main-d'oeuvre | P5: Autres coûts | Q5: Coût total | R5: Contrôle | S5: Date | T5: Compteur | U5: Arrêt | V5: Travail | W5: Fait | X5: Préventif fait | Y5: Pièces | Z5: Autres
A6: =IF(COUNTA(B6:C6,E6:G6,I6)=0,"","BI-"&RIGHT("0000"&(ROW()-5),4)) | D6: =IF(C6="","",IFERROR(INDEX(eq_des,MATCH(C6,eq_code,0))&"","Équipement inconnu")) | O6: =IF(A6="","",ROUND(V6*IFERROR(N(INDEX(tech_rate,MATCH(M6,tech_name,0))),0),2)) | Q6: =IF(A6="","",ROUND(Y6+O6+Z6,2)) | R6: =IF(A6="","",IF(S6=0,"Date manquante ou invalide",IF(C6="","Équipement manquant",IF(ISNA(MATCH(C6,eq_code,0)),"Équipement inconnu",IF(E6="","Type manquant",IF(AND(E6<>"Préventif",E6<>"Correctif",E6<>"Amélioratif"),"Type inconnu",IF(I6="","Statut manquant",IF(AND(I6<>"Terminée",I6<>"En cours",I6<>"À faire",I6<>"Annulée"),"Statut inconnu",IF(AND(E6="Préventif",F6=""),"Plan manquant (préventif)",IF(AND(F6<>"",ISNA(MATCH(F6,pl_num,0))),"Plan inconnu",IF(AND(F6<>"",IFERROR(INDEX(pl_eq,MATCH(F6,pl_num,0))&"",C6)<>C6),"Plan d'un autre équipement",IF(AND(J6<>"",OR(NOT(ISNUMBER(J6)),N(J6)<0)),"Compteur invalide",IF(OR(AND(K6<>"",OR(NOT(ISNUMBER(K6)),N(K6)<0)),AND(L6<>"",OR(NOT(ISNUMBER(L6)),N(L6)<0))),"Durée invalide",IF(OR(AND(N6<>"",OR(NOT(ISNUMBER(N6)),N(N6)<0)),AND(P6<>"",OR(NOT(ISNUMBER(P6)),N(P6)<0))),"Coût invalide",IF(AND(M6<>"",ISNA(MATCH(M6,tech_name,0))),"Technicien inconnu",IF(AND(I6="Terminée",S6>p_today),"Terminée à une date future",IF(AND(I6="Terminée",V6=0),"Durée d'intervention manquante",IF(AND(I6="Terminée",E6="Préventif",T6=0,OR(IFERROR(INDEX(pl_trig,MATCH(F6,pl_num,0))&"","")="Compteur",IFERROR(INDEX(pl_trig,MATCH(F6,pl_num,0))&"","")="Au premier des deux")),"Compteur manquant (plan au compteur)","OK")))))))))))))))))) | S6: =IF(AND(ISNUMBER(B6),N(B6)>0),INT(B6),0) -> 0 | T6: =IF(AND(ISNUMBER(J6),N(J6)>=0),N(J6),0) -> 0 | U6: =IF(AND(ISNUMBER(K6),N(K6)>0),N(K6),0) -> 0 | V6: =IF(AND(ISNUMBER(L6),N(L6)>0),N(L6),0) -> 0 | W6: =IF(AND(I6="Terminée",S6>0,C6<>"",ISNUMBER(MATCH(C6,eq_code,0))),1,0) -> 0 | X6: =IF(AND(W6=1,E6="Préventif"),1,0) -> 0 | Y6: =IF(AND(ISNUMBER(N6),N(N6)>0),N(N6),0) -> 0 | Z6: =IF(AND(ISNUMBER(P6),N(P6)>0),N(P6),0) -> 0
A7: =IF(COUNTA(B7:C7,E7:G7,I7)=0,"","BI-"&RIGHT("0000"&(ROW()-5),4)) | D7: =IF(C7="","",IFERROR(INDEX(eq_des,MATCH(C7,eq_code,0))&"","Équipement inconnu")) | O7: =IF(A7="","",ROUND(V7*IFERROR(N(INDEX(tech_rate,MATCH(M7,tech_name,0))),0),2)) | Q7: =IF(A7="","",ROUND(Y7+O7+Z7,2)) | R7: =IF(A7="","",IF(S7=0,"Date manquante ou invalide",IF(C7="","Équipement manquant",IF(ISNA(MATCH(C7,eq_code,0)),"Équipement inconnu",IF(E7="","Type manquant",IF(AND(E7<>"Préventif",E7<>"Correctif",E7<>"Amélioratif"),"Type inconnu",IF(I7="","Statut manquant",IF(AND(I7<>"Terminée",I7<>"En cours",I7<>"À faire",I7<>"Annulée"),"Statut inconnu",IF(AND(E7="Préventif",F7=""),"Plan manquant (préventif)",IF(AND(F7<>"",ISNA(MATCH(F7,pl_num,0))),"Plan inconnu",IF(AND(F7<>"",IFERROR(INDEX(pl_eq,MATCH(F7,pl_num,0))&"",C7)<>C7),"Plan d'un autre équipement",IF(AND(J7<>"",OR(NOT(ISNUMBER(J7)),N(J7)<0)),"Compteur invalide",IF(OR(AND(K7<>"",OR(NOT(ISNUMBER(K7)),N(K7)<0)),AND(L7<>"",OR(NOT(ISNUMBER(L7)),N(L7)<0))),"Durée invalide",IF(OR(AND(N7<>"",OR(NOT(ISNUMBER(N7)),N(N7)<0)),AND(P7<>"",OR(NOT(ISNUMBER(P7)),N(P7)<0))),"Coût invalide",IF(AND(M7<>"",ISNA(MATCH(M7,tech_name,0))),"Technicien inconnu",IF(AND(I7="Terminée",S7>p_today),"Terminée à une date future",IF(AND(I7="Terminée",V7=0),"Durée d'intervention manquante",IF(AND(I7="Terminée",E7="Préventif",T7=0,OR(IFERROR(INDEX(pl_trig,MATCH(F7,pl_num,0))&"","")="Compteur",IFERROR(INDEX(pl_trig,MATCH(F7,pl_num,0))&"","")="Au premier des deux")),"Compteur manquant (plan au compteur)","OK")))))))))))))))))) | S7: =IF(AND(ISNUMBER(B7),N(B7)>0),INT(B7),0) -> 0 | T7: =IF(AND(ISNUMBER(J7),N(J7)>=0),N(J7),0) -> 0 | U7: =IF(AND(ISNUMBER(K7),N(K7)>0),N(K7),0) -> 0 | V7: =IF(AND(ISNUMBER(L7),N(L7)>0),N(L7),0) -> 0 | W7: =IF(AND(I7="Terminée",S7>0,C7<>"",ISNUMBER(MATCH(C7,eq_code,0))),1,0) -> 0 | X7: =IF(AND(W7=1,E7="Préventif"),1,0) -> 0 | Y7: =IF(AND(ISNUMBER(N7),N(N7)>0),N(N7),0) -> 0 | Z7: =IF(AND(ISNUMBER(P7),N(P7)>0),N(P7),0) -> 0
A8: =IF(COUNTA(B8:C8,E8:G8,I8)=0,"","BI-"&RIGHT("0000"&(ROW()-5),4)) | D8: =IF(C8="","",IFERROR(INDEX(eq_des,MATCH(C8,eq_code,0))&"","Équipement inconnu")) | O8: =IF(A8="","",ROUND(V8*IFERROR(N(INDEX(tech_rate,MATCH(M8,tech_name,0))),0),2)) | Q8: =IF(A8="","",ROUND(Y8+O8+Z8,2)) | R8: =IF(A8="","",IF(S8=0,"Date manquante ou invalide",IF(C8="","Équipement manquant",IF(ISNA(MATCH(C8,eq_code,0)),"Équipement inconnu",IF(E8="","Type manquant",IF(AND(E8<>"Préventif",E8<>"Correctif",E8<>"Amélioratif"),"Type inconnu",IF(I8="","Statut manquant",IF(AND(I8<>"Terminée",I8<>"En cours",I8<>"À faire",I8<>"Annulée"),"Statut inconnu",IF(AND(E8="Préventif",F8=""),"Plan manquant (préventif)",IF(AND(F8<>"",ISNA(MATCH(F8,pl_num,0))),"Plan inconnu",IF(AND(F8<>"",IFERROR(INDEX(pl_eq,MATCH(F8,pl_num,0))&"",C8)<>C8),"Plan d'un autre équipement",IF(AND(J8<>"",OR(NOT(ISNUMBER(J8)),N(J8)<0)),"Compteur invalide",IF(OR(AND(K8<>"",OR(NOT(ISNUMBER(K8)),N(K8)<0)),AND(L8<>"",OR(NOT(ISNUMBER(L8)),N(L8)<0))),"Durée invalide",IF(OR(AND(N8<>"",OR(NOT(ISNUMBER(N8)),N(N8)<0)),AND(P8<>"",OR(NOT(ISNUMBER(P8)),N(P8)<0))),"Coût invalide",IF(AND(M8<>"",ISNA(MATCH(M8,tech_name,0))),"Technicien inconnu",IF(AND(I8="Terminée",S8>p_today),"Terminée à une date future",IF(AND(I8="Terminée",V8=0),"Durée d'intervention manquante",IF(AND(I8="Terminée",E8="Préventif",T8=0,OR(IFERROR(INDEX(pl_trig,MATCH(F8,pl_num,0))&"","")="Compteur",IFERROR(INDEX(pl_trig,MATCH(F8,pl_num,0))&"","")="Au premier des deux")),"Compteur manquant (plan au compteur)","OK")))))))))))))))))) | S8: =IF(AND(ISNUMBER(B8),N(B8)>0),INT(B8),0) -> 0 | T8: =IF(AND(ISNUMBER(J8),N(J8)>=0),N(J8),0) -> 0 | U8: =IF(AND(ISNUMBER(K8),N(K8)>0),N(K8),0) -> 0 | V8: =IF(AND(ISNUMBER(L8),N(L8)>0),N(L8),0) -> 0 | W8: =IF(AND(I8="Terminée",S8>0,C8<>"",ISNUMBER(MATCH(C8,eq_code,0))),1,0) -> 0 | X8: =IF(AND(W8=1,E8="Préventif"),1,0) -> 0 | Y8: =IF(AND(ISNUMBER(N8),N(N8)>0),N(N8),0) -> 0 | Z8: =IF(AND(ISNUMBER(P8),N(P8)>0),N(P8),0) -> 0
A9: =IF(COUNTA(B9:C9,E9:G9,I9)=0,"","BI-"&RIGHT("0000"&(ROW()-5),4)) | D9: =IF(C9="","",IFERROR(INDEX(eq_des,MATCH(C9,eq_code,0))&"","Équipement inconnu")) | O9: =IF(A9="","",ROUND(V9*IFERROR(N(INDEX(tech_rate,MATCH(M9,tech_name,0))),0),2)) | Q9: =IF(A9="","",ROUND(Y9+O9+Z9,2)) | R9: =IF(A9="","",IF(S9=0,"Date manquante ou invalide",IF(C9="","Équipement manquant",IF(ISNA(MATCH(C9,eq_code,0)),"Équipement inconnu",IF(E9="","Type manquant",IF(AND(E9<>"Préventif",E9<>"Correctif",E9<>"Amélioratif"),"Type inconnu",IF(I9="","Statut manquant",IF(AND(I9<>"Terminée",I9<>"En cours",I9<>"À faire",I9<>"Annulée"),"Statut inconnu",IF(AND(E9="Préventif",F9=""),"Plan manquant (préventif)",IF(AND(F9<>"",ISNA(MATCH(F9,pl_num,0))),"Plan inconnu",IF(AND(F9<>"",IFERROR(INDEX(pl_eq,MATCH(F9,pl_num,0))&"",C9)<>C9),"Plan d'un autre équipement",IF(AND(J9<>"",OR(NOT(ISNUMBER(J9)),N(J9)<0)),"Compteur invalide",IF(OR(AND(K9<>"",OR(NOT(ISNUMBER(K9)),N(K9)<0)),AND(L9<>"",OR(NOT(ISNUMBER(L9)),N(L9)<0))),"Durée invalide",IF(OR(AND(N9<>"",OR(NOT(ISNUMBER(N9)),N(N9)<0)),AND(P9<>"",OR(NOT(ISNUMBER(P9)),N(P9)<0))),"Coût invalide",IF(AND(M9<>"",ISNA(MATCH(M9,tech_name,0))),"Technicien inconnu",IF(AND(I9="Terminée",S9>p_today),"Terminée à une date future",IF(AND(I9="Terminée",V9=0),"Durée d'intervention manquante",IF(AND(I9="Terminée",E9="Préventif",T9=0,OR(IFERROR(INDEX(pl_trig,MATCH(F9,pl_num,0))&"","")="Compteur",IFERROR(INDEX(pl_trig,MATCH(F9,pl_num,0))&"","")="Au premier des deux")),"Compteur manquant (plan au compteur)","OK")))))))))))))))))) | S9: =IF(AND(ISNUMBER(B9),N(B9)>0),INT(B9),0) -> 0 | T9: =IF(AND(ISNUMBER(J9),N(J9)>=0),N(J9),0) -> 0 | U9: =IF(AND(ISNUMBER(K9),N(K9)>0),N(K9),0) -> 0 | V9: =IF(AND(ISNUMBER(L9),N(L9)>0),N(L9),0) -> 0 | W9: =IF(AND(I9="Terminée",S9>0,C9<>"",ISNUMBER(MATCH(C9,eq_code,0))),1,0) -> 0 | X9: =IF(AND(W9=1,E9="Préventif"),1,0) -> 0 | Y9: =IF(AND(ISNUMBER(N9),N(N9)>0),N(N9),0) -> 0 | Z9: =IF(AND(ISNUMBER(P9),N(P9)>0),N(P9),0) -> 0
A10: =IF(COUNTA(B10:C10,E10:G10,I10)=0,"","BI-"&RIGHT("0000"&(ROW()-5),4)) | D10: =IF(C10="","",IFERROR(INDEX(eq_des,MATCH(C10,eq_code,0))&"","Équipement inconnu")) | O10: =IF(A10="","",ROUND(V10*IFERROR(N(INDEX(tech_rate,MATCH(M10,tech_name,0))),0),2)) | Q10: =IF(A10="","",ROUND(Y10+O10+Z10,2)) | R10: =IF(A10="","",IF(S10=0,"Date manquante ou invalide",IF(C10="","Équipement manquant",IF(ISNA(MATCH(C10,eq_code,0)),"Équipement inconnu",IF(E10="","Type manquant",IF(AND(E10<>"Préventif",E10<>"Correctif",E10<>"Amélioratif"),"Type inconnu",IF(I10="","Statut manquant",IF(AND(I10<>"Terminée",I10<>"En cours",I10<>"À faire",I10<>"Annulée"),"Statut inconnu",IF(AND(E10="Préventif",F10=""),"Plan manquant (préventif)",IF(AND(F10<>"",ISNA(MATCH(F10,pl_num,0))),"Plan inconnu",IF(AND(F10<>"",IFERROR(INDEX(pl_eq,MATCH(F10,pl_num,0))&"",C10)<>C10),"Plan d'un autre équipement",IF(AND(J10<>"",OR(NOT(ISNUMBER(J10)),N(J10)<0)),"Compteur invalide",IF(OR(AND(K10<>"",OR(NOT(ISNUMBER(K10)),N(K10)<0)),AND(L10<>"",OR(NOT(ISNUMBER(L10)),N(L10)<0))),"Durée invalide",IF(OR(AND(N10<>"",OR(NOT(ISNUMBER(N10)),N(N10)<0)),AND(P10<>"",OR(NOT(ISNUMBER(P10)),N(P10)<0))),"Coût invalide",IF(AND(M10<>"",ISNA(MATCH(M10,tech_name,0))),"Technicien inconnu",IF(AND(I10="Terminée",S10>p_today),"Terminée à une date future",IF(AND(I10="Terminée",V10=0),"Durée d'intervention manquante",IF(AND(I10="Terminée",E10="Préventif",T10=0,OR(IFERROR(INDEX(pl_trig,MATCH(F10,pl_num,0))&"","")="Compteur",IFERROR(INDEX(pl_trig,MATCH(F10,pl_num,0))&"","")="Au premier des deux")),"Compteur manquant (plan au compteur)","OK")))))))))))))))))) | S10: =IF(AND(ISNUMBER(B10),N(B10)>0),INT(B10),0) -> 0 | T10: =IF(AND(ISNUMBER(J10),N(J10)>=0),N(J10),0) -> 0 | U10: =IF(AND(ISNUMBER(K10),N(K10)>0),N(K10),0) -> 0 | V10: =IF(AND(ISNUMBER(L10),N(L10)>0),N(L10),0) -> 0 | W10: =IF(AND(I10="Terminée",S10>0,C10<>"",ISNUMBER(MATCH(C10,eq_code,0))),1,0) -> 0 | X10: =IF(AND(W10=1,E10="Préventif"),1,0) -> 0 | Y10: =IF(AND(ISNUMBER(N10),N(N10)>0),N(N10),0) -> 0 | Z10: =IF(AND(ISNUMBER(P10),N(P10)>0),N(P10),0) -> 0
A11: =IF(COUNTA(B11:C11,E11:G11,I11)=0,"","BI-"&RIGHT("0000"&(ROW()-5),4)) | D11: =IF(C11="","",IFERROR(INDEX(eq_des,MATCH(C11,eq_code,0))&"","Équipement inconnu")) | O11: =IF(A11="","",ROUND(V11*IFERROR(N(INDEX(tech_rate,MATCH(M11,tech_name,0))),0),2)) | Q11: =IF(A11="","",ROUND(Y11+O11+Z11,2)) | R11: =IF(A11="","",IF(S11=0,"Date manquante ou invalide",IF(C11="","Équipement manquant",IF(ISNA(MATCH(C11,eq_code,0)),"Équipement inconnu",IF(E11="","Type manquant",IF(AND(E11<>"Préventif",E11<>"Correctif",E11<>"Amélioratif"),"Type inconnu",IF(I11="","Statut manquant",IF(AND(I11<>"Terminée",I11<>"En cours",I11<>"À faire",I11<>"Annulée"),"Statut inconnu",IF(AND(E11="Préventif",F11=""),"Plan manquant (préventif)",IF(AND(F11<>"",ISNA(MATCH(F11,pl_num,0))),"Plan inconnu",IF(AND(F11<>"",IFERROR(INDEX(pl_eq,MATCH(F11,pl_num,0))&"",C11)<>C11),"Plan d'un autre équipement",IF(AND(J11<>"",OR(NOT(ISNUMBER(J11)),N(J11)<0)),"Compteur invalide",IF(OR(AND(K11<>"",OR(NOT(ISNUMBER(K11)),N(K11)<0)),AND(L11<>"",OR(NOT(ISNUMBER(L11)),N(L11)<0))),"Durée invalide",IF(OR(AND(N11<>"",OR(NOT(ISNUMBER(N11)),N(N11)<0)),AND(P11<>"",OR(NOT(ISNUMBER(P11)),N(P11)<0))),"Coût invalide",IF(AND(M11<>"",ISNA(MATCH(M11,tech_name,0))),"Technicien inconnu",IF(AND(I11="Terminée",S11>p_today),"Terminée à une date future",IF(AND(I11="Terminée",V11=0),"Durée d'intervention manquante",IF(AND(I11="Terminée",E11="Préventif",T11=0,OR(IFERROR(INDEX(pl_trig,MATCH(F11,pl_num,0))&"","")="Compteur",IFERROR(INDEX(pl_trig,MATCH(F11,pl_num,0))&"","")="Au premier des deux")),"Compteur manquant (plan au compteur)","OK")))))))))))))))))) | S11: =IF(AND(ISNUMBER(B11),N(B11)>0),INT(B11),0) -> 0 | T11: =IF(AND(ISNUMBER(J11),N(J11)>=0),N(J11),0) -> 0 | U11: =IF(AND(ISNUMBER(K11),N(K11)>0),N(K11),0) -> 0 | V11: =IF(AND(ISNUMBER(L11),N(L11)>0),N(L11),0) -> 0 | W11: =IF(AND(I11="Terminée",S11>0,C11<>"",ISNUMBER(MATCH(C11,eq_code,0))),1,0) -> 0 | X11: =IF(AND(W11=1,E11="Préventif"),1,0) -> 0 | Y11: =IF(AND(ISNUMBER(N11),N(N11)>0),N(N11),0) -> 0 | Z11: =IF(AND(ISNUMBER(P11),N(P11)>0),N(P11),0) -> 0
A12: =IF(COUNTA(B12:C12,E12:G12,I12)=0,"","BI-"&RIGHT("0000"&(ROW()-5),4)) | D12: =IF(C12="","",IFERROR(INDEX(eq_des,MATCH(C12,eq_code,0))&"","Équipement inconnu")) | O12: =IF(A12="","",ROUND(V12*IFERROR(N(INDEX(tech_rate,MATCH(M12,tech_name,0))),0),2)) | Q12: =IF(A12="","",ROUND(Y12+O12+Z12,2)) | R12: =IF(A12="","",IF(S12=0,"Date manquante ou invalide",IF(C12="","Équipement manquant",IF(ISNA(MATCH(C12,eq_code,0)),"Équipement inconnu",IF(E12="","Type manquant",IF(AND(E12<>"Préventif",E12<>"Correctif",E12<>"Amélioratif"),"Type inconnu",IF(I12="","Statut manquant",IF(AND(I12<>"Terminée",I12<>"En cours",I12<>"À faire",I12<>"Annulée"),"Statut inconnu",IF(AND(E12="Préventif",F12=""),"Plan manquant (préventif)",IF(AND(F12<>"",ISNA(MATCH(F12,pl_num,0))),"Plan inconnu",IF(AND(F12<>"",IFERROR(INDEX(pl_eq,MATCH(F12,pl_num,0))&"",C12)<>C12),"Plan d'un autre équipement",IF(AND(J12<>"",OR(NOT(ISNUMBER(J12)),N(J12)<0)),"Compteur invalide",IF(OR(AND(K12<>"",OR(NOT(ISNUMBER(K12)),N(K12)<0)),AND(L12<>"",OR(NOT(ISNUMBER(L12)),N(L12)<0))),"Durée invalide",IF(OR(AND(N12<>"",OR(NOT(ISNUMBER(N12)),N(N12)<0)),AND(P12<>"",OR(NOT(ISNUMBER(P12)),N(P12)<0))),"Coût invalide",IF(AND(M12<>"",ISNA(MATCH(M12,tech_name,0))),"Technicien inconnu",IF(AND(I12="Terminée",S12>p_today),"Terminée à une date future",IF(AND(I12="Terminée",V12=0),"Durée d'intervention manquante",IF(AND(I12="Terminée",E12="Préventif",T12=0,OR(IFERROR(INDEX(pl_trig,MATCH(F12,pl_num,0))&"","")="Compteur",IFERROR(INDEX(pl_trig,MATCH(F12,pl_num,0))&"","")="Au premier des deux")),"Compteur manquant (plan au compteur)","OK")))))))))))))))))) | S12: =IF(AND(ISNUMBER(B12),N(B12)>0),INT(B12),0) -> 0 | T12: =IF(AND(ISNUMBER(J12),N(J12)>=0),N(J12),0) -> 0 | U12: =IF(AND(ISNUMBER(K12),N(K12)>0),N(K12),0) -> 0 | V12: =IF(AND(ISNUMBER(L12),N(L12)>0),N(L12),0) -> 0 | W12: =IF(AND(I12="Terminée",S12>0,C12<>"",ISNUMBER(MATCH(C12,eq_code,0))),1,0) -> 0 | X12: =IF(AND(W12=1,E12="Préventif"),1,0) -> 0 | Y12: =IF(AND(ISNUMBER(N12),N(N12)>0),N(N12),0) -> 0 | Z12: =IF(AND(ISNUMBER(P12),N(P12)>0),N(P12),0) -> 0
A13: =IF(COUNTA(B13:C13,E13:G13,I13)=0,"","BI-"&RIGHT("0000"&(ROW()-5),4)) | D13: =IF(C13="","",IFERROR(INDEX(eq_des,MATCH(C13,eq_code,0))&"","Équipement inconnu")) | O13: =IF(A13="","",ROUND(V13*IFERROR(N(INDEX(tech_rate,MATCH(M13,tech_name,0))),0),2)) | Q13: =IF(A13="","",ROUND(Y13+O13+Z13,2)) | R13: =IF(A13="","",IF(S13=0,"Date manquante ou invalide",IF(C13="","Équipement manquant",IF(ISNA(MATCH(C13,eq_code,0)),"Équipement inconnu",IF(E13="","Type manquant",IF(AND(E13<>"Préventif",E13<>"Correctif",E13<>"Amélioratif"),"Type inconnu",IF(I13="","Statut manquant",IF(AND(I13<>"Terminée",I13<>"En cours",I13<>"À faire",I13<>"Annulée"),"Statut inconnu",IF(AND(E13="Préventif",F13=""),"Plan manquant (préventif)",IF(AND(F13<>"",ISNA(MATCH(F13,pl_num,0))),"Plan inconnu",IF(AND(F13<>"",IFERROR(INDEX(pl_eq,MATCH(F13,pl_num,0))&"",C13)<>C13),"Plan d'un autre équipement",IF(AND(J13<>"",OR(NOT(ISNUMBER(J13)),N(J13)<0)),"Compteur invalide",IF(OR(AND(K13<>"",OR(NOT(ISNUMBER(K13)),N(K13)<0)),AND(L13<>"",OR(NOT(ISNUMBER(L13)),N(L13)<0))),"Durée invalide",IF(OR(AND(N13<>"",OR(NOT(ISNUMBER(N13)),N(N13)<0)),AND(P13<>"",OR(NOT(ISNUMBER(P13)),N(P13)<0))),"Coût invalide",IF(AND(M13<>"",ISNA(MATCH(M13,tech_name,0))),"Technicien inconnu",IF(AND(I13="Terminée",S13>p_today),"Terminée à une date future",IF(AND(I13="Terminée",V13=0),"Durée d'intervention manquante",IF(AND(I13="Terminée",E13="Préventif",T13=0,OR(IFERROR(INDEX(pl_trig,MATCH(F13,pl_num,0))&"","")="Compteur",IFERROR(INDEX(pl_trig,MATCH(F13,pl_num,0))&"","")="Au premier des deux")),"Compteur manquant (plan au compteur)","OK")))))))))))))))))) | S13: =IF(AND(ISNUMBER(B13),N(B13)>0),INT(B13),0) -> 0 | T13: =IF(AND(ISNUMBER(J13),N(J13)>=0),N(J13),0) -> 0 | U13: =IF(AND(ISNUMBER(K13),N(K13)>0),N(K13),0) -> 0 | V13: =IF(AND(ISNUMBER(L13),N(L13)>0),N(L13),0) -> 0 | W13: =IF(AND(I13="Terminée",S13>0,C13<>"",ISNUMBER(MATCH(C13,eq_code,0))),1,0) -> 0 | X13: =IF(AND(W13=1,E13="Préventif"),1,0) -> 0 | Y13: =IF(AND(ISNUMBER(N13),N(N13)>0),N(N13),0) -> 0 | Z13: =IF(AND(ISNUMBER(P13),N(P13)>0),N(P13),0) -> 0
A14: =IF(COUNTA(B14:C14,E14:G14,I14)=0,"","BI-"&RIGHT("0000"&(ROW()-5),4)) | D14: =IF(C14="","",IFERROR(INDEX(eq_des,MATCH(C14,eq_code,0))&"","Équipement inconnu")) | O14: =IF(A14="","",ROUND(V14*IFERROR(N(INDEX(tech_rate,MATCH(M14,tech_name,0))),0),2)) | Q14: =IF(A14="","",ROUND(Y14+O14+Z14,2)) | R14: =IF(A14="","",IF(S14=0,"Date manquante ou invalide",IF(C14="","Équipement manquant",IF(ISNA(MATCH(C14,eq_code,0)),"Équipement inconnu",IF(E14="","Type manquant",IF(AND(E14<>"Préventif",E14<>"Correctif",E14<>"Amélioratif"),"Type inconnu",IF(I14="","Statut manquant",IF(AND(I14<>"Terminée",I14<>"En cours",I14<>"À faire",I14<>"Annulée"),"Statut inconnu",IF(AND(E14="Préventif",F14=""),"Plan manquant (préventif)",IF(AND(F14<>"",ISNA(MATCH(F14,pl_num,0))),"Plan inconnu",IF(AND(F14<>"",IFERROR(INDEX(pl_eq,MATCH(F14,pl_num,0))&"",C14)<>C14),"Plan d'un autre équipement",IF(AND(J14<>"",OR(NOT(ISNUMBER(J14)),N(J14)<0)),"Compteur invalide",IF(OR(AND(K14<>"",OR(NOT(ISNUMBER(K14)),N(K14)<0)),AND(L14<>"",OR(NOT(ISNUMBER(L14)),N(L14)<0))),"Durée invalide",IF(OR(AND(N14<>"",OR(NOT(ISNUMBER(N14)),N(N14)<0)),AND(P14<>"",OR(NOT(ISNUMBER(P14)),N(P14)<0))),"Coût invalide",IF(AND(M14<>"",ISNA(MATCH(M14,tech_name,0))),"Technicien inconnu",IF(AND(I14="Terminée",S14>p_today),"Terminée à une date future",IF(AND(I14="Terminée",V14=0),"Durée d'intervention manquante",IF(AND(I14="Terminée",E14="Préventif",T14=0,OR(IFERROR(INDEX(pl_trig,MATCH(F14,pl_num,0))&"","")="Compteur",IFERROR(INDEX(pl_trig,MATCH(F14,pl_num,0))&"","")="Au premier des deux")),"Compteur manquant (plan au compteur)","OK")))))))))))))))))) | S14: =IF(AND(ISNUMBER(B14),N(B14)>0),INT(B14),0) -> 0 | T14: =IF(AND(ISNUMBER(J14),N(J14)>=0),N(J14),0) -> 0 | U14: =IF(AND(ISNUMBER(K14),N(K14)>0),N(K14),0) -> 0 | V14: =IF(AND(ISNUMBER(L14),N(L14)>0),N(L14),0) -> 0 | W14: =IF(AND(I14="Terminée",S14>0,C14<>"",ISNUMBER(MATCH(C14,eq_code,0))),1,0) -> 0 | X14: =IF(AND(W14=1,E14="Préventif"),1,0) -> 0 | Y14: =IF(AND(ISNUMBER(N14),N(N14)>0),N(N14),0) -> 0 | Z14: =IF(AND(ISNUMBER(P14),N(P14)>0),N(P14),0) -> 0
A15: =IF(COUNTA(B15:C15,E15:G15,I15)=0,"","BI-"&RIGHT("0000"&(ROW()-5),4)) | D15: =IF(C15="","",IFERROR(INDEX(eq_des,MATCH(C15,eq_code,0))&"","Équipement inconnu")) | O15: =IF(A15="","",ROUND(V15*IFERROR(N(INDEX(tech_rate,MATCH(M15,tech_name,0))),0),2)) | Q15: =IF(A15="","",ROUND(Y15+O15+Z15,2)) | R15: =IF(A15="","",IF(S15=0,"Date manquante ou invalide",IF(C15="","Équipement manquant",IF(ISNA(MATCH(C15,eq_code,0)),"Équipement inconnu",IF(E15="","Type manquant",IF(AND(E15<>"Préventif",E15<>"Correctif",E15<>"Amélioratif"),"Type inconnu",IF(I15="","Statut manquant",IF(AND(I15<>"Terminée",I15<>"En cours",I15<>"À faire",I15<>"Annulée"),"Statut inconnu",IF(AND(E15="Préventif",F15=""),"Plan manquant (préventif)",IF(AND(F15<>"",ISNA(MATCH(F15,pl_num,0))),"Plan inconnu",IF(AND(F15<>"",IFERROR(INDEX(pl_eq,MATCH(F15,pl_num,0))&"",C15)<>C15),"Plan d'un autre équipement",IF(AND(J15<>"",OR(NOT(ISNUMBER(J15)),N(J15)<0)),"Compteur invalide",IF(OR(AND(K15<>"",OR(NOT(ISNUMBER(K15)),N(K15)<0)),AND(L15<>"",OR(NOT(ISNUMBER(L15)),N(L15)<0))),"Durée invalide",IF(OR(AND(N15<>"",OR(NOT(ISNUMBER(N15)),N(N15)<0)),AND(P15<>"",OR(NOT(ISNUMBER(P15)),N(P15)<0))),"Coût invalide",IF(AND(M15<>"",ISNA(MATCH(M15,tech_name,0))),"Technicien inconnu",IF(AND(I15="Terminée",S15>p_today),"Terminée à une date future",IF(AND(I15="Terminée",V15=0),"Durée d'intervention manquante",IF(AND(I15="Terminée",E15="Préventif",T15=0,OR(IFERROR(INDEX(pl_trig,MATCH(F15,pl_num,0))&"","")="Compteur",IFERROR(INDEX(pl_trig,MATCH(F15,pl_num,0))&"","")="Au premier des deux")),"Compteur manquant (plan au compteur)","OK")))))))))))))))))) | S15: =IF(AND(ISNUMBER(B15),N(B15)>0),INT(B15),0) -> 0 | T15: =IF(AND(ISNUMBER(J15),N(J15)>=0),N(J15),0) -> 0 | U15: =IF(AND(ISNUMBER(K15),N(K15)>0),N(K15),0) -> 0 | V15: =IF(AND(ISNUMBER(L15),N(L15)>0),N(L15),0) -> 0 | W15: =IF(AND(I15="Terminée",S15>0,C15<>"",ISNUMBER(MATCH(C15,eq_code,0))),1,0) -> 0 | X15: =IF(AND(W15=1,E15="Préventif"),1,0) -> 0 | Y15: =IF(AND(ISNUMBER(N15),N(N15)>0),N(N15),0) -> 0 | Z15: =IF(AND(ISNUMBER(P15),N(P15)>0),N(P15),0) -> 0
A16: =IF(COUNTA(B16:C16,E16:G16,I16)=0,"","BI-"&RIGHT("0000"&(ROW()-5),4)) | D16: =IF(C16="","",IFERROR(INDEX(eq_des,MATCH(C16,eq_code,0))&"","Équipement inconnu")) | O16: =IF(A16="","",ROUND(V16*IFERROR(N(INDEX(tech_rate,MATCH(M16,tech_name,0))),0),2)) | Q16: =IF(A16="","",ROUND(Y16+O16+Z16,2)) | R16: =IF(A16="","",IF(S16=0,"Date manquante ou invalide",IF(C16="","Équipement manquant",IF(ISNA(MATCH(C16,eq_code,0)),"Équipement inconnu",IF(E16="","Type manquant",IF(AND(E16<>"Préventif",E16<>"Correctif",E16<>"Amélioratif"),"Type inconnu",IF(I16="","Statut manquant",IF(AND(I16<>"Terminée",I16<>"En cours",I16<>"À faire",I16<>"Annulée"),"Statut inconnu",IF(AND(E16="Préventif",F16=""),"Plan manquant (préventif)",IF(AND(F16<>"",ISNA(MATCH(F16,pl_num,0))),"Plan inconnu",IF(AND(F16<>"",IFERROR(INDEX(pl_eq,MATCH(F16,pl_num,0))&"",C16)<>C16),"Plan d'un autre équipement",IF(AND(J16<>"",OR(NOT(ISNUMBER(J16)),N(J16)<0)),"Compteur invalide",IF(OR(AND(K16<>"",OR(NOT(ISNUMBER(K16)),N(K16)<0)),AND(L16<>"",OR(NOT(ISNUMBER(L16)),N(L16)<0))),"Durée invalide",IF(OR(AND(N16<>"",OR(NOT(ISNUMBER(N16)),N(N16)<0)),AND(P16<>"",OR(NOT(ISNUMBER(P16)),N(P16)<0))),"Coût invalide",IF(AND(M16<>"",ISNA(MATCH(M16,tech_name,0))),"Technicien inconnu",IF(AND(I16="Terminée",S16>p_today),"Terminée à une date future",IF(AND(I16="Terminée",V16=0),"Durée d'intervention manquante",IF(AND(I16="Terminée",E16="Préventif",T16=0,OR(IFERROR(INDEX(pl_trig,MATCH(F16,pl_num,0))&"","")="Compteur",IFERROR(INDEX(pl_trig,MATCH(F16,pl_num,0))&"","")="Au premier des deux")),"Compteur manquant (plan au compteur)","OK")))))))))))))))))) | S16: =IF(AND(ISNUMBER(B16),N(B16)>0),INT(B16),0) -> 0 | T16: =IF(AND(ISNUMBER(J16),N(J16)>=0),N(J16),0) -> 0 | U16: =IF(AND(ISNUMBER(K16),N(K16)>0),N(K16),0) -> 0 | V16: =IF(AND(ISNUMBER(L16),N(L16)>0),N(L16),0) -> 0 | W16: =IF(AND(I16="Terminée",S16>0,C16<>"",ISNUMBER(MATCH(C16,eq_code,0))),1,0) -> 0 | X16: =IF(AND(W16=1,E16="Préventif"),1,0) -> 0 | Y16: =IF(AND(ISNUMBER(N16),N(N16)>0),N(N16),0) -> 0 | Z16: =IF(AND(ISNUMBER(P16),N(P16)>0),N(P16),0) -> 0
A17: =IF(COUNTA(B17:C17,E17:G17,I17)=0,"","BI-"&RIGHT("0000"&(ROW()-5),4)) | D17: =IF(C17="","",IFERROR(INDEX(eq_des,MATCH(C17,eq_code,0))&"","Équipement inconnu")) | O17: =IF(A17="","",ROUND(V17*IFERROR(N(INDEX(tech_rate,MATCH(M17,tech_name,0))),0),2)) | Q17: =IF(A17="","",ROUND(Y17+O17+Z17,2)) | R17: =IF(A17="","",IF(S17=0,"Date manquante ou invalide",IF(C17="","Équipement manquant",IF(ISNA(MATCH(C17,eq_code,0)),"Équipement inconnu",IF(E17="","Type manquant",IF(AND(E17<>"Préventif",E17<>"Correctif",E17<>"Amélioratif"),"Type inconnu",IF(I17="","Statut manquant",IF(AND(I17<>"Terminée",I17<>"En cours",I17<>"À faire",I17<>"Annulée"),"Statut inconnu",IF(AND(E17="Préventif",F17=""),"Plan manquant (préventif)",IF(AND(F17<>"",ISNA(MATCH(F17,pl_num,0))),"Plan inconnu",IF(AND(F17<>"",IFERROR(INDEX(pl_eq,MATCH(F17,pl_num,0))&"",C17)<>C17),"Plan d'un autre équipement",IF(AND(J17<>"",OR(NOT(ISNUMBER(J17)),N(J17)<0)),"Compteur invalide",IF(OR(AND(K17<>"",OR(NOT(ISNUMBER(K17)),N(K17)<0)),AND(L17<>"",OR(NOT(ISNUMBER(L17)),N(L17)<0))),"Durée invalide",IF(OR(AND(N17<>"",OR(NOT(ISNUMBER(N17)),N(N17)<0)),AND(P17<>"",OR(NOT(ISNUMBER(P17)),N(P17)<0))),"Coût invalide",IF(AND(M17<>"",ISNA(MATCH(M17,tech_name,0))),"Technicien inconnu",IF(AND(I17="Terminée",S17>p_today),"Terminée à une date future",IF(AND(I17="Terminée",V17=0),"Durée d'intervention manquante",IF(AND(I17="Terminée",E17="Préventif",T17=0,OR(IFERROR(INDEX(pl_trig,MATCH(F17,pl_num,0))&"","")="Compteur",IFERROR(INDEX(pl_trig,MATCH(F17,pl_num,0))&"","")="Au premier des deux")),"Compteur manquant (plan au compteur)","OK")))))))))))))))))) | S17: =IF(AND(ISNUMBER(B17),N(B17)>0),INT(B17),0) -> 0 | T17: =IF(AND(ISNUMBER(J17),N(J17)>=0),N(J17),0) -> 0 | U17: =IF(AND(ISNUMBER(K17),N(K17)>0),N(K17),0) -> 0 | V17: =IF(AND(ISNUMBER(L17),N(L17)>0),N(L17),0) -> 0 | W17: =IF(AND(I17="Terminée",S17>0,C17<>"",ISNUMBER(MATCH(C17,eq_code,0))),1,0) -> 0 | X17: =IF(AND(W17=1,E17="Préventif"),1,0) -> 0 | Y17: =IF(AND(ISNUMBER(N17),N(N17)>0),N(N17),0) -> 0 | Z17: =IF(AND(ISNUMBER(P17),N(P17)>0),N(P17),0) -> 0
... A2005: =IF(COUNTA(B2005:C2005,E2005:G2005,I2005)=0,"","BI-"&RIGHT("0000"&(ROW()-5),4)) | D2005: =IF(C2005="","",IFERROR(INDEX(eq_des,MATCH(C2005,eq_code,0))&"","Équipement inconnu")) | O2005: =IF(A2005="","",ROUND(V2005*IFERROR(N(INDEX(tech_rate,MATCH(M2005,tech_name,0))),0),2)) | Q2005: =IF(A2005="","",ROUND(Y2005+O2005+Z2005,2)) | R2005: =IF(A2005="","",IF(S2005=0,"Date manquante ou invalide",IF(C2005="","Équipement manquant",IF(ISNA(MATCH(C2005,eq_code,0)),"Équipement inconnu",IF(E2005="","Type manquant",IF(AND(E2005<>"Préventif",E2005<>"Correctif",E2005<>"Amélioratif"),"Type inconnu",IF(I2005="","Statut manquant",IF(AND(I2005<>"Terminée",I2005<>"En cours",I2005<>"À faire",I2005<>"Annulée"),"Statut inconnu",IF(AND(E2005="Préventif",F2005=""),"Plan manquant (préventif)",IF(AND(F2005<>"",ISNA(MATCH(F2005,pl_num,0))),"Plan inconnu",IF(AND(F2005<>"",IFERROR(INDEX(pl_eq,MATCH(F2005,pl_num,0))&"",C2005)<>C2005),"Plan d'un autre équipement",IF(AND(J2005<>"",OR(NOT(ISNUMBER(J2005)),N(J2005)<0)),"Compteur invalide",IF(OR(AND(K2005<>"",OR(NOT(ISNUMBER(K2005)),N(K2005)<0)),AND(L2005<>"",OR(NOT(ISNUMBER(L2005)),N(L2005)<0))),"Durée invalide",IF(OR(AND(N2005<>"",OR(NOT(ISNUMBER(N2005)),N(N2005)<0)),AND(P2005<>"",OR(NOT(ISNUMBER(P2005)),N(P2005)<0))),"Coût invalide",IF(AND(M2005<>"",ISNA(MATCH(M2005,tech_name,0))),"Technicien inconnu",IF(AND(I2005="Terminée",S2005>p_today),"Terminée à une date future",IF(AND(I2005="Terminée",V2005=0),"Durée d'intervention manquante",IF(AND(I2005="Terminée",E2005="Préventif",T2005=0,OR(IFERROR(INDEX(pl_trig,MATCH(F2005,pl_num,0))&"","")="Compteur",IFERROR(INDEX(pl_trig,MATCH(F2005,pl_num,0))&"","")="Au premier des deux")),"Compteur manquant (plan au compteur)","OK")))))))))))))))))) | S2005: =IF(AND(ISNUMBER(B2005),N(B2005)>0),INT(B2005),0) -> 0 | T2005: =IF(AND(ISNUMBER(J2005),N(J2005)>=0),N(J2005),0) -> 0 | U2005: =IF(AND(ISNUMBER(K2005),N(K2005)>0),N(K2005),0) -> 0 | V2005: =IF(AND(ISNUMBER(L2005),N(L2005)>0),N(L2005),0) -> 0 | W2005: =IF(AND(I2005="Terminée",S2005>0,C2005<>"",ISNUMBER(MATCH(C2005,eq_code,0))),1,0) -> 0 | X2005: =IF(AND(W2005=1,E2005="Préventif"),1,0) -> 0 | Y2005: =IF(AND(ISNUMBER(N2005),N(N2005)>0),N(N2005),0) -> 0 | Z2005: =IF(AND(ISNUMBER(P2005),N(P2005)>0),N(P2005),0) -> 0

Sheet Calendrier
A1: Calendrier des échéances | P1: ⌂ Mode d'emploi
A2: Nombre de réalisations prévues par plan et par semaine, à partir de l'échéance et de la périodicité.
A3: Légende : | B3: En retard | C3: Bientôt | D3: À jour | E3: Un plan en retard est placé cette semaine, puis répété à sa périodicité.
A5: N° plan | B5: Équipement | C5: Tâche | D5: Échéance | E5: Statut | F5: Retard | G5: ="S"&WEEKNUM(p_monday+0,21) -> S45 | H5: ="S"&WEEKNUM(p_monday+7,21) -> S46 | I5: ="S"&WEEKNUM(p_monday+14,21) -> S47 | J5: ="S"&WEEKNUM(p_monday+21,21) -> S48 | K5: ="S"&WEEKNUM(p_monday+28,21) -> S49 | L5: ="S"&WEEKNUM(p_monday+35,21) -> S50 | M5: ="S"&WEEKNUM(p_monday+42,21) -> S51 | N5: ="S"&WEEKNUM(p_monday+49,21) -> S52 | O5: ="S"&WEEKNUM(p_monday+56,21) -> S53 | P5: ="S"&WEEKNUM(p_monday+63,21) -> S1 | Q5: ="S"&WEEKNUM(p_monday+70,21) -> S2 | R5: ="S"&WEEKNUM(p_monday+77,21) -> S3
C6: Semaine du | G6: =p_monday+0 -> 46328 | H6: =p_monday+7 -> 46335 | I6: =p_monday+14 -> 46342 | J6: =p_monday+21 -> 46349 | K6: =p_monday+28 -> 46356 | L6: =p_monday+35 -> 46363 | M6: =p_monday+42 -> 46370 | N6: =p_monday+49 -> 46377 | O6: =p_monday+56 -> 46384 | P6: =p_monday+63 -> 46391 | Q6: =p_monday+70 -> 46398 | R6: =p_monday+77 -> 46405
C7: Réalisations prévues | G7: =SUM(G10:G509) -> 0 | H7: =SUM(H10:H509) -> 0 | I7: =SUM(I10:I509) -> 0 | J7: =SUM(J10:J509) -> 0 | K7: =SUM(K10:K509) -> 0 | L7: =SUM(L10:L509) -> 0 | M7: =SUM(M10:M509) -> 0 | N7: =SUM(N10:N509) -> 0 | ... R7: =SUM(R10:R509) -> 0
C8: Heures prévues | G8: =SUMPRODUCT(G10:G509,$U$10:$U$509) -> 0 | H8: =SUMPRODUCT(H10:H509,$U$10:$U$509) -> 0 | I8: =SUMPRODUCT(I10:I509,$U$10:$U$509) -> 0 | J8: =SUMPRODUCT(J10:J509,$U$10:$U$509) -> 0 | K8: =SUMPRODUCT(K10:K509,$U$10:$U$509) -> 0 | L8: =SUMPRODUCT(L10:L509,$U$10:$U$509) -> 0 | M8: =SUMPRODUCT(M10:M509,$U$10:$U$509) -> 0 | N8: =SUMPRODUCT(N10:N509,$U$10:$U$509) -> 0 | ... R8: =SUMPRODUCT(R10:R509,$U$10:$U$509) -> 0
A10: =IF(INDEX(pl_status,1)="","",INDEX(pl_num,1)&"") | B10: =IF(INDEX(pl_status,1)="","",INDEX(pl_eq,1)&"") | C10: =IF(INDEX(pl_status,1)="","",INDEX(pl_task,1)&"") | D10: =IF(ISNUMBER(INDEX(pl_due,1)),INDEX(pl_due,1),"") | E10: =INDEX(pl_status,1)&"" | F10: =IF(E10="En retard","●","") | G10: =IF(ISNUMBER($S10),MAX(0,INT((G$6+6-$S10)/$T10)-MAX(0,-INT(-(G$6-$S10)/$T10))+1),0) -> 0 | H10: =IF(ISNUMBER($S10),MAX(0,INT((H$6+6-$S10)/$T10)-MAX(0,-INT(-(H$6-$S10)/$T10))+1),0) -> 0 | I10: =IF(ISNUMBER($S10),MAX(0,INT((I$6+6-$S10)/$T10)-MAX(0,-INT(-(I$6-$S10)/$T10))+1),0) -> 0 | J10: =IF(ISNUMBER($S10),MAX(0,INT((J$6+6-$S10)/$T10)-MAX(0,-INT(-(J$6-$S10)/$T10))+1),0) -> 0 | K10: =IF(ISNUMBER($S10),MAX(0,INT((K$6+6-$S10)/$T10)-MAX(0,-INT(-(K$6-$S10)/$T10))+1),0) -> 0 | L10: =IF(ISNUMBER($S10),MAX(0,INT((L$6+6-$S10)/$T10)-MAX(0,-INT(-(L$6-$S10)/$T10))+1),0) -> 0 | M10: =IF(ISNUMBER($S10),MAX(0,INT((M$6+6-$S10)/$T10)-MAX(0,-INT(-(M$6-$S10)/$T10))+1),0) -> 0 | N10: =IF(ISNUMBER($S10),MAX(0,INT((N$6+6-$S10)/$T10)-MAX(0,-INT(-(N$6-$S10)/$T10))+1),0) -> 0 | ... R10: =IF(ISNUMBER($S10),MAX(0,INT((R$6+6-$S10)/$T10)-MAX(0,-INT(-(R$6-$S10)/$T10))+1),0) -> 0 | S10: =IF(ISNUMBER(INDEX(pl_period,1)),MAX(INDEX(pl_due,1),p_today),"") | T10: =IF(ISNUMBER(INDEX(pl_period,1)),INDEX(pl_period,1),"") | U10: =N(INDEX(pl_dur,1)) -> 0
A11: =IF(INDEX(pl_status,2)="","",INDEX(pl_num,2)&"") | B11: =IF(INDEX(pl_status,2)="","",INDEX(pl_eq,2)&"") | C11: =IF(INDEX(pl_status,2)="","",INDEX(pl_task,2)&"") | D11: =IF(ISNUMBER(INDEX(pl_due,2)),INDEX(pl_due,2),"") | E11: =INDEX(pl_status,2)&"" | F11: =IF(E11="En retard","●","") | G11: =IF(ISNUMBER($S11),MAX(0,INT((G$6+6-$S11)/$T11)-MAX(0,-INT(-(G$6-$S11)/$T11))+1),0) -> 0 | H11: =IF(ISNUMBER($S11),MAX(0,INT((H$6+6-$S11)/$T11)-MAX(0,-INT(-(H$6-$S11)/$T11))+1),0) -> 0 | I11: =IF(ISNUMBER($S11),MAX(0,INT((I$6+6-$S11)/$T11)-MAX(0,-INT(-(I$6-$S11)/$T11))+1),0) -> 0 | J11: =IF(ISNUMBER($S11),MAX(0,INT((J$6+6-$S11)/$T11)-MAX(0,-INT(-(J$6-$S11)/$T11))+1),0) -> 0 | K11: =IF(ISNUMBER($S11),MAX(0,INT((K$6+6-$S11)/$T11)-MAX(0,-INT(-(K$6-$S11)/$T11))+1),0) -> 0 | L11: =IF(ISNUMBER($S11),MAX(0,INT((L$6+6-$S11)/$T11)-MAX(0,-INT(-(L$6-$S11)/$T11))+1),0) -> 0 | M11: =IF(ISNUMBER($S11),MAX(0,INT((M$6+6-$S11)/$T11)-MAX(0,-INT(-(M$6-$S11)/$T11))+1),0) -> 0 | N11: =IF(ISNUMBER($S11),MAX(0,INT((N$6+6-$S11)/$T11)-MAX(0,-INT(-(N$6-$S11)/$T11))+1),0) -> 0 | ... R11: =IF(ISNUMBER($S11),MAX(0,INT((R$6+6-$S11)/$T11)-MAX(0,-INT(-(R$6-$S11)/$T11))+1),0) -> 0 | S11: =IF(ISNUMBER(INDEX(pl_period,2)),MAX(INDEX(pl_due,2),p_today),"") | T11: =IF(ISNUMBER(INDEX(pl_period,2)),INDEX(pl_period,2),"") | U11: =N(INDEX(pl_dur,2)) -> 0
A12: =IF(INDEX(pl_status,3)="","",INDEX(pl_num,3)&"") | B12: =IF(INDEX(pl_status,3)="","",INDEX(pl_eq,3)&"") | C12: =IF(INDEX(pl_status,3)="","",INDEX(pl_task,3)&"") | D12: =IF(ISNUMBER(INDEX(pl_due,3)),INDEX(pl_due,3),"") | E12: =INDEX(pl_status,3)&"" | F12: =IF(E12="En retard","●","") | G12: =IF(ISNUMBER($S12),MAX(0,INT((G$6+6-$S12)/$T12)-MAX(0,-INT(-(G$6-$S12)/$T12))+1),0) -> 0 | H12: =IF(ISNUMBER($S12),MAX(0,INT((H$6+6-$S12)/$T12)-MAX(0,-INT(-(H$6-$S12)/$T12))+1),0) -> 0 | I12: =IF(ISNUMBER($S12),MAX(0,INT((I$6+6-$S12)/$T12)-MAX(0,-INT(-(I$6-$S12)/$T12))+1),0) -> 0 | J12: =IF(ISNUMBER($S12),MAX(0,INT((J$6+6-$S12)/$T12)-MAX(0,-INT(-(J$6-$S12)/$T12))+1),0) -> 0 | K12: =IF(ISNUMBER($S12),MAX(0,INT((K$6+6-$S12)/$T12)-MAX(0,-INT(-(K$6-$S12)/$T12))+1),0) -> 0 | L12: =IF(ISNUMBER($S12),MAX(0,INT((L$6+6-$S12)/$T12)-MAX(0,-INT(-(L$6-$S12)/$T12))+1),0) -> 0 | M12: =IF(ISNUMBER($S12),MAX(0,INT((M$6+6-$S12)/$T12)-MAX(0,-INT(-(M$6-$S12)/$T12))+1),0) -> 0 | N12: =IF(ISNUMBER($S12),MAX(0,INT((N$6+6-$S12)/$T12)-MAX(0,-INT(-(N$6-$S12)/$T12))+1),0) -> 0 | ... R12: =IF(ISNUMBER($S12),MAX(0,INT((R$6+6-$S12)/$T12)-MAX(0,-INT(-(R$6-$S12)/$T12))+1),0) -> 0 | S12: =IF(ISNUMBER(INDEX(pl_period,3)),MAX(INDEX(pl_due,3),p_today),"") | T12: =IF(ISNUMBER(INDEX(pl_period,3)),INDEX(pl_period,3),"") | U12: =N(INDEX(pl_dur,3)) -> 0
A13: =IF(INDEX(pl_status,4)="","",INDEX(pl_num,4)&"") | B13: =IF(INDEX(pl_status,4)="","",INDEX(pl_eq,4)&"") | C13: =IF(INDEX(pl_status,4)="","",INDEX(pl_task,4)&"") | D13: =IF(ISNUMBER(INDEX(pl_due,4)),INDEX(pl_due,4),"") | E13: =INDEX(pl_status,4)&"" | F13: =IF(E13="En retard","●","") | G13: =IF(ISNUMBER($S13),MAX(0,INT((G$6+6-$S13)/$T13)-MAX(0,-INT(-(G$6-$S13)/$T13))+1),0) -> 0 | H13: =IF(ISNUMBER($S13),MAX(0,INT((H$6+6-$S13)/$T13)-MAX(0,-INT(-(H$6-$S13)/$T13))+1),0) -> 0 | I13: =IF(ISNUMBER($S13),MAX(0,INT((I$6+6-$S13)/$T13)-MAX(0,-INT(-(I$6-$S13)/$T13))+1),0) -> 0 | J13: =IF(ISNUMBER($S13),MAX(0,INT((J$6+6-$S13)/$T13)-MAX(0,-INT(-(J$6-$S13)/$T13))+1),0) -> 0 | K13: =IF(ISNUMBER($S13),MAX(0,INT((K$6+6-$S13)/$T13)-MAX(0,-INT(-(K$6-$S13)/$T13))+1),0) -> 0 | L13: =IF(ISNUMBER($S13),MAX(0,INT((L$6+6-$S13)/$T13)-MAX(0,-INT(-(L$6-$S13)/$T13))+1),0) -> 0 | M13: =IF(ISNUMBER($S13),MAX(0,INT((M$6+6-$S13)/$T13)-MAX(0,-INT(-(M$6-$S13)/$T13))+1),0) -> 0 | N13: =IF(ISNUMBER($S13),MAX(0,INT((N$6+6-$S13)/$T13)-MAX(0,-INT(-(N$6-$S13)/$T13))+1),0) -> 0 | ... R13: =IF(ISNUMBER($S13),MAX(0,INT((R$6+6-$S13)/$T13)-MAX(0,-INT(-(R$6-$S13)/$T13))+1),0) -> 0 | S13: =IF(ISNUMBER(INDEX(pl_period,4)),MAX(INDEX(pl_due,4),p_today),"") | T13: =IF(ISNUMBER(INDEX(pl_period,4)),INDEX(pl_period,4),"") | U13: =N(INDEX(pl_dur,4)) -> 0
A14: =IF(INDEX(pl_status,5)="","",INDEX(pl_num,5)&"") | B14: =IF(INDEX(pl_status,5)="","",INDEX(pl_eq,5)&"") | C14: =IF(INDEX(pl_status,5)="","",INDEX(pl_task,5)&"") | D14: =IF(ISNUMBER(INDEX(pl_due,5)),INDEX(pl_due,5),"") | E14: =INDEX(pl_status,5)&"" | F14: =IF(E14="En retard","●","") | G14: =IF(ISNUMBER($S14),MAX(0,INT((G$6+6-$S14)/$T14)-MAX(0,-INT(-(G$6-$S14)/$T14))+1),0) -> 0 | H14: =IF(ISNUMBER($S14),MAX(0,INT((H$6+6-$S14)/$T14)-MAX(0,-INT(-(H$6-$S14)/$T14))+1),0) -> 0 | I14: =IF(ISNUMBER($S14),MAX(0,INT((I$6+6-$S14)/$T14)-MAX(0,-INT(-(I$6-$S14)/$T14))+1),0) -> 0 | J14: =IF(ISNUMBER($S14),MAX(0,INT((J$6+6-$S14)/$T14)-MAX(0,-INT(-(J$6-$S14)/$T14))+1),0) -> 0 | K14: =IF(ISNUMBER($S14),MAX(0,INT((K$6+6-$S14)/$T14)-MAX(0,-INT(-(K$6-$S14)/$T14))+1),0) -> 0 | L14: =IF(ISNUMBER($S14),MAX(0,INT((L$6+6-$S14)/$T14)-MAX(0,-INT(-(L$6-$S14)/$T14))+1),0) -> 0 | M14: =IF(ISNUMBER($S14),MAX(0,INT((M$6+6-$S14)/$T14)-MAX(0,-INT(-(M$6-$S14)/$T14))+1),0) -> 0 | N14: =IF(ISNUMBER($S14),MAX(0,INT((N$6+6-$S14)/$T14)-MAX(0,-INT(-(N$6-$S14)/$T14))+1),0) -> 0 | ... R14: =IF(ISNUMBER($S14),MAX(0,INT((R$6+6-$S14)/$T14)-MAX(0,-INT(-(R$6-$S14)/$T14))+1),0) -> 0 | S14: =IF(ISNUMBER(INDEX(pl_period,5)),MAX(INDEX(pl_due,5),p_today),"") | T14: =IF(ISNUMBER(INDEX(pl_period,5)),INDEX(pl_period,5),"") | U14: =N(INDEX(pl_dur,5)) -> 0
A15: =IF(INDEX(pl_status,6)="","",INDEX(pl_num,6)&"") | B15: =IF(INDEX(pl_status,6)="","",INDEX(pl_eq,6)&"") | C15: =IF(INDEX(pl_status,6)="","",INDEX(pl_task,6)&"") | D15: =IF(ISNUMBER(INDEX(pl_due,6)),INDEX(pl_due,6),"") | E15: =INDEX(pl_status,6)&"" | F15: =IF(E15="En retard","●","") | G15: =IF(ISNUMBER($S15),MAX(0,INT((G$6+6-$S15)/$T15)-MAX(0,-INT(-(G$6-$S15)/$T15))+1),0) -> 0 | H15: =IF(ISNUMBER($S15),MAX(0,INT((H$6+6-$S15)/$T15)-MAX(0,-INT(-(H$6-$S15)/$T15))+1),0) -> 0 | I15: =IF(ISNUMBER($S15),MAX(0,INT((I$6+6-$S15)/$T15)-MAX(0,-INT(-(I$6-$S15)/$T15))+1),0) -> 0 | J15: =IF(ISNUMBER($S15),MAX(0,INT((J$6+6-$S15)/$T15)-MAX(0,-INT(-(J$6-$S15)/$T15))+1),0) -> 0 | K15: =IF(ISNUMBER($S15),MAX(0,INT((K$6+6-$S15)/$T15)-MAX(0,-INT(-(K$6-$S15)/$T15))+1),0) -> 0 | L15: =IF(ISNUMBER($S15),MAX(0,INT((L$6+6-$S15)/$T15)-MAX(0,-INT(-(L$6-$S15)/$T15))+1),0) -> 0 | M15: =IF(ISNUMBER($S15),MAX(0,INT((M$6+6-$S15)/$T15)-MAX(0,-INT(-(M$6-$S15)/$T15))+1),0) -> 0 | N15: =IF(ISNUMBER($S15),MAX(0,INT((N$6+6-$S15)/$T15)-MAX(0,-INT(-(N$6-$S15)/$T15))+1),0) -> 0 | ... R15: =IF(ISNUMBER($S15),MAX(0,INT((R$6+6-$S15)/$T15)-MAX(0,-INT(-(R$6-$S15)/$T15))+1),0) -> 0 | S15: =IF(ISNUMBER(INDEX(pl_period,6)),MAX(INDEX(pl_due,6),p_today),"") | T15: =IF(ISNUMBER(INDEX(pl_period,6)),INDEX(pl_period,6),"") | U15: =N(INDEX(pl_dur,6)) -> 0
A16: =IF(INDEX(pl_status,7)="","",INDEX(pl_num,7)&"") | B16: =IF(INDEX(pl_status,7)="","",INDEX(pl_eq,7)&"") | C16: =IF(INDEX(pl_status,7)="","",INDEX(pl_task,7)&"") | D16: =IF(ISNUMBER(INDEX(pl_due,7)),INDEX(pl_due,7),"") | E16: =INDEX(pl_status,7)&"" | F16: =IF(E16="En retard","●","") | G16: =IF(ISNUMBER($S16),MAX(0,INT((G$6+6-$S16)/$T16)-MAX(0,-INT(-(G$6-$S16)/$T16))+1),0) -> 0 | H16: =IF(ISNUMBER($S16),MAX(0,INT((H$6+6-$S16)/$T16)-MAX(0,-INT(-(H$6-$S16)/$T16))+1),0) -> 0 | I16: =IF(ISNUMBER($S16),MAX(0,INT((I$6+6-$S16)/$T16)-MAX(0,-INT(-(I$6-$S16)/$T16))+1),0) -> 0 | J16: =IF(ISNUMBER($S16),MAX(0,INT((J$6+6-$S16)/$T16)-MAX(0,-INT(-(J$6-$S16)/$T16))+1),0) -> 0 | K16: =IF(ISNUMBER($S16),MAX(0,INT((K$6+6-$S16)/$T16)-MAX(0,-INT(-(K$6-$S16)/$T16))+1),0) -> 0 | L16: =IF(ISNUMBER($S16),MAX(0,INT((L$6+6-$S16)/$T16)-MAX(0,-INT(-(L$6-$S16)/$T16))+1),0) -> 0 | M16: =IF(ISNUMBER($S16),MAX(0,INT((M$6+6-$S16)/$T16)-MAX(0,-INT(-(M$6-$S16)/$T16))+1),0) -> 0 | N16: =IF(ISNUMBER($S16),MAX(0,INT((N$6+6-$S16)/$T16)-MAX(0,-INT(-(N$6-$S16)/$T16))+1),0) -> 0 | ... R16: =IF(ISNUMBER($S16),MAX(0,INT((R$6+6-$S16)/$T16)-MAX(0,-INT(-(R$6-$S16)/$T16))+1),0) -> 0 | S16: =IF(ISNUMBER(INDEX(pl_period,7)),MAX(INDEX(pl_due,7),p_today),"") | T16: =IF(ISNUMBER(INDEX(pl_period,7)),INDEX(pl_period,7),"") | U16: =N(INDEX(pl_dur,7)) -> 0
A17: =IF(INDEX(pl_status,8)="","",INDEX(pl_num,8)&"") | B17: =IF(INDEX(pl_status,8)="","",INDEX(pl_eq,8)&"") | C17: =IF(INDEX(pl_status,8)="","",INDEX(pl_task,8)&"") | D17: =IF(ISNUMBER(INDEX(pl_due,8)),INDEX(pl_due,8),"") | E17: =INDEX(pl_status,8)&"" | F17: =IF(E17="En retard","●","") | G17: =IF(ISNUMBER($S17),MAX(0,INT((G$6+6-$S17)/$T17)-MAX(0,-INT(-(G$6-$S17)/$T17))+1),0) -> 0 | H17: =IF(ISNUMBER($S17),MAX(0,INT((H$6+6-$S17)/$T17)-MAX(0,-INT(-(H$6-$S17)/$T17))+1),0) -> 0 | I17: =IF(ISNUMBER($S17),MAX(0,INT((I$6+6-$S17)/$T17)-MAX(0,-INT(-(I$6-$S17)/$T17))+1),0) -> 0 | J17: =IF(ISNUMBER($S17),MAX(0,INT((J$6+6-$S17)/$T17)-MAX(0,-INT(-(J$6-$S17)/$T17))+1),0) -> 0 | K17: =IF(ISNUMBER($S17),MAX(0,INT((K$6+6-$S17)/$T17)-MAX(0,-INT(-(K$6-$S17)/$T17))+1),0) -> 0 | L17: =IF(ISNUMBER($S17),MAX(0,INT((L$6+6-$S17)/$T17)-MAX(0,-INT(-(L$6-$S17)/$T17))+1),0) -> 0 | M17: =IF(ISNUMBER($S17),MAX(0,INT((M$6+6-$S17)/$T17)-MAX(0,-INT(-(M$6-$S17)/$T17))+1),0) -> 0 | N17: =IF(ISNUMBER($S17),MAX(0,INT((N$6+6-$S17)/$T17)-MAX(0,-INT(-(N$6-$S17)/$T17))+1),0) -> 0 | ... R17: =IF(ISNUMBER($S17),MAX(0,INT((R$6+6-$S17)/$T17)-MAX(0,-INT(-(R$6-$S17)/$T17))+1),0) -> 0 | S17: =IF(ISNUMBER(INDEX(pl_period,8)),MAX(INDEX(pl_due,8),p_today),"") | T17: =IF(ISNUMBER(INDEX(pl_period,8)),INDEX(pl_period,8),"") | U17: =N(INDEX(pl_dur,8)) -> 0
A18: =IF(INDEX(pl_status,9)="","",INDEX(pl_num,9)&"") | B18: =IF(INDEX(pl_status,9)="","",INDEX(pl_eq,9)&"") | C18: =IF(INDEX(pl_status,9)="","",INDEX(pl_task,9)&"") | D18: =IF(ISNUMBER(INDEX(pl_due,9)),INDEX(pl_due,9),"") | E18: =INDEX(pl_status,9)&"" | F18: =IF(E18="En retard","●","") | G18: =IF(ISNUMBER($S18),MAX(0,INT((G$6+6-$S18)/$T18)-MAX(0,-INT(-(G$6-$S18)/$T18))+1),0) -> 0 | H18: =IF(ISNUMBER($S18),MAX(0,INT((H$6+6-$S18)/$T18)-MAX(0,-INT(-(H$6-$S18)/$T18))+1),0) -> 0 | I18: =IF(ISNUMBER($S18),MAX(0,INT((I$6+6-$S18)/$T18)-MAX(0,-INT(-(I$6-$S18)/$T18))+1),0) -> 0 | J18: =IF(ISNUMBER($S18),MAX(0,INT((J$6+6-$S18)/$T18)-MAX(0,-INT(-(J$6-$S18)/$T18))+1),0) -> 0 | K18: =IF(ISNUMBER($S18),MAX(0,INT((K$6+6-$S18)/$T18)-MAX(0,-INT(-(K$6-$S18)/$T18))+1),0) -> 0 | L18: =IF(ISNUMBER($S18),MAX(0,INT((L$6+6-$S18)/$T18)-MAX(0,-INT(-(L$6-$S18)/$T18))+1),0) -> 0 | M18: =IF(ISNUMBER($S18),MAX(0,INT((M$6+6-$S18)/$T18)-MAX(0,-INT(-(M$6-$S18)/$T18))+1),0) -> 0 | N18: =IF(ISNUMBER($S18),MAX(0,INT((N$6+6-$S18)/$T18)-MAX(0,-INT(-(N$6-$S18)/$T18))+1),0) -> 0 | ... R18: =IF(ISNUMBER($S18),MAX(0,INT((R$6+6-$S18)/$T18)-MAX(0,-INT(-(R$6-$S18)/$T18))+1),0) -> 0 | S18: =IF(ISNUMBER(INDEX(pl_period,9)),MAX(INDEX(pl_due,9),p_today),"") | T18: =IF(ISNUMBER(INDEX(pl_period,9)),INDEX(pl_period,9),"") | U18: =N(INDEX(pl_dur,9)) -> 0
A19: =IF(INDEX(pl_status,10)="","",INDEX(pl_num,10)&"") | B19: =IF(INDEX(pl_status,10)="","",INDEX(pl_eq,10)&"") | C19: =IF(INDEX(pl_status,10)="","",INDEX(pl_task,10)&"") | D19: =IF(ISNUMBER(INDEX(pl_due,10)),INDEX(pl_due,10),"") | E19: =INDEX(pl_status,10)&"" | F19: =IF(E19="En retard","●","") | G19: =IF(ISNUMBER($S19),MAX(0,INT((G$6+6-$S19)/$T19)-MAX(0,-INT(-(G$6-$S19)/$T19))+1),0) -> 0 | H19: =IF(ISNUMBER($S19),MAX(0,INT((H$6+6-$S19)/$T19)-MAX(0,-INT(-(H$6-$S19)/$T19))+1),0) -> 0 | I19: =IF(ISNUMBER($S19),MAX(0,INT((I$6+6-$S19)/$T19)-MAX(0,-INT(-(I$6-$S19)/$T19))+1),0) -> 0 | J19: =IF(ISNUMBER($S19),MAX(0,INT((J$6+6-$S19)/$T19)-MAX(0,-INT(-(J$6-$S19)/$T19))+1),0) -> 0 | K19: =IF(ISNUMBER($S19),MAX(0,INT((K$6+6-$S19)/$T19)-MAX(0,-INT(-(K$6-$S19)/$T19))+1),0) -> 0 | L19: =IF(ISNUMBER($S19),MAX(0,INT((L$6+6-$S19)/$T19)-MAX(0,-INT(-(L$6-$S19)/$T19))+1),0) -> 0 | M19: =IF(ISNUMBER($S19),MAX(0,INT((M$6+6-$S19)/$T19)-MAX(0,-INT(-(M$6-$S19)/$T19))+1),0) -> 0 | N19: =IF(ISNUMBER($S19),MAX(0,INT((N$6+6-$S19)/$T19)-MAX(0,-INT(-(N$6-$S19)/$T19))+1),0) -> 0 | ... R19: =IF(ISNUMBER($S19),MAX(0,INT((R$6+6-$S19)/$T19)-MAX(0,-INT(-(R$6-$S19)/$T19))+1),0) -> 0 | S19: =IF(ISNUMBER(INDEX(pl_period,10)),MAX(INDEX(pl_due,10),p_today),"") | T19: =IF(ISNUMBER(INDEX(pl_period,10)),INDEX(pl_period,10),"") | U19: =N(INDEX(pl_dur,10)) -> 0
A20: =IF(INDEX(pl_status,11)="","",INDEX(pl_num,11)&"") | B20: =IF(INDEX(pl_status,11)="","",INDEX(pl_eq,11)&"") | C20: =IF(INDEX(pl_status,11)="","",INDEX(pl_task,11)&"") | D20: =IF(ISNUMBER(INDEX(pl_due,11)),INDEX(pl_due,11),"") | E20: =INDEX(pl_status,11)&"" | F20: =IF(E20="En retard","●","") | G20: =IF(ISNUMBER($S20),MAX(0,INT((G$6+6-$S20)/$T20)-MAX(0,-INT(-(G$6-$S20)/$T20))+1),0) -> 0 | H20: =IF(ISNUMBER($S20),MAX(0,INT((H$6+6-$S20)/$T20)-MAX(0,-INT(-(H$6-$S20)/$T20))+1),0) -> 0 | I20: =IF(ISNUMBER($S20),MAX(0,INT((I$6+6-$S20)/$T20)-MAX(0,-INT(-(I$6-$S20)/$T20))+1),0) -> 0 | J20: =IF(ISNUMBER($S20),MAX(0,INT((J$6+6-$S20)/$T20)-MAX(0,-INT(-(J$6-$S20)/$T20))+1),0) -> 0 | K20: =IF(ISNUMBER($S20),MAX(0,INT((K$6+6-$S20)/$T20)-MAX(0,-INT(-(K$6-$S20)/$T20))+1),0) -> 0 | L20: =IF(ISNUMBER($S20),MAX(0,INT((L$6+6-$S20)/$T20)-MAX(0,-INT(-(L$6-$S20)/$T20))+1),0) -> 0 | M20: =IF(ISNUMBER($S20),MAX(0,INT((M$6+6-$S20)/$T20)-MAX(0,-INT(-(M$6-$S20)/$T20))+1),0) -> 0 | N20: =IF(ISNUMBER($S20),MAX(0,INT((N$6+6-$S20)/$T20)-MAX(0,-INT(-(N$6-$S20)/$T20))+1),0) -> 0 | ... R20: =IF(ISNUMBER($S20),MAX(0,INT((R$6+6-$S20)/$T20)-MAX(0,-INT(-(R$6-$S20)/$T20))+1),0) -> 0 | S20: =IF(ISNUMBER(INDEX(pl_period,11)),MAX(INDEX(pl_due,11),p_today),"") | T20: =IF(ISNUMBER(INDEX(pl_period,11)),INDEX(pl_period,11),"") | U20: =N(INDEX(pl_dur,11)) -> 0
A21: =IF(INDEX(pl_status,12)="","",INDEX(pl_num,12)&"") | B21: =IF(INDEX(pl_status,12)="","",INDEX(pl_eq,12)&"") | C21: =IF(INDEX(pl_status,12)="","",INDEX(pl_task,12)&"") | D21: =IF(ISNUMBER(INDEX(pl_due,12)),INDEX(pl_due,12),"") | E21: =INDEX(pl_status,12)&"" | F21: =IF(E21="En retard","●","") | G21: =IF(ISNUMBER($S21),MAX(0,INT((G$6+6-$S21)/$T21)-MAX(0,-INT(-(G$6-$S21)/$T21))+1),0) -> 0 | H21: =IF(ISNUMBER($S21),MAX(0,INT((H$6+6-$S21)/$T21)-MAX(0,-INT(-(H$6-$S21)/$T21))+1),0) -> 0 | I21: =IF(ISNUMBER($S21),MAX(0,INT((I$6+6-$S21)/$T21)-MAX(0,-INT(-(I$6-$S21)/$T21))+1),0) -> 0 | J21: =IF(ISNUMBER($S21),MAX(0,INT((J$6+6-$S21)/$T21)-MAX(0,-INT(-(J$6-$S21)/$T21))+1),0) -> 0 | K21: =IF(ISNUMBER($S21),MAX(0,INT((K$6+6-$S21)/$T21)-MAX(0,-INT(-(K$6-$S21)/$T21))+1),0) -> 0 | L21: =IF(ISNUMBER($S21),MAX(0,INT((L$6+6-$S21)/$T21)-MAX(0,-INT(-(L$6-$S21)/$T21))+1),0) -> 0 | M21: =IF(ISNUMBER($S21),MAX(0,INT((M$6+6-$S21)/$T21)-MAX(0,-INT(-(M$6-$S21)/$T21))+1),0) -> 0 | N21: =IF(ISNUMBER($S21),MAX(0,INT((N$6+6-$S21)/$T21)-MAX(0,-INT(-(N$6-$S21)/$T21))+1),0) -> 0 | ... R21: =IF(ISNUMBER($S21),MAX(0,INT((R$6+6-$S21)/$T21)-MAX(0,-INT(-(R$6-$S21)/$T21))+1),0) -> 0 | S21: =IF(ISNUMBER(INDEX(pl_period,12)),MAX(INDEX(pl_due,12),p_today),"") | T21: =IF(ISNUMBER(INDEX(pl_period,12)),INDEX(pl_period,12),"") | U21: =N(INDEX(pl_dur,12)) -> 0
A22: =IF(INDEX(pl_status,13)="","",INDEX(pl_num,13)&"") | B22: =IF(INDEX(pl_status,13)="","",INDEX(pl_eq,13)&"") | C22: =IF(INDEX(pl_status,13)="","",INDEX(pl_task,13)&"") | D22: =IF(ISNUMBER(INDEX(pl_due,13)),INDEX(pl_due,13),"") | E22: =INDEX(pl_status,13)&"" | F22: =IF(E22="En retard","●","") | G22: =IF(ISNUMBER($S22),MAX(0,INT((G$6+6-$S22)/$T22)-MAX(0,-INT(-(G$6-$S22)/$T22))+1),0) -> 0 | H22: =IF(ISNUMBER($S22),MAX(0,INT((H$6+6-$S22)/$T22)-MAX(0,-INT(-(H$6-$S22)/$T22))+1),0) -> 0 | I22: =IF(ISNUMBER($S22),MAX(0,INT((I$6+6-$S22)/$T22)-MAX(0,-INT(-(I$6-$S22)/$T22))+1),0) -> 0 | J22: =IF(ISNUMBER($S22),MAX(0,INT((J$6+6-$S22)/$T22)-MAX(0,-INT(-(J$6-$S22)/$T22))+1),0) -> 0 | K22: =IF(ISNUMBER($S22),MAX(0,INT((K$6+6-$S22)/$T22)-MAX(0,-INT(-(K$6-$S22)/$T22))+1),0) -> 0 | L22: =IF(ISNUMBER($S22),MAX(0,INT((L$6+6-$S22)/$T22)-MAX(0,-INT(-(L$6-$S22)/$T22))+1),0) -> 0 | M22: =IF(ISNUMBER($S22),MAX(0,INT((M$6+6-$S22)/$T22)-MAX(0,-INT(-(M$6-$S22)/$T22))+1),0) -> 0 | N22: =IF(ISNUMBER($S22),MAX(0,INT((N$6+6-$S22)/$T22)-MAX(0,-INT(-(N$6-$S22)/$T22))+1),0) -> 0 | ... R22: =IF(ISNUMBER($S22),MAX(0,INT((R$6+6-$S22)/$T22)-MAX(0,-INT(-(R$6-$S22)/$T22))+1),0) -> 0 | S22: =IF(ISNUMBER(INDEX(pl_period,13)),MAX(INDEX(pl_due,13),p_today),"") | T22: =IF(ISNUMBER(INDEX(pl_period,13)),INDEX(pl_period,13),"") | U22: =N(INDEX(pl_dur,13)) -> 0
A23: =IF(INDEX(pl_status,14)="","",INDEX(pl_num,14)&"") | B23: =IF(INDEX(pl_status,14)="","",INDEX(pl_eq,14)&"") | C23: =IF(INDEX(pl_status,14)="","",INDEX(pl_task,14)&"") | D23: =IF(ISNUMBER(INDEX(pl_due,14)),INDEX(pl_due,14),"") | E23: =INDEX(pl_status,14)&"" | F23: =IF(E23="En retard","●","") | G23: =IF(ISNUMBER($S23),MAX(0,INT((G$6+6-$S23)/$T23)-MAX(0,-INT(-(G$6-$S23)/$T23))+1),0) -> 0 | H23: =IF(ISNUMBER($S23),MAX(0,INT((H$6+6-$S23)/$T23)-MAX(0,-INT(-(H$6-$S23)/$T23))+1),0) -> 0 | I23: =IF(ISNUMBER($S23),MAX(0,INT((I$6+6-$S23)/$T23)-MAX(0,-INT(-(I$6-$S23)/$T23))+1),0) -> 0 | J23: =IF(ISNUMBER($S23),MAX(0,INT((J$6+6-$S23)/$T23)-MAX(0,-INT(-(J$6-$S23)/$T23))+1),0) -> 0 | K23: =IF(ISNUMBER($S23),MAX(0,INT((K$6+6-$S23)/$T23)-MAX(0,-INT(-(K$6-$S23)/$T23))+1),0) -> 0 | L23: =IF(ISNUMBER($S23),MAX(0,INT((L$6+6-$S23)/$T23)-MAX(0,-INT(-(L$6-$S23)/$T23))+1),0) -> 0 | M23: =IF(ISNUMBER($S23),MAX(0,INT((M$6+6-$S23)/$T23)-MAX(0,-INT(-(M$6-$S23)/$T23))+1),0) -> 0 | N23: =IF(ISNUMBER($S23),MAX(0,INT((N$6+6-$S23)/$T23)-MAX(0,-INT(-(N$6-$S23)/$T23))+1),0) -> 0 | ... R23: =IF(ISNUMBER($S23),MAX(0,INT((R$6+6-$S23)/$T23)-MAX(0,-INT(-(R$6-$S23)/$T23))+1),0) -> 0 | S23: =IF(ISNUMBER(INDEX(pl_period,14)),MAX(INDEX(pl_due,14),p_today),"") | T23: =IF(ISNUMBER(INDEX(pl_period,14)),INDEX(pl_period,14),"") | U23: =N(INDEX(pl_dur,14)) -> 0
A24: =IF(INDEX(pl_status,15)="","",INDEX(pl_num,15)&"") | B24: =IF(INDEX(pl_status,15)="","",INDEX(pl_eq,15)&"") | C24: =IF(INDEX(pl_status,15)="","",INDEX(pl_task,15)&"") | D24: =IF(ISNUMBER(INDEX(pl_due,15)),INDEX(pl_due,15),"") | E24: =INDEX(pl_status,15)&"" | F24: =IF(E24="En retard","●","") | G24: =IF(ISNUMBER($S24),MAX(0,INT((G$6+6-$S24)/$T24)-MAX(0,-INT(-(G$6-$S24)/$T24))+1),0) -> 0 | H24: =IF(ISNUMBER($S24),MAX(0,INT((H$6+6-$S24)/$T24)-MAX(0,-INT(-(H$6-$S24)/$T24))+1),0) -> 0 | I24: =IF(ISNUMBER($S24),MAX(0,INT((I$6+6-$S24)/$T24)-MAX(0,-INT(-(I$6-$S24)/$T24))+1),0) -> 0 | J24: =IF(ISNUMBER($S24),MAX(0,INT((J$6+6-$S24)/$T24)-MAX(0,-INT(-(J$6-$S24)/$T24))+1),0) -> 0 | K24: =IF(ISNUMBER($S24),MAX(0,INT((K$6+6-$S24)/$T24)-MAX(0,-INT(-(K$6-$S24)/$T24))+1),0) -> 0 | L24: =IF(ISNUMBER($S24),MAX(0,INT((L$6+6-$S24)/$T24)-MAX(0,-INT(-(L$6-$S24)/$T24))+1),0) -> 0 | M24: =IF(ISNUMBER($S24),MAX(0,INT((M$6+6-$S24)/$T24)-MAX(0,-INT(-(M$6-$S24)/$T24))+1),0) -> 0 | N24: =IF(ISNUMBER($S24),MAX(0,INT((N$6+6-$S24)/$T24)-MAX(0,-INT(-(N$6-$S24)/$T24))+1),0) -> 0 | ... R24: =IF(ISNUMBER($S24),MAX(0,INT((R$6+6-$S24)/$T24)-MAX(0,-INT(-(R$6-$S24)/$T24))+1),0) -> 0 | S24: =IF(ISNUMBER(INDEX(pl_period,15)),MAX(INDEX(pl_due,15),p_today),"") | T24: =IF(ISNUMBER(INDEX(pl_period,15)),INDEX(pl_period,15),"") | U24: =N(INDEX(pl_dur,15)) -> 0
A25: =IF(INDEX(pl_status,16)="","",INDEX(pl_num,16)&"") | B25: =IF(INDEX(pl_status,16)="","",INDEX(pl_eq,16)&"") | C25: =IF(INDEX(pl_status,16)="","",INDEX(pl_task,16)&"") | D25: =IF(ISNUMBER(INDEX(pl_due,16)),INDEX(pl_due,16),"") | E25: =INDEX(pl_status,16)&"" | F25: =IF(E25="En retard","●","") | G25: =IF(ISNUMBER($S25),MAX(0,INT((G$6+6-$S25)/$T25)-MAX(0,-INT(-(G$6-$S25)/$T25))+1),0) -> 0 | H25: =IF(ISNUMBER($S25),MAX(0,INT((H$6+6-$S25)/$T25)-MAX(0,-INT(-(H$6-$S25)/$T25))+1),0) -> 0 | I25: =IF(ISNUMBER($S25),MAX(0,INT((I$6+6-$S25)/$T25)-MAX(0,-INT(-(I$6-$S25)/$T25))+1),0) -> 0 | J25: =IF(ISNUMBER($S25),MAX(0,INT((J$6+6-$S25)/$T25)-MAX(0,-INT(-(J$6-$S25)/$T25))+1),0) -> 0 | K25: =IF(ISNUMBER($S25),MAX(0,INT((K$6+6-$S25)/$T25)-MAX(0,-INT(-(K$6-$S25)/$T25))+1),0) -> 0 | L25: =IF(ISNUMBER($S25),MAX(0,INT((L$6+6-$S25)/$T25)-MAX(0,-INT(-(L$6-$S25)/$T25))+1),0) -> 0 | M25: =IF(ISNUMBER($S25),MAX(0,INT((M$6+6-$S25)/$T25)-MAX(0,-INT(-(M$6-$S25)/$T25))+1),0) -> 0 | N25: =IF(ISNUMBER($S25),MAX(0,INT((N$6+6-$S25)/$T25)-MAX(0,-INT(-(N$6-$S25)/$T25))+1),0) -> 0 | ... R25: =IF(ISNUMBER($S25),MAX(0,INT((R$6+6-$S25)/$T25)-MAX(0,-INT(-(R$6-$S25)/$T25))+1),0) -> 0 | S25: =IF(ISNUMBER(INDEX(pl_period,16)),MAX(INDEX(pl_due,16),p_today),"") | T25: =IF(ISNUMBER(INDEX(pl_period,16)),INDEX(pl_period,16),"") | U25: =N(INDEX(pl_dur,16)) -> 0
A26: =IF(INDEX(pl_status,17)="","",INDEX(pl_num,17)&"") | B26: =IF(INDEX(pl_status,17)="","",INDEX(pl_eq,17)&"") | C26: =IF(INDEX(pl_status,17)="","",INDEX(pl_task,17)&"") | D26: =IF(ISNUMBER(INDEX(pl_due,17)),INDEX(pl_due,17),"") | E26: =INDEX(pl_status,17)&"" | F26: =IF(E26="En retard","●","") | G26: =IF(ISNUMBER($S26),MAX(0,INT((G$6+6-$S26)/$T26)-MAX(0,-INT(-(G$6-$S26)/$T26))+1),0) -> 0 | H26: =IF(ISNUMBER($S26),MAX(0,INT((H$6+6-$S26)/$T26)-MAX(0,-INT(-(H$6-$S26)/$T26))+1),0) -> 0 | I26: =IF(ISNUMBER($S26),MAX(0,INT((I$6+6-$S26)/$T26)-MAX(0,-INT(-(I$6-$S26)/$T26))+1),0) -> 0 | J26: =IF(ISNUMBER($S26),MAX(0,INT((J$6+6-$S26)/$T26)-MAX(0,-INT(-(J$6-$S26)/$T26))+1),0) -> 0 | K26: =IF(ISNUMBER($S26),MAX(0,INT((K$6+6-$S26)/$T26)-MAX(0,-INT(-(K$6-$S26)/$T26))+1),0) -> 0 | L26: =IF(ISNUMBER($S26),MAX(0,INT((L$6+6-$S26)/$T26)-MAX(0,-INT(-(L$6-$S26)/$T26))+1),0) -> 0 | M26: =IF(ISNUMBER($S26),MAX(0,INT((M$6+6-$S26)/$T26)-MAX(0,-INT(-(M$6-$S26)/$T26))+1),0) -> 0 | N26: =IF(ISNUMBER($S26),MAX(0,INT((N$6+6-$S26)/$T26)-MAX(0,-INT(-(N$6-$S26)/$T26))+1),0) -> 0 | ... R26: =IF(ISNUMBER($S26),MAX(0,INT((R$6+6-$S26)/$T26)-MAX(0,-INT(-(R$6-$S26)/$T26))+1),0) -> 0 | S26: =IF(ISNUMBER(INDEX(pl_period,17)),MAX(INDEX(pl_due,17),p_today),"") | T26: =IF(ISNUMBER(INDEX(pl_period,17)),INDEX(pl_period,17),"") | U26: =N(INDEX(pl_dur,17)) -> 0
A27: =IF(INDEX(pl_status,18)="","",INDEX(pl_num,18)&"") | B27: =IF(INDEX(pl_status,18)="","",INDEX(pl_eq,18)&"") | C27: =IF(INDEX(pl_status,18)="","",INDEX(pl_task,18)&"") | D27: =IF(ISNUMBER(INDEX(pl_due,18)),INDEX(pl_due,18),"") | E27: =INDEX(pl_status,18)&"" | F27: =IF(E27="En retard","●","") | G27: =IF(ISNUMBER($S27),MAX(0,INT((G$6+6-$S27)/$T27)-MAX(0,-INT(-(G$6-$S27)/$T27))+1),0) -> 0 | H27: =IF(ISNUMBER($S27),MAX(0,INT((H$6+6-$S27)/$T27)-MAX(0,-INT(-(H$6-$S27)/$T27))+1),0) -> 0 | I27: =IF(ISNUMBER($S27),MAX(0,INT((I$6+6-$S27)/$T27)-MAX(0,-INT(-(I$6-$S27)/$T27))+1),0) -> 0 | J27: =IF(ISNUMBER($S27),MAX(0,INT((J$6+6-$S27)/$T27)-MAX(0,-INT(-(J$6-$S27)/$T27))+1),0) -> 0 | K27: =IF(ISNUMBER($S27),MAX(0,INT((K$6+6-$S27)/$T27)-MAX(0,-INT(-(K$6-$S27)/$T27))+1),0) -> 0 | L27: =IF(ISNUMBER($S27),MAX(0,INT((L$6+6-$S27)/$T27)-MAX(0,-INT(-(L$6-$S27)/$T27))+1),0) -> 0 | M27: =IF(ISNUMBER($S27),MAX(0,INT((M$6+6-$S27)/$T27)-MAX(0,-INT(-(M$6-$S27)/$T27))+1),0) -> 0 | N27: =IF(ISNUMBER($S27),MAX(0,INT((N$6+6-$S27)/$T27)-MAX(0,-INT(-(N$6-$S27)/$T27))+1),0) -> 0 | ... R27: =IF(ISNUMBER($S27),MAX(0,INT((R$6+6-$S27)/$T27)-MAX(0,-INT(-(R$6-$S27)/$T27))+1),0) -> 0 | S27: =IF(ISNUMBER(INDEX(pl_period,18)),MAX(INDEX(pl_due,18),p_today),"") | T27: =IF(ISNUMBER(INDEX(pl_period,18)),INDEX(pl_period,18),"") | U27: =N(INDEX(pl_dur,18)) -> 0
A28: =IF(INDEX(pl_status,19)="","",INDEX(pl_num,19)&"") | B28: =IF(INDEX(pl_status,19)="","",INDEX(pl_eq,19)&"") | C28: =IF(INDEX(pl_status,19)="","",INDEX(pl_task,19)&"") | D28: =IF(ISNUMBER(INDEX(pl_due,19)),INDEX(pl_due,19),"") | E28: =INDEX(pl_status,19)&"" | F28: =IF(E28="En retard","●","") | G28: =IF(ISNUMBER($S28),MAX(0,INT((G$6+6-$S28)/$T28)-MAX(0,-INT(-(G$6-$S28)/$T28))+1),0) -> 0 | H28: =IF(ISNUMBER($S28),MAX(0,INT((H$6+6-$S28)/$T28)-MAX(0,-INT(-(H$6-$S28)/$T28))+1),0) -> 0 | I28: =IF(ISNUMBER($S28),MAX(0,INT((I$6+6-$S28)/$T28)-MAX(0,-INT(-(I$6-$S28)/$T28))+1),0) -> 0 | J28: =IF(ISNUMBER($S28),MAX(0,INT((J$6+6-$S28)/$T28)-MAX(0,-INT(-(J$6-$S28)/$T28))+1),0) -> 0 | K28: =IF(ISNUMBER($S28),MAX(0,INT((K$6+6-$S28)/$T28)-MAX(0,-INT(-(K$6-$S28)/$T28))+1),0) -> 0 | L28: =IF(ISNUMBER($S28),MAX(0,INT((L$6+6-$S28)/$T28)-MAX(0,-INT(-(L$6-$S28)/$T28))+1),0) -> 0 | M28: =IF(ISNUMBER($S28),MAX(0,INT((M$6+6-$S28)/$T28)-MAX(0,-INT(-(M$6-$S28)/$T28))+1),0) -> 0 | N28: =IF(ISNUMBER($S28),MAX(0,INT((N$6+6-$S28)/$T28)-MAX(0,-INT(-(N$6-$S28)/$T28))+1),0) -> 0 | ... R28: =IF(ISNUMBER($S28),MAX(0,INT((R$6+6-$S28)/$T28)-MAX(0,-INT(-(R$6-$S28)/$T28))+1),0) -> 0 | S28: =IF(ISNUMBER(INDEX(pl_period,19)),MAX(INDEX(pl_due,19),p_today),"") | T28: =IF(ISNUMBER(INDEX(pl_period,19)),INDEX(pl_period,19),"") | U28: =N(INDEX(pl_dur,19)) -> 0
A29: =IF(INDEX(pl_status,20)="","",INDEX(pl_num,20)&"") | B29: =IF(INDEX(pl_status,20)="","",INDEX(pl_eq,20)&"") | C29: =IF(INDEX(pl_status,20)="","",INDEX(pl_task,20)&"") | D29: =IF(ISNUMBER(INDEX(pl_due,20)),INDEX(pl_due,20),"") | E29: =INDEX(pl_status,20)&"" | F29: =IF(E29="En retard","●","") | G29: =IF(ISNUMBER($S29),MAX(0,INT((G$6+6-$S29)/$T29)-MAX(0,-INT(-(G$6-$S29)/$T29))+1),0) -> 0 | H29: =IF(ISNUMBER($S29),MAX(0,INT((H$6+6-$S29)/$T29)-MAX(0,-INT(-(H$6-$S29)/$T29))+1),0) -> 0 | I29: =IF(ISNUMBER($S29),MAX(0,INT((I$6+6-$S29)/$T29)-MAX(0,-INT(-(I$6-$S29)/$T29))+1),0) -> 0 | J29: =IF(ISNUMBER($S29),MAX(0,INT((J$6+6-$S29)/$T29)-MAX(0,-INT(-(J$6-$S29)/$T29))+1),0) -> 0 | K29: =IF(ISNUMBER($S29),MAX(0,INT((K$6+6-$S29)/$T29)-MAX(0,-INT(-(K$6-$S29)/$T29))+1),0) -> 0 | L29: =IF(ISNUMBER($S29),MAX(0,INT((L$6+6-$S29)/$T29)-MAX(0,-INT(-(L$6-$S29)/$T29))+1),0) -> 0 | M29: =IF(ISNUMBER($S29),MAX(0,INT((M$6+6-$S29)/$T29)-MAX(0,-INT(-(M$6-$S29)/$T29))+1),0) -> 0 | N29: =IF(ISNUMBER($S29),MAX(0,INT((N$6+6-$S29)/$T29)-MAX(0,-INT(-(N$6-$S29)/$T29))+1),0) -> 0 | ... R29: =IF(ISNUMBER($S29),MAX(0,INT((R$6+6-$S29)/$T29)-MAX(0,-INT(-(R$6-$S29)/$T29))+1),0) -> 0 | S29: =IF(ISNUMBER(INDEX(pl_period,20)),MAX(INDEX(pl_due,20),p_today),"") | T29: =IF(ISNUMBER(INDEX(pl_period,20)),INDEX(pl_period,20),"") | U29: =N(INDEX(pl_dur,20)) -> 0
A30: =IF(INDEX(pl_status,21)="","",INDEX(pl_num,21)&"") | B30: =IF(INDEX(pl_status,21)="","",INDEX(pl_eq,21)&"") | C30: =IF(INDEX(pl_status,21)="","",INDEX(pl_task,21)&"") | D30: =IF(ISNUMBER(INDEX(pl_due,21)),INDEX(pl_due,21),"") | E30: =INDEX(pl_status,21)&"" | F30: =IF(E30="En retard","●","") | G30: =IF(ISNUMBER($S30),MAX(0,INT((G$6+6-$S30)/$T30)-MAX(0,-INT(-(G$6-$S30)/$T30))+1),0) -> 0 | H30: =IF(ISNUMBER($S30),MAX(0,INT((H$6+6-$S30)/$T30)-MAX(0,-INT(-(H$6-$S30)/$T30))+1),0) -> 0 | I30: =IF(ISNUMBER($S30),MAX(0,INT((I$6+6-$S30)/$T30)-MAX(0,-INT(-(I$6-$S30)/$T30))+1),0) -> 0 | J30: =IF(ISNUMBER($S30),MAX(0,INT((J$6+6-$S30)/$T30)-MAX(0,-INT(-(J$6-$S30)/$T30))+1),0) -> 0 | K30: =IF(ISNUMBER($S30),MAX(0,INT((K$6+6-$S30)/$T30)-MAX(0,-INT(-(K$6-$S30)/$T30))+1),0) -> 0 | L30: =IF(ISNUMBER($S30),MAX(0,INT((L$6+6-$S30)/$T30)-MAX(0,-INT(-(L$6-$S30)/$T30))+1),0) -> 0 | M30: =IF(ISNUMBER($S30),MAX(0,INT((M$6+6-$S30)/$T30)-MAX(0,-INT(-(M$6-$S30)/$T30))+1),0) -> 0 | N30: =IF(ISNUMBER($S30),MAX(0,INT((N$6+6-$S30)/$T30)-MAX(0,-INT(-(N$6-$S30)/$T30))+1),0) -> 0 | ... R30: =IF(ISNUMBER($S30),MAX(0,INT((R$6+6-$S30)/$T30)-MAX(0,-INT(-(R$6-$S30)/$T30))+1),0) -> 0 | S30: =IF(ISNUMBER(INDEX(pl_period,21)),MAX(INDEX(pl_due,21),p_today),"") | T30: =IF(ISNUMBER(INDEX(pl_period,21)),INDEX(pl_period,21),"") | U30: =N(INDEX(pl_dur,21)) -> 0
A31: =IF(INDEX(pl_status,22)="","",INDEX(pl_num,22)&"") | B31: =IF(INDEX(pl_status,22)="","",INDEX(pl_eq,22)&"") | C31: =IF(INDEX(pl_status,22)="","",INDEX(pl_task,22)&"") | D31: =IF(ISNUMBER(INDEX(pl_due,22)),INDEX(pl_due,22),"") | E31: =INDEX(pl_status,22)&"" | F31: =IF(E31="En retard","●","") | G31: =IF(ISNUMBER($S31),MAX(0,INT((G$6+6-$S31)/$T31)-MAX(0,-INT(-(G$6-$S31)/$T31))+1),0) -> 0 | H31: =IF(ISNUMBER($S31),MAX(0,INT((H$6+6-$S31)/$T31)-MAX(0,-INT(-(H$6-$S31)/$T31))+1),0) -> 0 | I31: =IF(ISNUMBER($S31),MAX(0,INT((I$6+6-$S31)/$T31)-MAX(0,-INT(-(I$6-$S31)/$T31))+1),0) -> 0 | J31: =IF(ISNUMBER($S31),MAX(0,INT((J$6+6-$S31)/$T31)-MAX(0,-INT(-(J$6-$S31)/$T31))+1),0) -> 0 | K31: =IF(ISNUMBER($S31),MAX(0,INT((K$6+6-$S31)/$T31)-MAX(0,-INT(-(K$6-$S31)/$T31))+1),0) -> 0 | L31: =IF(ISNUMBER($S31),MAX(0,INT((L$6+6-$S31)/$T31)-MAX(0,-INT(-(L$6-$S31)/$T31))+1),0) -> 0 | M31: =IF(ISNUMBER($S31),MAX(0,INT((M$6+6-$S31)/$T31)-MAX(0,-INT(-(M$6-$S31)/$T31))+1),0) -> 0 | N31: =IF(ISNUMBER($S31),MAX(0,INT((N$6+6-$S31)/$T31)-MAX(0,-INT(-(N$6-$S31)/$T31))+1),0) -> 0 | ... R31: =IF(ISNUMBER($S31),MAX(0,INT((R$6+6-$S31)/$T31)-MAX(0,-INT(-(R$6-$S31)/$T31))+1),0) -> 0 | S31: =IF(ISNUMBER(INDEX(pl_period,22)),MAX(INDEX(pl_due,22),p_today),"") | T31: =IF(ISNUMBER(INDEX(pl_period,22)),INDEX(pl_period,22),"") | U31: =N(INDEX(pl_dur,22)) -> 0
A32: =IF(INDEX(pl_status,23)="","",INDEX(pl_num,23)&"") | B32: =IF(INDEX(pl_status,23)="","",INDEX(pl_eq,23)&"") | C32: =IF(INDEX(pl_status,23)="","",INDEX(pl_task,23)&"") | D32: =IF(ISNUMBER(INDEX(pl_due,23)),INDEX(pl_due,23),"") | E32: =INDEX(pl_status,23)&"" | F32: =IF(E32="En retard","●","") | G32: =IF(ISNUMBER($S32),MAX(0,INT((G$6+6-$S32)/$T32)-MAX(0,-INT(-(G$6-$S32)/$T32))+1),0) -> 0 | H32: =IF(ISNUMBER($S32),MAX(0,INT((H$6+6-$S32)/$T32)-MAX(0,-INT(-(H$6-$S32)/$T32))+1),0) -> 0 | I32: =IF(ISNUMBER($S32),MAX(0,INT((I$6+6-$S32)/$T32)-MAX(0,-INT(-(I$6-$S32)/$T32))+1),0) -> 0 | J32: =IF(ISNUMBER($S32),MAX(0,INT((J$6+6-$S32)/$T32)-MAX(0,-INT(-(J$6-$S32)/$T32))+1),0) -> 0 | K32: =IF(ISNUMBER($S32),MAX(0,INT((K$6+6-$S32)/$T32)-MAX(0,-INT(-(K$6-$S32)/$T32))+1),0) -> 0 | L32: =IF(ISNUMBER($S32),MAX(0,INT((L$6+6-$S32)/$T32)-MAX(0,-INT(-(L$6-$S32)/$T32))+1),0) -> 0 | M32: =IF(ISNUMBER($S32),MAX(0,INT((M$6+6-$S32)/$T32)-MAX(0,-INT(-(M$6-$S32)/$T32))+1),0) -> 0 | N32: =IF(ISNUMBER($S32),MAX(0,INT((N$6+6-$S32)/$T32)-MAX(0,-INT(-(N$6-$S32)/$T32))+1),0) -> 0 | ... R32: =IF(ISNUMBER($S32),MAX(0,INT((R$6+6-$S32)/$T32)-MAX(0,-INT(-(R$6-$S32)/$T32))+1),0) -> 0 | S32: =IF(ISNUMBER(INDEX(pl_period,23)),MAX(INDEX(pl_due,23),p_today),"") | T32: =IF(ISNUMBER(INDEX(pl_period,23)),INDEX(pl_period,23),"") | U32: =N(INDEX(pl_dur,23)) -> 0
A33: =IF(INDEX(pl_status,24)="","",INDEX(pl_num,24)&"") | B33: =IF(INDEX(pl_status,24)="","",INDEX(pl_eq,24)&"") | C33: =IF(INDEX(pl_status,24)="","",INDEX(pl_task,24)&"") | D33: =IF(ISNUMBER(INDEX(pl_due,24)),INDEX(pl_due,24),"") | E33: =INDEX(pl_status,24)&"" | F33: =IF(E33="En retard","●","") | G33: =IF(ISNUMBER($S33),MAX(0,INT((G$6+6-$S33)/$T33)-MAX(0,-INT(-(G$6-$S33)/$T33))+1),0) -> 0 | H33: =IF(ISNUMBER($S33),MAX(0,INT((H$6+6-$S33)/$T33)-MAX(0,-INT(-(H$6-$S33)/$T33))+1),0) -> 0 | I33: =IF(ISNUMBER($S33),MAX(0,INT((I$6+6-$S33)/$T33)-MAX(0,-INT(-(I$6-$S33)/$T33))+1),0) -> 0 | J33: =IF(ISNUMBER($S33),MAX(0,INT((J$6+6-$S33)/$T33)-MAX(0,-INT(-(J$6-$S33)/$T33))+1),0) -> 0 | K33: =IF(ISNUMBER($S33),MAX(0,INT((K$6+6-$S33)/$T33)-MAX(0,-INT(-(K$6-$S33)/$T33))+1),0) -> 0 | L33: =IF(ISNUMBER($S33),MAX(0,INT((L$6+6-$S33)/$T33)-MAX(0,-INT(-(L$6-$S33)/$T33))+1),0) -> 0 | M33: =IF(ISNUMBER($S33),MAX(0,INT((M$6+6-$S33)/$T33)-MAX(0,-INT(-(M$6-$S33)/$T33))+1),0) -> 0 | N33: =IF(ISNUMBER($S33),MAX(0,INT((N$6+6-$S33)/$T33)-MAX(0,-INT(-(N$6-$S33)/$T33))+1),0) -> 0 | ... R33: =IF(ISNUMBER($S33),MAX(0,INT((R$6+6-$S33)/$T33)-MAX(0,-INT(-(R$6-$S33)/$T33))+1),0) -> 0 | S33: =IF(ISNUMBER(INDEX(pl_period,24)),MAX(INDEX(pl_due,24),p_today),"") | T33: =IF(ISNUMBER(INDEX(pl_period,24)),INDEX(pl_period,24),"") | U33: =N(INDEX(pl_dur,24)) -> 0
A34: =IF(INDEX(pl_status,25)="","",INDEX(pl_num,25)&"") | B34: =IF(INDEX(pl_status,25)="","",INDEX(pl_eq,25)&"") | C34: =IF(INDEX(pl_status,25)="","",INDEX(pl_task,25)&"") | D34: =IF(ISNUMBER(INDEX(pl_due,25)),INDEX(pl_due,25),"") | E34: =INDEX(pl_status,25)&"" | F34: =IF(E34="En retard","●","") | G34: =IF(ISNUMBER($S34),MAX(0,INT((G$6+6-$S34)/$T34)-MAX(0,-INT(-(G$6-$S34)/$T34))+1),0) -> 0 | H34: =IF(ISNUMBER($S34),MAX(0,INT((H$6+6-$S34)/$T34)-MAX(0,-INT(-(H$6-$S34)/$T34))+1),0) -> 0 | I34: =IF(ISNUMBER($S34),MAX(0,INT((I$6+6-$S34)/$T34)-MAX(0,-INT(-(I$6-$S34)/$T34))+1),0) -> 0 | J34: =IF(ISNUMBER($S34),MAX(0,INT((J$6+6-$S34)/$T34)-MAX(0,-INT(-(J$6-$S34)/$T34))+1),0) -> 0 | K34: =IF(ISNUMBER($S34),MAX(0,INT((K$6+6-$S34)/$T34)-MAX(0,-INT(-(K$6-$S34)/$T34))+1),0) -> 0 | L34: =IF(ISNUMBER($S34),MAX(0,INT((L$6+6-$S34)/$T34)-MAX(0,-INT(-(L$6-$S34)/$T34))+1),0) -> 0 | M34: =IF(ISNUMBER($S34),MAX(0,INT((M$6+6-$S34)/$T34)-MAX(0,-INT(-(M$6-$S34)/$T34))+1),0) -> 0 | N34: =IF(ISNUMBER($S34),MAX(0,INT((N$6+6-$S34)/$T34)-MAX(0,-INT(-(N$6-$S34)/$T34))+1),0) -> 0 | ... R34: =IF(ISNUMBER($S34),MAX(0,INT((R$6+6-$S34)/$T34)-MAX(0,-INT(-(R$6-$S34)/$T34))+1),0) -> 0 | S34: =IF(ISNUMBER(INDEX(pl_period,25)),MAX(INDEX(pl_due,25),p_today),"") | T34: =IF(ISNUMBER(INDEX(pl_period,25)),INDEX(pl_period,25),"") | U34: =N(INDEX(pl_dur,25)) -> 0
A35: =IF(INDEX(pl_status,26)="","",INDEX(pl_num,26)&"") | B35: =IF(INDEX(pl_status,26)="","",INDEX(pl_eq,26)&"") | C35: =IF(INDEX(pl_status,26)="","",INDEX(pl_task,26)&"") | D35: =IF(ISNUMBER(INDEX(pl_due,26)),INDEX(pl_due,26),"") | E35: =INDEX(pl_status,26)&"" | F35: =IF(E35="En retard","●","") | G35: =IF(ISNUMBER($S35),MAX(0,INT((G$6+6-$S35)/$T35)-MAX(0,-INT(-(G$6-$S35)/$T35))+1),0) -> 0 | H35: =IF(ISNUMBER($S35),MAX(0,INT((H$6+6-$S35)/$T35)-MAX(0,-INT(-(H$6-$S35)/$T35))+1),0) -> 0 | I35: =IF(ISNUMBER($S35),MAX(0,INT((I$6+6-$S35)/$T35)-MAX(0,-INT(-(I$6-$S35)/$T35))+1),0) -> 0 | J35: =IF(ISNUMBER($S35),MAX(0,INT((J$6+6-$S35)/$T35)-MAX(0,-INT(-(J$6-$S35)/$T35))+1),0) -> 0 | K35: =IF(ISNUMBER($S35),MAX(0,INT((K$6+6-$S35)/$T35)-MAX(0,-INT(-(K$6-$S35)/$T35))+1),0) -> 0 | L35: =IF(ISNUMBER($S35),MAX(0,INT((L$6+6-$S35)/$T35)-MAX(0,-INT(-(L$6-$S35)/$T35))+1),0) -> 0 | M35: =IF(ISNUMBER($S35),MAX(0,INT((M$6+6-$S35)/$T35)-MAX(0,-INT(-(M$6-$S35)/$T35))+1),0) -> 0 | N35: =IF(ISNUMBER($S35),MAX(0,INT((N$6+6-$S35)/$T35)-MAX(0,-INT(-(N$6-$S35)/$T35))+1),0) -> 0 | ... R35: =IF(ISNUMBER($S35),MAX(0,INT((R$6+6-$S35)/$T35)-MAX(0,-INT(-(R$6-$S35)/$T35))+1),0) -> 0 | S35: =IF(ISNUMBER(INDEX(pl_period,26)),MAX(INDEX(pl_due,26),p_today),"") | T35: =IF(ISNUMBER(INDEX(pl_period,26)),INDEX(pl_period,26),"") | U35: =N(INDEX(pl_dur,26)) -> 0
A36: =IF(INDEX(pl_status,27)="","",INDEX(pl_num,27)&"") | B36: =IF(INDEX(pl_status,27)="","",INDEX(pl_eq,27)&"") | C36: =IF(INDEX(pl_status,27)="","",INDEX(pl_task,27)&"") | D36: =IF(ISNUMBER(INDEX(pl_due,27)),INDEX(pl_due,27),"") | E36: =INDEX(pl_status,27)&"" | F36: =IF(E36="En retard","●","") | G36: =IF(ISNUMBER($S36),MAX(0,INT((G$6+6-$S36)/$T36)-MAX(0,-INT(-(G$6-$S36)/$T36))+1),0) -> 0 | H36: =IF(ISNUMBER($S36),MAX(0,INT((H$6+6-$S36)/$T36)-MAX(0,-INT(-(H$6-$S36)/$T36))+1),0) -> 0 | I36: =IF(ISNUMBER($S36),MAX(0,INT((I$6+6-$S36)/$T36)-MAX(0,-INT(-(I$6-$S36)/$T36))+1),0) -> 0 | J36: =IF(ISNUMBER($S36),MAX(0,INT((J$6+6-$S36)/$T36)-MAX(0,-INT(-(J$6-$S36)/$T36))+1),0) -> 0 | K36: =IF(ISNUMBER($S36),MAX(0,INT((K$6+6-$S36)/$T36)-MAX(0,-INT(-(K$6-$S36)/$T36))+1),0) -> 0 | L36: =IF(ISNUMBER($S36),MAX(0,INT((L$6+6-$S36)/$T36)-MAX(0,-INT(-(L$6-$S36)/$T36))+1),0) -> 0 | M36: =IF(ISNUMBER($S36),MAX(0,INT((M$6+6-$S36)/$T36)-MAX(0,-INT(-(M$6-$S36)/$T36))+1),0) -> 0 | N36: =IF(ISNUMBER($S36),MAX(0,INT((N$6+6-$S36)/$T36)-MAX(0,-INT(-(N$6-$S36)/$T36))+1),0) -> 0 | ... R36: =IF(ISNUMBER($S36),MAX(0,INT((R$6+6-$S36)/$T36)-MAX(0,-INT(-(R$6-$S36)/$T36))+1),0) -> 0 | S36: =IF(ISNUMBER(INDEX(pl_period,27)),MAX(INDEX(pl_due,27),p_today),"") | T36: =IF(ISNUMBER(INDEX(pl_period,27)),INDEX(pl_period,27),"") | U36: =N(INDEX(pl_dur,27)) -> 0
A37: =IF(INDEX(pl_status,28)="","",INDEX(pl_num,28)&"") | B37: =IF(INDEX(pl_status,28)="","",INDEX(pl_eq,28)&"") | C37: =IF(INDEX(pl_status,28)="","",INDEX(pl_task,28)&"") | D37: =IF(ISNUMBER(INDEX(pl_due,28)),INDEX(pl_due,28),"") | E37: =INDEX(pl_status,28)&"" | F37: =IF(E37="En retard","●","") | G37: =IF(ISNUMBER($S37),MAX(0,INT((G$6+6-$S37)/$T37)-MAX(0,-INT(-(G$6-$S37)/$T37))+1),0) -> 0 | H37: =IF(ISNUMBER($S37),MAX(0,INT((H$6+6-$S37)/$T37)-MAX(0,-INT(-(H$6-$S37)/$T37))+1),0) -> 0 | I37: =IF(ISNUMBER($S37),MAX(0,INT((I$6+6-$S37)/$T37)-MAX(0,-INT(-(I$6-$S37)/$T37))+1),0) -> 0 | J37: =IF(ISNUMBER($S37),MAX(0,INT((J$6+6-$S37)/$T37)-MAX(0,-INT(-(J$6-$S37)/$T37))+1),0) -> 0 | K37: =IF(ISNUMBER($S37),MAX(0,INT((K$6+6-$S37)/$T37)-MAX(0,-INT(-(K$6-$S37)/$T37))+1),0) -> 0 | L37: =IF(ISNUMBER($S37),MAX(0,INT((L$6+6-$S37)/$T37)-MAX(0,-INT(-(L$6-$S37)/$T37))+1),0) -> 0 | M37: =IF(ISNUMBER($S37),MAX(0,INT((M$6+6-$S37)/$T37)-MAX(0,-INT(-(M$6-$S37)/$T37))+1),0) -> 0 | N37: =IF(ISNUMBER($S37),MAX(0,INT((N$6+6-$S37)/$T37)-MAX(0,-INT(-(N$6-$S37)/$T37))+1),0) -> 0 | ... R37: =IF(ISNUMBER($S37),MAX(0,INT((R$6+6-$S37)/$T37)-MAX(0,-INT(-(R$6-$S37)/$T37))+1),0) -> 0 | S37: =IF(ISNUMBER(INDEX(pl_period,28)),MAX(INDEX(pl_due,28),p_today),"") | T37: =IF(ISNUMBER(INDEX(pl_period,28)),INDEX(pl_period,28),"") | U37: =N(INDEX(pl_dur,28)) -> 0
A38: =IF(INDEX(pl_status,29)="","",INDEX(pl_num,29)&"") | B38: =IF(INDEX(pl_status,29)="","",INDEX(pl_eq,29)&"") | C38: =IF(INDEX(pl_status,29)="","",INDEX(pl_task,29)&"") | D38: =IF(ISNUMBER(INDEX(pl_due,29)),INDEX(pl_due,29),"") | E38: =INDEX(pl_status,29)&"" | F38: =IF(E38="En retard","●","") | G38: =IF(ISNUMBER($S38),MAX(0,INT((G$6+6-$S38)/$T38)-MAX(0,-INT(-(G$6-$S38)/$T38))+1),0) -> 0 | H38: =IF(ISNUMBER($S38),MAX(0,INT((H$6+6-$S38)/$T38)-MAX(0,-INT(-(H$6-$S38)/$T38))+1),0) -> 0 | I38: =IF(ISNUMBER($S38),MAX(0,INT((I$6+6-$S38)/$T38)-MAX(0,-INT(-(I$6-$S38)/$T38))+1),0) -> 0 | J38: =IF(ISNUMBER($S38),MAX(0,INT((J$6+6-$S38)/$T38)-MAX(0,-INT(-(J$6-$S38)/$T38))+1),0) -> 0 | K38: =IF(ISNUMBER($S38),MAX(0,INT((K$6+6-$S38)/$T38)-MAX(0,-INT(-(K$6-$S38)/$T38))+1),0) -> 0 | L38: =IF(ISNUMBER($S38),MAX(0,INT((L$6+6-$S38)/$T38)-MAX(0,-INT(-(L$6-$S38)/$T38))+1),0) -> 0 | M38: =IF(ISNUMBER($S38),MAX(0,INT((M$6+6-$S38)/$T38)-MAX(0,-INT(-(M$6-$S38)/$T38))+1),0) -> 0 | N38: =IF(ISNUMBER($S38),MAX(0,INT((N$6+6-$S38)/$T38)-MAX(0,-INT(-(N$6-$S38)/$T38))+1),0) -> 0 | ... R38: =IF(ISNUMBER($S38),MAX(0,INT((R$6+6-$S38)/$T38)-MAX(0,-INT(-(R$6-$S38)/$T38))+1),0) -> 0 | S38: =IF(ISNUMBER(INDEX(pl_period,29)),MAX(INDEX(pl_due,29),p_today),"") | T38: =IF(ISNUMBER(INDEX(pl_period,29)),INDEX(pl_period,29),"") | U38: =N(INDEX(pl_dur,29)) -> 0
A39: =IF(INDEX(pl_status,30)="","",INDEX(pl_num,30)&"") | B39: =IF(INDEX(pl_status,30)="","",INDEX(pl_eq,30)&"") | C39: =IF(INDEX(pl_status,30)="","",INDEX(pl_task,30)&"") | D39: =IF(ISNUMBER(INDEX(pl_due,30)),INDEX(pl_due,30),"") | E39: =INDEX(pl_status,30)&"" | F39: =IF(E39="En retard","●","") | G39: =IF(ISNUMBER($S39),MAX(0,INT((G$6+6-$S39)/$T39)-MAX(0,-INT(-(G$6-$S39)/$T39))+1),0) -> 0 | H39: =IF(ISNUMBER($S39),MAX(0,INT((H$6+6-$S39)/$T39)-MAX(0,-INT(-(H$6-$S39)/$T39))+1),0) -> 0 | I39: =IF(ISNUMBER($S39),MAX(0,INT((I$6+6-$S39)/$T39)-MAX(0,-INT(-(I$6-$S39)/$T39))+1),0) -> 0 | J39: =IF(ISNUMBER($S39),MAX(0,INT((J$6+6-$S39)/$T39)-MAX(0,-INT(-(J$6-$S39)/$T39))+1),0) -> 0 | K39: =IF(ISNUMBER($S39),MAX(0,INT((K$6+6-$S39)/$T39)-MAX(0,-INT(-(K$6-$S39)/$T39))+1),0) -> 0 | L39: =IF(ISNUMBER($S39),MAX(0,INT((L$6+6-$S39)/$T39)-MAX(0,-INT(-(L$6-$S39)/$T39))+1),0) -> 0 | M39: =IF(ISNUMBER($S39),MAX(0,INT((M$6+6-$S39)/$T39)-MAX(0,-INT(-(M$6-$S39)/$T39))+1),0) -> 0 | N39: =IF(ISNUMBER($S39),MAX(0,INT((N$6+6-$S39)/$T39)-MAX(0,-INT(-(N$6-$S39)/$T39))+1),0) -> 0 | ... R39: =IF(ISNUMBER($S39),MAX(0,INT((R$6+6-$S39)/$T39)-MAX(0,-INT(-(R$6-$S39)/$T39))+1),0) -> 0 | S39: =IF(ISNUMBER(INDEX(pl_period,30)),MAX(INDEX(pl_due,30),p_today),"") | T39: =IF(ISNUMBER(INDEX(pl_period,30)),INDEX(pl_period,30),"") | U39: =N(INDEX(pl_dur,30)) -> 0
A40: =IF(INDEX(pl_status,31)="","",INDEX(pl_num,31)&"") | B40: =IF(INDEX(pl_status,31)="","",INDEX(pl_eq,31)&"") | C40: =IF(INDEX(pl_status,31)="","",INDEX(pl_task,31)&"") | D40: =IF(ISNUMBER(INDEX(pl_due,31)),INDEX(pl_due,31),"") | E40: =INDEX(pl_status,31)&"" | F40: =IF(E40="En retard","●","") | G40: =IF(ISNUMBER($S40),MAX(0,INT((G$6+6-$S40)/$T40)-MAX(0,-INT(-(G$6-$S40)/$T40))+1),0) -> 0 | H40: =IF(ISNUMBER($S40),MAX(0,INT((H$6+6-$S40)/$T40)-MAX(0,-INT(-(H$6-$S40)/$T40))+1),0) -> 0 | I40: =IF(ISNUMBER($S40),MAX(0,INT((I$6+6-$S40)/$T40)-MAX(0,-INT(-(I$6-$S40)/$T40))+1),0) -> 0 | J40: =IF(ISNUMBER($S40),MAX(0,INT((J$6+6-$S40)/$T40)-MAX(0,-INT(-(J$6-$S40)/$T40))+1),0) -> 0 | K40: =IF(ISNUMBER($S40),MAX(0,INT((K$6+6-$S40)/$T40)-MAX(0,-INT(-(K$6-$S40)/$T40))+1),0) -> 0 | L40: =IF(ISNUMBER($S40),MAX(0,INT((L$6+6-$S40)/$T40)-MAX(0,-INT(-(L$6-$S40)/$T40))+1),0) -> 0 | M40: =IF(ISNUMBER($S40),MAX(0,INT((M$6+6-$S40)/$T40)-MAX(0,-INT(-(M$6-$S40)/$T40))+1),0) -> 0 | N40: =IF(ISNUMBER($S40),MAX(0,INT((N$6+6-$S40)/$T40)-MAX(0,-INT(-(N$6-$S40)/$T40))+1),0) -> 0 | ... R40: =IF(ISNUMBER($S40),MAX(0,INT((R$6+6-$S40)/$T40)-MAX(0,-INT(-(R$6-$S40)/$T40))+1),0) -> 0 | S40: =IF(ISNUMBER(INDEX(pl_period,31)),MAX(INDEX(pl_due,31),p_today),"") | T40: =IF(ISNUMBER(INDEX(pl_period,31)),INDEX(pl_period,31),"") | U40: =N(INDEX(pl_dur,31)) -> 0
A41: =IF(INDEX(pl_status,32)="","",INDEX(pl_num,32)&"") | B41: =IF(INDEX(pl_status,32)="","",INDEX(pl_eq,32)&"") | C41: =IF(INDEX(pl_status,32)="","",INDEX(pl_task,32)&"") | D41: =IF(ISNUMBER(INDEX(pl_due,32)),INDEX(pl_due,32),"") | E41: =INDEX(pl_status,32)&"" | F41: =IF(E41="En retard","●","") | G41: =IF(ISNUMBER($S41),MAX(0,INT((G$6+6-$S41)/$T41)-MAX(0,-INT(-(G$6-$S41)/$T41))+1),0) -> 0 | H41: =IF(ISNUMBER($S41),MAX(0,INT((H$6+6-$S41)/$T41)-MAX(0,-INT(-(H$6-$S41)/$T41))+1),0) -> 0 | I41: =IF(ISNUMBER($S41),MAX(0,INT((I$6+6-$S41)/$T41)-MAX(0,-INT(-(I$6-$S41)/$T41))+1),0) -> 0 | J41: =IF(ISNUMBER($S41),MAX(0,INT((J$6+6-$S41)/$T41)-MAX(0,-INT(-(J$6-$S41)/$T41))+1),0) -> 0 | K41: =IF(ISNUMBER($S41),MAX(0,INT((K$6+6-$S41)/$T41)-MAX(0,-INT(-(K$6-$S41)/$T41))+1),0) -> 0 | L41: =IF(ISNUMBER($S41),MAX(0,INT((L$6+6-$S41)/$T41)-MAX(0,-INT(-(L$6-$S41)/$T41))+1),0) -> 0 | M41: =IF(ISNUMBER($S41),MAX(0,INT((M$6+6-$S41)/$T41)-MAX(0,-INT(-(M$6-$S41)/$T41))+1),0) -> 0 | N41: =IF(ISNUMBER($S41),MAX(0,INT((N$6+6-$S41)/$T41)-MAX(0,-INT(-(N$6-$S41)/$T41))+1),0) -> 0 | ... R41: =IF(ISNUMBER($S41),MAX(0,INT((R$6+6-$S41)/$T41)-MAX(0,-INT(-(R$6-$S41)/$T41))+1),0) -> 0 | S41: =IF(ISNUMBER(INDEX(pl_period,32)),MAX(INDEX(pl_due,32),p_today),"") | T41: =IF(ISNUMBER(INDEX(pl_period,32)),INDEX(pl_period,32),"") | U41: =N(INDEX(pl_dur,32)) -> 0
A42: =IF(INDEX(pl_status,33)="","",INDEX(pl_num,33)&"") | B42: =IF(INDEX(pl_status,33)="","",INDEX(pl_eq,33)&"") | C42: =IF(INDEX(pl_status,33)="","",INDEX(pl_task,33)&"") | D42: =IF(ISNUMBER(INDEX(pl_due,33)),INDEX(pl_due,33),"") | E42: =INDEX(pl_status,33)&"" | F42: =IF(E42="En retard","●","") | G42: =IF(ISNUMBER($S42),MAX(0,INT((G$6+6-$S42)/$T42)-MAX(0,-INT(-(G$6-$S42)/$T42))+1),0) -> 0 | H42: =IF(ISNUMBER($S42),MAX(0,INT((H$6+6-$S42)/$T42)-MAX(0,-INT(-(H$6-$S42)/$T42))+1),0) -> 0 | I42: =IF(ISNUMBER($S42),MAX(0,INT((I$6+6-$S42)/$T42)-MAX(0,-INT(-(I$6-$S42)/$T42))+1),0) -> 0 | J42: =IF(ISNUMBER($S42),MAX(0,INT((J$6+6-$S42)/$T42)-MAX(0,-INT(-(J$6-$S42)/$T42))+1),0) -> 0 | K42: =IF(ISNUMBER($S42),MAX(0,INT((K$6+6-$S42)/$T42)-MAX(0,-INT(-(K$6-$S42)/$T42))+1),0) -> 0 | L42: =IF(ISNUMBER($S42),MAX(0,INT((L$6+6-$S42)/$T42)-MAX(0,-INT(-(L$6-$S42)/$T42))+1),0) -> 0 | M42: =IF(ISNUMBER($S42),MAX(0,INT((M$6+6-$S42)/$T42)-MAX(0,-INT(-(M$6-$S42)/$T42))+1),0) -> 0 | N42: =IF(ISNUMBER($S42),MAX(0,INT((N$6+6-$S42)/$T42)-MAX(0,-INT(-(N$6-$S42)/$T42))+1),0) -> 0 | ... R42: =IF(ISNUMBER($S42),MAX(0,INT((R$6+6-$S42)/$T42)-MAX(0,-INT(-(R$6-$S42)/$T42))+1),0) -> 0 | S42: =IF(ISNUMBER(INDEX(pl_period,33)),MAX(INDEX(pl_due,33),p_today),"") | T42: =IF(ISNUMBER(INDEX(pl_period,33)),INDEX(pl_period,33),"") | U42: =N(INDEX(pl_dur,33)) -> 0
A43: =IF(INDEX(pl_status,34)="","",INDEX(pl_num,34)&"") | B43: =IF(INDEX(pl_status,34)="","",INDEX(pl_eq,34)&"") | C43: =IF(INDEX(pl_status,34)="","",INDEX(pl_task,34)&"") | D43: =IF(ISNUMBER(INDEX(pl_due,34)),INDEX(pl_due,34),"") | E43: =INDEX(pl_status,34)&"" | F43: =IF(E43="En retard","●","") | G43: =IF(ISNUMBER($S43),MAX(0,INT((G$6+6-$S43)/$T43)-MAX(0,-INT(-(G$6-$S43)/$T43))+1),0) -> 0 | H43: =IF(ISNUMBER($S43),MAX(0,INT((H$6+6-$S43)/$T43)-MAX(0,-INT(-(H$6-$S43)/$T43))+1),0) -> 0 | I43: =IF(ISNUMBER($S43),MAX(0,INT((I$6+6-$S43)/$T43)-MAX(0,-INT(-(I$6-$S43)/$T43))+1),0) -> 0 | J43: =IF(ISNUMBER($S43),MAX(0,INT((J$6+6-$S43)/$T43)-MAX(0,-INT(-(J$6-$S43)/$T43))+1),0) -> 0 | K43: =IF(ISNUMBER($S43),MAX(0,INT((K$6+6-$S43)/$T43)-MAX(0,-INT(-(K$6-$S43)/$T43))+1),0) -> 0 | L43: =IF(ISNUMBER($S43),MAX(0,INT((L$6+6-$S43)/$T43)-MAX(0,-INT(-(L$6-$S43)/$T43))+1),0) -> 0 | M43: =IF(ISNUMBER($S43),MAX(0,INT((M$6+6-$S43)/$T43)-MAX(0,-INT(-(M$6-$S43)/$T43))+1),0) -> 0 | N43: =IF(ISNUMBER($S43),MAX(0,INT((N$6+6-$S43)/$T43)-MAX(0,-INT(-(N$6-$S43)/$T43))+1),0) -> 0 | ... R43: =IF(ISNUMBER($S43),MAX(0,INT((R$6+6-$S43)/$T43)-MAX(0,-INT(-(R$6-$S43)/$T43))+1),0) -> 0 | S43: =IF(ISNUMBER(INDEX(pl_period,34)),MAX(INDEX(pl_due,34),p_today),"") | T43: =IF(ISNUMBER(INDEX(pl_period,34)),INDEX(pl_period,34),"") | U43: =N(INDEX(pl_dur,34)) -> 0
A44: =IF(INDEX(pl_status,35)="","",INDEX(pl_num,35)&"") | B44: =IF(INDEX(pl_status,35)="","",INDEX(pl_eq,35)&"") | C44: =IF(INDEX(pl_status,35)="","",INDEX(pl_task,35)&"") | D44: =IF(ISNUMBER(INDEX(pl_due,35)),INDEX(pl_due,35),"") | E44: =INDEX(pl_status,35)&"" | F44: =IF(E44="En retard","●","") | G44: =IF(ISNUMBER($S44),MAX(0,INT((G$6+6-$S44)/$T44)-MAX(0,-INT(-(G$6-$S44)/$T44))+1),0) -> 0 | H44: =IF(ISNUMBER($S44),MAX(0,INT((H$6+6-$S44)/$T44)-MAX(0,-INT(-(H$6-$S44)/$T44))+1),0) -> 0 | I44: =IF(ISNUMBER($S44),MAX(0,INT((I$6+6-$S44)/$T44)-MAX(0,-INT(-(I$6-$S44)/$T44))+1),0) -> 0 | J44: =IF(ISNUMBER($S44),MAX(0,INT((J$6+6-$S44)/$T44)-MAX(0,-INT(-(J$6-$S44)/$T44))+1),0) -> 0 | K44: =IF(ISNUMBER($S44),MAX(0,INT((K$6+6-$S44)/$T44)-MAX(0,-INT(-(K$6-$S44)/$T44))+1),0) -> 0 | L44: =IF(ISNUMBER($S44),MAX(0,INT((L$6+6-$S44)/$T44)-MAX(0,-INT(-(L$6-$S44)/$T44))+1),0) -> 0 | M44: =IF(ISNUMBER($S44),MAX(0,INT((M$6+6-$S44)/$T44)-MAX(0,-INT(-(M$6-$S44)/$T44))+1),0) -> 0 | N44: =IF(ISNUMBER($S44),MAX(0,INT((N$6+6-$S44)/$T44)-MAX(0,-INT(-(N$6-$S44)/$T44))+1),0) -> 0 | ... R44: =IF(ISNUMBER($S44),MAX(0,INT((R$6+6-$S44)/$T44)-MAX(0,-INT(-(R$6-$S44)/$T44))+1),0) -> 0 | S44: =IF(ISNUMBER(INDEX(pl_period,35)),MAX(INDEX(pl_due,35),p_today),"") | T44: =IF(ISNUMBER(INDEX(pl_period,35)),INDEX(pl_period,35),"") | U44: =N(INDEX(pl_dur,35)) -> 0
A45: =IF(INDEX(pl_status,36)="","",INDEX(pl_num,36)&"") | B45: =IF(INDEX(pl_status,36)="","",INDEX(pl_eq,36)&"") | C45: =IF(INDEX(pl_status,36)="","",INDEX(pl_task,36)&"") | D45: =IF(ISNUMBER(INDEX(pl_due,36)),INDEX(pl_due,36),"") | E45: =INDEX(pl_status,36)&"" | F45: =IF(E45="En retard","●","") | G45: =IF(ISNUMBER($S45),MAX(0,INT((G$6+6-$S45)/$T45)-MAX(0,-INT(-(G$6-$S45)/$T45))+1),0) -> 0 | H45: =IF(ISNUMBER($S45),MAX(0,INT((H$6+6-$S45)/$T45)-MAX(0,-INT(-(H$6-$S45)/$T45))+1),0) -> 0 | I45: =IF(ISNUMBER($S45),MAX(0,INT((I$6+6-$S45)/$T45)-MAX(0,-INT(-(I$6-$S45)/$T45))+1),0) -> 0 | J45: =IF(ISNUMBER($S45),MAX(0,INT((J$6+6-$S45)/$T45)-MAX(0,-INT(-(J$6-$S45)/$T45))+1),0) -> 0 | K45: =IF(ISNUMBER($S45),MAX(0,INT((K$6+6-$S45)/$T45)-MAX(0,-INT(-(K$6-$S45)/$T45))+1),0) -> 0 | L45: =IF(ISNUMBER($S45),MAX(0,INT((L$6+6-$S45)/$T45)-MAX(0,-INT(-(L$6-$S45)/$T45))+1),0) -> 0 | M45: =IF(ISNUMBER($S45),MAX(0,INT((M$6+6-$S45)/$T45)-MAX(0,-INT(-(M$6-$S45)/$T45))+1),0) -> 0 | N45: =IF(ISNUMBER($S45),MAX(0,INT((N$6+6-$S45)/$T45)-MAX(0,-INT(-(N$6-$S45)/$T45))+1),0) -> 0 | ... R45: =IF(ISNUMBER($S45),MAX(0,INT((R$6+6-$S45)/$T45)-MAX(0,-INT(-(R$6-$S45)/$T45))+1),0) -> 0 | S45: =IF(ISNUMBER(INDEX(pl_period,36)),MAX(INDEX(pl_due,36),p_today),"") | T45: =IF(ISNUMBER(INDEX(pl_period,36)),INDEX(pl_period,36),"") | U45: =N(INDEX(pl_dur,36)) -> 0
A46: =IF(INDEX(pl_status,37)="","",INDEX(pl_num,37)&"") | B46: =IF(INDEX(pl_status,37)="","",INDEX(pl_eq,37)&"") | C46: =IF(INDEX(pl_status,37)="","",INDEX(pl_task,37)&"") | D46: =IF(ISNUMBER(INDEX(pl_due,37)),INDEX(pl_due,37),"") | E46: =INDEX(pl_status,37)&"" | F46: =IF(E46="En retard","●","") | G46: =IF(ISNUMBER($S46),MAX(0,INT((G$6+6-$S46)/$T46)-MAX(0,-INT(-(G$6-$S46)/$T46))+1),0) -> 0 | H46: =IF(ISNUMBER($S46),MAX(0,INT((H$6+6-$S46)/$T46)-MAX(0,-INT(-(H$6-$S46)/$T46))+1),0) -> 0 | I46: =IF(ISNUMBER($S46),MAX(0,INT((I$6+6-$S46)/$T46)-MAX(0,-INT(-(I$6-$S46)/$T46))+1),0) -> 0 | J46: =IF(ISNUMBER($S46),MAX(0,INT((J$6+6-$S46)/$T46)-MAX(0,-INT(-(J$6-$S46)/$T46))+1),0) -> 0 | K46: =IF(ISNUMBER($S46),MAX(0,INT((K$6+6-$S46)/$T46)-MAX(0,-INT(-(K$6-$S46)/$T46))+1),0) -> 0 | L46: =IF(ISNUMBER($S46),MAX(0,INT((L$6+6-$S46)/$T46)-MAX(0,-INT(-(L$6-$S46)/$T46))+1),0) -> 0 | M46: =IF(ISNUMBER($S46),MAX(0,INT((M$6+6-$S46)/$T46)-MAX(0,-INT(-(M$6-$S46)/$T46))+1),0) -> 0 | N46: =IF(ISNUMBER($S46),MAX(0,INT((N$6+6-$S46)/$T46)-MAX(0,-INT(-(N$6-$S46)/$T46))+1),0) -> 0 | ... R46: =IF(ISNUMBER($S46),MAX(0,INT((R$6+6-$S46)/$T46)-MAX(0,-INT(-(R$6-$S46)/$T46))+1),0) -> 0 | S46: =IF(ISNUMBER(INDEX(pl_period,37)),MAX(INDEX(pl_due,37),p_today),"") | T46: =IF(ISNUMBER(INDEX(pl_period,37)),INDEX(pl_period,37),"") | U46: =N(INDEX(pl_dur,37)) -> 0
A47: =IF(INDEX(pl_status,38)="","",INDEX(pl_num,38)&"") | B47: =IF(INDEX(pl_status,38)="","",INDEX(pl_eq,38)&"") | C47: =IF(INDEX(pl_status,38)="","",INDEX(pl_task,38)&"") | D47: =IF(ISNUMBER(INDEX(pl_due,38)),INDEX(pl_due,38),"") | E47: =INDEX(pl_status,38)&"" | F47: =IF(E47="En retard","●","") | G47: =IF(ISNUMBER($S47),MAX(0,INT((G$6+6-$S47)/$T47)-MAX(0,-INT(-(G$6-$S47)/$T47))+1),0) -> 0 | H47: =IF(ISNUMBER($S47),MAX(0,INT((H$6+6-$S47)/$T47)-MAX(0,-INT(-(H$6-$S47)/$T47))+1),0) -> 0 | I47: =IF(ISNUMBER($S47),MAX(0,INT((I$6+6-$S47)/$T47)-MAX(0,-INT(-(I$6-$S47)/$T47))+1),0) -> 0 | J47: =IF(ISNUMBER($S47),MAX(0,INT((J$6+6-$S47)/$T47)-MAX(0,-INT(-(J$6-$S47)/$T47))+1),0) -> 0 | K47: =IF(ISNUMBER($S47),MAX(0,INT((K$6+6-$S47)/$T47)-MAX(0,-INT(-(K$6-$S47)/$T47))+1),0) -> 0 | L47: =IF(ISNUMBER($S47),MAX(0,INT((L$6+6-$S47)/$T47)-MAX(0,-INT(-(L$6-$S47)/$T47))+1),0) -> 0 | M47: =IF(ISNUMBER($S47),MAX(0,INT((M$6+6-$S47)/$T47)-MAX(0,-INT(-(M$6-$S47)/$T47))+1),0) -> 0 | N47: =IF(ISNUMBER($S47),MAX(0,INT((N$6+6-$S47)/$T47)-MAX(0,-INT(-(N$6-$S47)/$T47))+1),0) -> 0 | ... R47: =IF(ISNUMBER($S47),MAX(0,INT((R$6+6-$S47)/$T47)-MAX(0,-INT(-(R$6-$S47)/$T47))+1),0) -> 0 | S47: =IF(ISNUMBER(INDEX(pl_period,38)),MAX(INDEX(pl_due,38),p_today),"") | T47: =IF(ISNUMBER(INDEX(pl_period,38)),INDEX(pl_period,38),"") | U47: =N(INDEX(pl_dur,38)) -> 0
A48: =IF(INDEX(pl_status,39)="","",INDEX(pl_num,39)&"") | B48: =IF(INDEX(pl_status,39)="","",INDEX(pl_eq,39)&"") | C48: =IF(INDEX(pl_status,39)="","",INDEX(pl_task,39)&"") | D48: =IF(ISNUMBER(INDEX(pl_due,39)),INDEX(pl_due,39),"") | E48: =INDEX(pl_status,39)&"" | F48: =IF(E48="En retard","●","") | G48: =IF(ISNUMBER($S48),MAX(0,INT((G$6+6-$S48)/$T48)-MAX(0,-INT(-(G$6-$S48)/$T48))+1),0) -> 0 | H48: =IF(ISNUMBER($S48),MAX(0,INT((H$6+6-$S48)/$T48)-MAX(0,-INT(-(H$6-$S48)/$T48))+1),0) -> 0 | I48: =IF(ISNUMBER($S48),MAX(0,INT((I$6+6-$S48)/$T48)-MAX(0,-INT(-(I$6-$S48)/$T48))+1),0) -> 0 | J48: =IF(ISNUMBER($S48),MAX(0,INT((J$6+6-$S48)/$T48)-MAX(0,-INT(-(J$6-$S48)/$T48))+1),0) -> 0 | K48: =IF(ISNUMBER($S48),MAX(0,INT((K$6+6-$S48)/$T48)-MAX(0,-INT(-(K$6-$S48)/$T48))+1),0) -> 0 | L48: =IF(ISNUMBER($S48),MAX(0,INT((L$6+6-$S48)/$T48)-MAX(0,-INT(-(L$6-$S48)/$T48))+1),0) -> 0 | M48: =IF(ISNUMBER($S48),MAX(0,INT((M$6+6-$S48)/$T48)-MAX(0,-INT(-(M$6-$S48)/$T48))+1),0) -> 0 | N48: =IF(ISNUMBER($S48),MAX(0,INT((N$6+6-$S48)/$T48)-MAX(0,-INT(-(N$6-$S48)/$T48))+1),0) -> 0 | ... R48: =IF(ISNUMBER($S48),MAX(0,INT((R$6+6-$S48)/$T48)-MAX(0,-INT(-(R$6-$S48)/$T48))+1),0) -> 0 | S48: =IF(ISNUMBER(INDEX(pl_period,39)),MAX(INDEX(pl_due,39),p_today),"") | T48: =IF(ISNUMBER(INDEX(pl_period,39)),INDEX(pl_period,39),"") | U48: =N(INDEX(pl_dur,39)) -> 0
A49: =IF(INDEX(pl_status,40)="","",INDEX(pl_num,40)&"") | B49: =IF(INDEX(pl_status,40)="","",INDEX(pl_eq,40)&"") | C49: =IF(INDEX(pl_status,40)="","",INDEX(pl_task,40)&"") | D49: =IF(ISNUMBER(INDEX(pl_due,40)),INDEX(pl_due,40),"") | E49: =INDEX(pl_status,40)&"" | F49: =IF(E49="En retard","●","") | G49: =IF(ISNUMBER($S49),MAX(0,INT((G$6+6-$S49)/$T49)-MAX(0,-INT(-(G$6-$S49)/$T49))+1),0) -> 0 | H49: =IF(ISNUMBER($S49),MAX(0,INT((H$6+6-$S49)/$T49)-MAX(0,-INT(-(H$6-$S49)/$T49))+1),0) -> 0 | I49: =IF(ISNUMBER($S49),MAX(0,INT((I$6+6-$S49)/$T49)-MAX(0,-INT(-(I$6-$S49)/$T49))+1),0) -> 0 | J49: =IF(ISNUMBER($S49),MAX(0,INT((J$6+6-$S49)/$T49)-MAX(0,-INT(-(J$6-$S49)/$T49))+1),0) -> 0 | K49: =IF(ISNUMBER($S49),MAX(0,INT((K$6+6-$S49)/$T49)-MAX(0,-INT(-(K$6-$S49)/$T49))+1),0) -> 0 | L49: =IF(ISNUMBER($S49),MAX(0,INT((L$6+6-$S49)/$T49)-MAX(0,-INT(-(L$6-$S49)/$T49))+1),0) -> 0 | M49: =IF(ISNUMBER($S49),MAX(0,INT((M$6+6-$S49)/$T49)-MAX(0,-INT(-(M$6-$S49)/$T49))+1),0) -> 0 | N49: =IF(ISNUMBER($S49),MAX(0,INT((N$6+6-$S49)/$T49)-MAX(0,-INT(-(N$6-$S49)/$T49))+1),0) -> 0 | ... R49: =IF(ISNUMBER($S49),MAX(0,INT((R$6+6-$S49)/$T49)-MAX(0,-INT(-(R$6-$S49)/$T49))+1),0) -> 0 | S49: =IF(ISNUMBER(INDEX(pl_period,40)),MAX(INDEX(pl_due,40),p_today),"") | T49: =IF(ISNUMBER(INDEX(pl_period,40)),INDEX(pl_period,40),"") | U49: =N(INDEX(pl_dur,40)) -> 0
A50: =IF(INDEX(pl_status,41)="","",INDEX(pl_num,41)&"") | B50: =IF(INDEX(pl_status,41)="","",INDEX(pl_eq,41)&"") | C50: =IF(INDEX(pl_status,41)="","",INDEX(pl_task,41)&"") | D50: =IF(ISNUMBER(INDEX(pl_due,41)),INDEX(pl_due,41),"") | E50: =INDEX(pl_status,41)&"" | F50: =IF(E50="En retard","●","") | G50: =IF(ISNUMBER($S50),MAX(0,INT((G$6+6-$S50)/$T50)-MAX(0,-INT(-(G$6-$S50)/$T50))+1),0) -> 0 | H50: =IF(ISNUMBER($S50),MAX(0,INT((H$6+6-$S50)/$T50)-MAX(0,-INT(-(H$6-$S50)/$T50))+1),0) -> 0 | I50: =IF(ISNUMBER($S50),MAX(0,INT((I$6+6-$S50)/$T50)-MAX(0,-INT(-(I$6-$S50)/$T50))+1),0) -> 0 | J50: =IF(ISNUMBER($S50),MAX(0,INT((J$6+6-$S50)/$T50)-MAX(0,-INT(-(J$6-$S50)/$T50))+1),0) -> 0 | K50: =IF(ISNUMBER($S50),MAX(0,INT((K$6+6-$S50)/$T50)-MAX(0,-INT(-(K$6-$S50)/$T50))+1),0) -> 0 | L50: =IF(ISNUMBER($S50),MAX(0,INT((L$6+6-$S50)/$T50)-MAX(0,-INT(-(L$6-$S50)/$T50))+1),0) -> 0 | M50: =IF(ISNUMBER($S50),MAX(0,INT((M$6+6-$S50)/$T50)-MAX(0,-INT(-(M$6-$S50)/$T50))+1),0) -> 0 | N50: =IF(ISNUMBER($S50),MAX(0,INT((N$6+6-$S50)/$T50)-MAX(0,-INT(-(N$6-$S50)/$T50))+1),0) -> 0 | ... R50: =IF(ISNUMBER($S50),MAX(0,INT((R$6+6-$S50)/$T50)-MAX(0,-INT(-(R$6-$S50)/$T50))+1),0) -> 0 | S50: =IF(ISNUMBER(INDEX(pl_period,41)),MAX(INDEX(pl_due,41),p_today),"") | T50: =IF(ISNUMBER(INDEX(pl_period,41)),INDEX(pl_period,41),"") | U50: =N(INDEX(pl_dur,41)) -> 0
A51: =IF(INDEX(pl_status,42)="","",INDEX(pl_num,42)&"") | B51: =IF(INDEX(pl_status,42)="","",INDEX(pl_eq,42)&"") | C51: =IF(INDEX(pl_status,42)="","",INDEX(pl_task,42)&"") | D51: =IF(ISNUMBER(INDEX(pl_due,42)),INDEX(pl_due,42),"") | E51: =INDEX(pl_status,42)&"" | F51: =IF(E51="En retard","●","") | G51: =IF(ISNUMBER($S51),MAX(0,INT((G$6+6-$S51)/$T51)-MAX(0,-INT(-(G$6-$S51)/$T51))+1),0) -> 0 | H51: =IF(ISNUMBER($S51),MAX(0,INT((H$6+6-$S51)/$T51)-MAX(0,-INT(-(H$6-$S51)/$T51))+1),0) -> 0 | I51: =IF(ISNUMBER($S51),MAX(0,INT((I$6+6-$S51)/$T51)-MAX(0,-INT(-(I$6-$S51)/$T51))+1),0) -> 0 | J51: =IF(ISNUMBER($S51),MAX(0,INT((J$6+6-$S51)/$T51)-MAX(0,-INT(-(J$6-$S51)/$T51))+1),0) -> 0 | K51: =IF(ISNUMBER($S51),MAX(0,INT((K$6+6-$S51)/$T51)-MAX(0,-INT(-(K$6-$S51)/$T51))+1),0) -> 0 | L51: =IF(ISNUMBER($S51),MAX(0,INT((L$6+6-$S51)/$T51)-MAX(0,-INT(-(L$6-$S51)/$T51))+1),0) -> 0 | M51: =IF(ISNUMBER($S51),MAX(0,INT((M$6+6-$S51)/$T51)-MAX(0,-INT(-(M$6-$S51)/$T51))+1),0) -> 0 | N51: =IF(ISNUMBER($S51),MAX(0,INT((N$6+6-$S51)/$T51)-MAX(0,-INT(-(N$6-$S51)/$T51))+1),0) -> 0 | ... R51: =IF(ISNUMBER($S51),MAX(0,INT((R$6+6-$S51)/$T51)-MAX(0,-INT(-(R$6-$S51)/$T51))+1),0) -> 0 | S51: =IF(ISNUMBER(INDEX(pl_period,42)),MAX(INDEX(pl_due,42),p_today),"") | T51: =IF(ISNUMBER(INDEX(pl_period,42)),INDEX(pl_period,42),"") | U51: =N(INDEX(pl_dur,42)) -> 0
A52: =IF(INDEX(pl_status,43)="","",INDEX(pl_num,43)&"") | B52: =IF(INDEX(pl_status,43)="","",INDEX(pl_eq,43)&"") | C52: =IF(INDEX(pl_status,43)="","",INDEX(pl_task,43)&"") | D52: =IF(ISNUMBER(INDEX(pl_due,43)),INDEX(pl_due,43),"") | E52: =INDEX(pl_status,43)&"" | F52: =IF(E52="En retard","●","") | G52: =IF(ISNUMBER($S52),MAX(0,INT((G$6+6-$S52)/$T52)-MAX(0,-INT(-(G$6-$S52)/$T52))+1),0) -> 0 | H52: =IF(ISNUMBER($S52),MAX(0,INT((H$6+6-$S52)/$T52)-MAX(0,-INT(-(H$6-$S52)/$T52))+1),0) -> 0 | I52: =IF(ISNUMBER($S52),MAX(0,INT((I$6+6-$S52)/$T52)-MAX(0,-INT(-(I$6-$S52)/$T52))+1),0) -> 0 | J52: =IF(ISNUMBER($S52),MAX(0,INT((J$6+6-$S52)/$T52)-MAX(0,-INT(-(J$6-$S52)/$T52))+1),0) -> 0 | K52: =IF(ISNUMBER($S52),MAX(0,INT((K$6+6-$S52)/$T52)-MAX(0,-INT(-(K$6-$S52)/$T52))+1),0) -> 0 | L52: =IF(ISNUMBER($S52),MAX(0,INT((L$6+6-$S52)/$T52)-MAX(0,-INT(-(L$6-$S52)/$T52))+1),0) -> 0 | M52: =IF(ISNUMBER($S52),MAX(0,INT((M$6+6-$S52)/$T52)-MAX(0,-INT(-(M$6-$S52)/$T52))+1),0) -> 0 | N52: =IF(ISNUMBER($S52),MAX(0,INT((N$6+6-$S52)/$T52)-MAX(0,-INT(-(N$6-$S52)/$T52))+1),0) -> 0 | ... R52: =IF(ISNUMBER($S52),MAX(0,INT((R$6+6-$S52)/$T52)-MAX(0,-INT(-(R$6-$S52)/$T52))+1),0) -> 0 | S52: =IF(ISNUMBER(INDEX(pl_period,43)),MAX(INDEX(pl_due,43),p_today),"") | T52: =IF(ISNUMBER(INDEX(pl_period,43)),INDEX(pl_period,43),"") | U52: =N(INDEX(pl_dur,43)) -> 0
A53: =IF(INDEX(pl_status,44)="","",INDEX(pl_num,44)&"") | B53: =IF(INDEX(pl_status,44)="","",INDEX(pl_eq,44)&"") | C53: =IF(INDEX(pl_status,44)="","",INDEX(pl_task,44)&"") | D53: =IF(ISNUMBER(INDEX(pl_due,44)),INDEX(pl_due,44),"") | E53: =INDEX(pl_status,44)&"" | F53: =IF(E53="En retard","●","") | G53: =IF(ISNUMBER($S53),MAX(0,INT((G$6+6-$S53)/$T53)-MAX(0,-INT(-(G$6-$S53)/$T53))+1),0) -> 0 | H53: =IF(ISNUMBER($S53),MAX(0,INT((H$6+6-$S53)/$T53)-MAX(0,-INT(-(H$6-$S53)/$T53))+1),0) -> 0 | I53: =IF(ISNUMBER($S53),MAX(0,INT((I$6+6-$S53)/$T53)-MAX(0,-INT(-(I$6-$S53)/$T53))+1),0) -> 0 | J53: =IF(ISNUMBER($S53),MAX(0,INT((J$6+6-$S53)/$T53)-MAX(0,-INT(-(J$6-$S53)/$T53))+1),0) -> 0 | K53: =IF(ISNUMBER($S53),MAX(0,INT((K$6+6-$S53)/$T53)-MAX(0,-INT(-(K$6-$S53)/$T53))+1),0) -> 0 | L53: =IF(ISNUMBER($S53),MAX(0,INT((L$6+6-$S53)/$T53)-MAX(0,-INT(-(L$6-$S53)/$T53))+1),0) -> 0 | M53: =IF(ISNUMBER($S53),MAX(0,INT((M$6+6-$S53)/$T53)-MAX(0,-INT(-(M$6-$S53)/$T53))+1),0) -> 0 | N53: =IF(ISNUMBER($S53),MAX(0,INT((N$6+6-$S53)/$T53)-MAX(0,-INT(-(N$6-$S53)/$T53))+1),0) -> 0 | ... R53: =IF(ISNUMBER($S53),MAX(0,INT((R$6+6-$S53)/$T53)-MAX(0,-INT(-(R$6-$S53)/$T53))+1),0) -> 0 | S53: =IF(ISNUMBER(INDEX(pl_period,44)),MAX(INDEX(pl_due,44),p_today),"") | T53: =IF(ISNUMBER(INDEX(pl_period,44)),INDEX(pl_period,44),"") | U53: =N(INDEX(pl_dur,44)) -> 0
A54: =IF(INDEX(pl_status,45)="","",INDEX(pl_num,45)&"") | B54: =IF(INDEX(pl_status,45)="","",INDEX(pl_eq,45)&"") | C54: =IF(INDEX(pl_status,45)="","",INDEX(pl_task,45)&"") | D54: =IF(ISNUMBER(INDEX(pl_due,45)),INDEX(pl_due,45),"") | E54: =INDEX(pl_status,45)&"" | F54: =IF(E54="En retard","●","") | G54: =IF(ISNUMBER($S54),MAX(0,INT((G$6+6-$S54)/$T54)-MAX(0,-INT(-(G$6-$S54)/$T54))+1),0) -> 0 | H54: =IF(ISNUMBER($S54),MAX(0,INT((H$6+6-$S54)/$T54)-MAX(0,-INT(-(H$6-$S54)/$T54))+1),0) -> 0 | I54: =IF(ISNUMBER($S54),MAX(0,INT((I$6+6-$S54)/$T54)-MAX(0,-INT(-(I$6-$S54)/$T54))+1),0) -> 0 | J54: =IF(ISNUMBER($S54),MAX(0,INT((J$6+6-$S54)/$T54)-MAX(0,-INT(-(J$6-$S54)/$T54))+1),0) -> 0 | K54: =IF(ISNUMBER($S54),MAX(0,INT((K$6+6-$S54)/$T54)-MAX(0,-INT(-(K$6-$S54)/$T54))+1),0) -> 0 | L54: =IF(ISNUMBER($S54),MAX(0,INT((L$6+6-$S54)/$T54)-MAX(0,-INT(-(L$6-$S54)/$T54))+1),0) -> 0 | M54: =IF(ISNUMBER($S54),MAX(0,INT((M$6+6-$S54)/$T54)-MAX(0,-INT(-(M$6-$S54)/$T54))+1),0) -> 0 | N54: =IF(ISNUMBER($S54),MAX(0,INT((N$6+6-$S54)/$T54)-MAX(0,-INT(-(N$6-$S54)/$T54))+1),0) -> 0 | ... R54: =IF(ISNUMBER($S54),MAX(0,INT((R$6+6-$S54)/$T54)-MAX(0,-INT(-(R$6-$S54)/$T54))+1),0) -> 0 | S54: =IF(ISNUMBER(INDEX(pl_period,45)),MAX(INDEX(pl_due,45),p_today),"") | T54: =IF(ISNUMBER(INDEX(pl_period,45)),INDEX(pl_period,45),"") | U54: =N(INDEX(pl_dur,45)) -> 0
A55: =IF(INDEX(pl_status,46)="","",INDEX(pl_num,46)&"") | B55: =IF(INDEX(pl_status,46)="","",INDEX(pl_eq,46)&"") | C55: =IF(INDEX(pl_status,46)="","",INDEX(pl_task,46)&"") | D55: =IF(ISNUMBER(INDEX(pl_due,46)),INDEX(pl_due,46),"") | E55: =INDEX(pl_status,46)&"" | F55: =IF(E55="En retard","●","") | G55: =IF(ISNUMBER($S55),MAX(0,INT((G$6+6-$S55)/$T55)-MAX(0,-INT(-(G$6-$S55)/$T55))+1),0) -> 0 | H55: =IF(ISNUMBER($S55),MAX(0,INT((H$6+6-$S55)/$T55)-MAX(0,-INT(-(H$6-$S55)/$T55))+1),0) -> 0 | I55: =IF(ISNUMBER($S55),MAX(0,INT((I$6+6-$S55)/$T55)-MAX(0,-INT(-(I$6-$S55)/$T55))+1),0) -> 0 | J55: =IF(ISNUMBER($S55),MAX(0,INT((J$6+6-$S55)/$T55)-MAX(0,-INT(-(J$6-$S55)/$T55))+1),0) -> 0 | K55: =IF(ISNUMBER($S55),MAX(0,INT((K$6+6-$S55)/$T55)-MAX(0,-INT(-(K$6-$S55)/$T55))+1),0) -> 0 | L55: =IF(ISNUMBER($S55),MAX(0,INT((L$6+6-$S55)/$T55)-MAX(0,-INT(-(L$6-$S55)/$T55))+1),0) -> 0 | M55: =IF(ISNUMBER($S55),MAX(0,INT((M$6+6-$S55)/$T55)-MAX(0,-INT(-(M$6-$S55)/$T55))+1),0) -> 0 | N55: =IF(ISNUMBER($S55),MAX(0,INT((N$6+6-$S55)/$T55)-MAX(0,-INT(-(N$6-$S55)/$T55))+1),0) -> 0 | ... R55: =IF(ISNUMBER($S55),MAX(0,INT((R$6+6-$S55)/$T55)-MAX(0,-INT(-(R$6-$S55)/$T55))+1),0) -> 0 | S55: =IF(ISNUMBER(INDEX(pl_period,46)),MAX(INDEX(pl_due,46),p_today),"") | T55: =IF(ISNUMBER(INDEX(pl_period,46)),INDEX(pl_period,46),"") | U55: =N(INDEX(pl_dur,46)) -> 0
A56: =IF(INDEX(pl_status,47)="","",INDEX(pl_num,47)&"") | B56: =IF(INDEX(pl_status,47)="","",INDEX(pl_eq,47)&"") | C56: =IF(INDEX(pl_status,47)="","",INDEX(pl_task,47)&"") | D56: =IF(ISNUMBER(INDEX(pl_due,47)),INDEX(pl_due,47),"") | E56: =INDEX(pl_status,47)&"" | F56: =IF(E56="En retard","●","") | G56: =IF(ISNUMBER($S56),MAX(0,INT((G$6+6-$S56)/$T56)-MAX(0,-INT(-(G$6-$S56)/$T56))+1),0) -> 0 | H56: =IF(ISNUMBER($S56),MAX(0,INT((H$6+6-$S56)/$T56)-MAX(0,-INT(-(H$6-$S56)/$T56))+1),0) -> 0 | I56: =IF(ISNUMBER($S56),MAX(0,INT((I$6+6-$S56)/$T56)-MAX(0,-INT(-(I$6-$S56)/$T56))+1),0) -> 0 | J56: =IF(ISNUMBER($S56),MAX(0,INT((J$6+6-$S56)/$T56)-MAX(0,-INT(-(J$6-$S56)/$T56))+1),0) -> 0 | K56: =IF(ISNUMBER($S56),MAX(0,INT((K$6+6-$S56)/$T56)-MAX(0,-INT(-(K$6-$S56)/$T56))+1),0) -> 0 | L56: =IF(ISNUMBER($S56),MAX(0,INT((L$6+6-$S56)/$T56)-MAX(0,-INT(-(L$6-$S56)/$T56))+1),0) -> 0 | M56: =IF(ISNUMBER($S56),MAX(0,INT((M$6+6-$S56)/$T56)-MAX(0,-INT(-(M$6-$S56)/$T56))+1),0) -> 0 | N56: =IF(ISNUMBER($S56),MAX(0,INT((N$6+6-$S56)/$T56)-MAX(0,-INT(-(N$6-$S56)/$T56))+1),0) -> 0 | ... R56: =IF(ISNUMBER($S56),MAX(0,INT((R$6+6-$S56)/$T56)-MAX(0,-INT(-(R$6-$S56)/$T56))+1),0) -> 0 | S56: =IF(ISNUMBER(INDEX(pl_period,47)),MAX(INDEX(pl_due,47),p_today),"") | T56: =IF(ISNUMBER(INDEX(pl_period,47)),INDEX(pl_period,47),"") | U56: =N(INDEX(pl_dur,47)) -> 0
A57: =IF(INDEX(pl_status,48)="","",INDEX(pl_num,48)&"") | B57: =IF(INDEX(pl_status,48)="","",INDEX(pl_eq,48)&"") | C57: =IF(INDEX(pl_status,48)="","",INDEX(pl_task,48)&"") | D57: =IF(ISNUMBER(INDEX(pl_due,48)),INDEX(pl_due,48),"") | E57: =INDEX(pl_status,48)&"" | F57: =IF(E57="En retard","●","") | G57: =IF(ISNUMBER($S57),MAX(0,INT((G$6+6-$S57)/$T57)-MAX(0,-INT(-(G$6-$S57)/$T57))+1),0) -> 0 | H57: =IF(ISNUMBER($S57),MAX(0,INT((H$6+6-$S57)/$T57)-MAX(0,-INT(-(H$6-$S57)/$T57))+1),0) -> 0 | I57: =IF(ISNUMBER($S57),MAX(0,INT((I$6+6-$S57)/$T57)-MAX(0,-INT(-(I$6-$S57)/$T57))+1),0) -> 0 | J57: =IF(ISNUMBER($S57),MAX(0,INT((J$6+6-$S57)/$T57)-MAX(0,-INT(-(J$6-$S57)/$T57))+1),0) -> 0 | K57: =IF(ISNUMBER($S57),MAX(0,INT((K$6+6-$S57)/$T57)-MAX(0,-INT(-(K$6-$S57)/$T57))+1),0) -> 0 | L57: =IF(ISNUMBER($S57),MAX(0,INT((L$6+6-$S57)/$T57)-MAX(0,-INT(-(L$6-$S57)/$T57))+1),0) -> 0 | M57: =IF(ISNUMBER($S57),MAX(0,INT((M$6+6-$S57)/$T57)-MAX(0,-INT(-(M$6-$S57)/$T57))+1),0) -> 0 | N57: =IF(ISNUMBER($S57),MAX(0,INT((N$6+6-$S57)/$T57)-MAX(0,-INT(-(N$6-$S57)/$T57))+1),0) -> 0 | ... R57: =IF(ISNUMBER($S57),MAX(0,INT((R$6+6-$S57)/$T57)-MAX(0,-INT(-(R$6-$S57)/$T57))+1),0) -> 0 | S57: =IF(ISNUMBER(INDEX(pl_period,48)),MAX(INDEX(pl_due,48),p_today),"") | T57: =IF(ISNUMBER(INDEX(pl_period,48)),INDEX(pl_period,48),"") | U57: =N(INDEX(pl_dur,48)) -> 0
A58: =IF(INDEX(pl_status,49)="","",INDEX(pl_num,49)&"") | B58: =IF(INDEX(pl_status,49)="","",INDEX(pl_eq,49)&"") | C58: =IF(INDEX(pl_status,49)="","",INDEX(pl_task,49)&"") | D58: =IF(ISNUMBER(INDEX(pl_due,49)),INDEX(pl_due,49),"") | E58: =INDEX(pl_status,49)&"" | F58: =IF(E58="En retard","●","") | G58: =IF(ISNUMBER($S58),MAX(0,INT((G$6+6-$S58)/$T58)-MAX(0,-INT(-(G$6-$S58)/$T58))+1),0) -> 0 | H58: =IF(ISNUMBER($S58),MAX(0,INT((H$6+6-$S58)/$T58)-MAX(0,-INT(-(H$6-$S58)/$T58))+1),0) -> 0 | I58: =IF(ISNUMBER($S58),MAX(0,INT((I$6+6-$S58)/$T58)-MAX(0,-INT(-(I$6-$S58)/$T58))+1),0) -> 0 | J58: =IF(ISNUMBER($S58),MAX(0,INT((J$6+6-$S58)/$T58)-MAX(0,-INT(-(J$6-$S58)/$T58))+1),0) -> 0 | K58: =IF(ISNUMBER($S58),MAX(0,INT((K$6+6-$S58)/$T58)-MAX(0,-INT(-(K$6-$S58)/$T58))+1),0) -> 0 | L58: =IF(ISNUMBER($S58),MAX(0,INT((L$6+6-$S58)/$T58)-MAX(0,-INT(-(L$6-$S58)/$T58))+1),0) -> 0 | M58: =IF(ISNUMBER($S58),MAX(0,INT((M$6+6-$S58)/$T58)-MAX(0,-INT(-(M$6-$S58)/$T58))+1),0) -> 0 | N58: =IF(ISNUMBER($S58),MAX(0,INT((N$6+6-$S58)/$T58)-MAX(0,-INT(-(N$6-$S58)/$T58))+1),0) -> 0 | ... R58: =IF(ISNUMBER($S58),MAX(0,INT((R$6+6-$S58)/$T58)-MAX(0,-INT(-(R$6-$S58)/$T58))+1),0) -> 0 | S58: =IF(ISNUMBER(INDEX(pl_period,49)),MAX(INDEX(pl_due,49),p_today),"") | T58: =IF(ISNUMBER(INDEX(pl_period,49)),INDEX(pl_period,49),"") | U58: =N(INDEX(pl_dur,49)) -> 0
A59: =IF(INDEX(pl_status,50)="","",INDEX(pl_num,50)&"") | B59: =IF(INDEX(pl_status,50)="","",INDEX(pl_eq,50)&"") | C59: =IF(INDEX(pl_status,50)="","",INDEX(pl_task,50)&"") | D59: =IF(ISNUMBER(INDEX(pl_due,50)),INDEX(pl_due,50),"") | E59: =INDEX(pl_status,50)&"" | F59: =IF(E59="En retard","●","") | G59: =IF(ISNUMBER($S59),MAX(0,INT((G$6+6-$S59)/$T59)-MAX(0,-INT(-(G$6-$S59)/$T59))+1),0) -> 0 | H59: =IF(ISNUMBER($S59),MAX(0,INT((H$6+6-$S59)/$T59)-MAX(0,-INT(-(H$6-$S59)/$T59))+1),0) -> 0 | I59: =IF(ISNUMBER($S59),MAX(0,INT((I$6+6-$S59)/$T59)-MAX(0,-INT(-(I$6-$S59)/$T59))+1),0) -> 0 | J59: =IF(ISNUMBER($S59),MAX(0,INT((J$6+6-$S59)/$T59)-MAX(0,-INT(-(J$6-$S59)/$T59))+1),0) -> 0 | K59: =IF(ISNUMBER($S59),MAX(0,INT((K$6+6-$S59)/$T59)-MAX(0,-INT(-(K$6-$S59)/$T59))+1),0) -> 0 | L59: =IF(ISNUMBER($S59),MAX(0,INT((L$6+6-$S59)/$T59)-MAX(0,-INT(-(L$6-$S59)/$T59))+1),0) -> 0 | M59: =IF(ISNUMBER($S59),MAX(0,INT((M$6+6-$S59)/$T59)-MAX(0,-INT(-(M$6-$S59)/$T59))+1),0) -> 0 | N59: =IF(ISNUMBER($S59),MAX(0,INT((N$6+6-$S59)/$T59)-MAX(0,-INT(-(N$6-$S59)/$T59))+1),0) -> 0 | ... R59: =IF(ISNUMBER($S59),MAX(0,INT((R$6+6-$S59)/$T59)-MAX(0,-INT(-(R$6-$S59)/$T59))+1),0) -> 0 | S59: =IF(ISNUMBER(INDEX(pl_period,50)),MAX(INDEX(pl_due,50),p_today),"") | T59: =IF(ISNUMBER(INDEX(pl_period,50)),INDEX(pl_period,50),"") | U59: =N(INDEX(pl_dur,50)) -> 0
A60: =IF(INDEX(pl_status,51)="","",INDEX(pl_num,51)&"") | B60: =IF(INDEX(pl_status,51)="","",INDEX(pl_eq,51)&"") | C60: =IF(INDEX(pl_status,51)="","",INDEX(pl_task,51)&"") | D60: =IF(ISNUMBER(INDEX(pl_due,51)),INDEX(pl_due,51),"") | E60: =INDEX(pl_status,51)&"" | F60: =IF(E60="En retard","●","") | G60: =IF(ISNUMBER($S60),MAX(0,INT((G$6+6-$S60)/$T60)-MAX(0,-INT(-(G$6-$S60)/$T60))+1),0) -> 0 | H60: =IF(ISNUMBER($S60),MAX(0,INT((H$6+6-$S60)/$T60)-MAX(0,-INT(-(H$6-$S60)/$T60))+1),0) -> 0 | I60: =IF(ISNUMBER($S60),MAX(0,INT((I$6+6-$S60)/$T60)-MAX(0,-INT(-(I$6-$S60)/$T60))+1),0) -> 0 | J60: =IF(ISNUMBER($S60),MAX(0,INT((J$6+6-$S60)/$T60)-MAX(0,-INT(-(J$6-$S60)/$T60))+1),0) -> 0 | K60: =IF(ISNUMBER($S60),MAX(0,INT((K$6+6-$S60)/$T60)-MAX(0,-INT(-(K$6-$S60)/$T60))+1),0) -> 0 | L60: =IF(ISNUMBER($S60),MAX(0,INT((L$6+6-$S60)/$T60)-MAX(0,-INT(-(L$6-$S60)/$T60))+1),0) -> 0 | M60: =IF(ISNUMBER($S60),MAX(0,INT((M$6+6-$S60)/$T60)-MAX(0,-INT(-(M$6-$S60)/$T60))+1),0) -> 0 | N60: =IF(ISNUMBER($S60),MAX(0,INT((N$6+6-$S60)/$T60)-MAX(0,-INT(-(N$6-$S60)/$T60))+1),0) -> 0 | ... R60: =IF(ISNUMBER($S60),MAX(0,INT((R$6+6-$S60)/$T60)-MAX(0,-INT(-(R$6-$S60)/$T60))+1),0) -> 0 | S60: =IF(ISNUMBER(INDEX(pl_period,51)),MAX(INDEX(pl_due,51),p_today),"") | T60: =IF(ISNUMBER(INDEX(pl_period,51)),INDEX(pl_period,51),"") | U60: =N(INDEX(pl_dur,51)) -> 0
A61: =IF(INDEX(pl_status,52)="","",INDEX(pl_num,52)&"") | B61: =IF(INDEX(pl_status,52)="","",INDEX(pl_eq,52)&"") | C61: =IF(INDEX(pl_status,52)="","",INDEX(pl_task,52)&"") | D61: =IF(ISNUMBER(INDEX(pl_due,52)),INDEX(pl_due,52),"") | E61: =INDEX(pl_status,52)&"" | F61: =IF(E61="En retard","●","") | G61: =IF(ISNUMBER($S61),MAX(0,INT((G$6+6-$S61)/$T61)-MAX(0,-INT(-(G$6-$S61)/$T61))+1),0) -> 0 | H61: =IF(ISNUMBER($S61),MAX(0,INT((H$6+6-$S61)/$T61)-MAX(0,-INT(-(H$6-$S61)/$T61))+1),0) -> 0 | I61: =IF(ISNUMBER($S61),MAX(0,INT((I$6+6-$S61)/$T61)-MAX(0,-INT(-(I$6-$S61)/$T61))+1),0) -> 0 | J61: =IF(ISNUMBER($S61),MAX(0,INT((J$6+6-$S61)/$T61)-MAX(0,-INT(-(J$6-$S61)/$T61))+1),0) -> 0 | K61: =IF(ISNUMBER($S61),MAX(0,INT((K$6+6-$S61)/$T61)-MAX(0,-INT(-(K$6-$S61)/$T61))+1),0) -> 0 | L61: =IF(ISNUMBER($S61),MAX(0,INT((L$6+6-$S61)/$T61)-MAX(0,-INT(-(L$6-$S61)/$T61))+1),0) -> 0 | M61: =IF(ISNUMBER($S61),MAX(0,INT((M$6+6-$S61)/$T61)-MAX(0,-INT(-(M$6-$S61)/$T61))+1),0) -> 0 | N61: =IF(ISNUMBER($S61),MAX(0,INT((N$6+6-$S61)/$T61)-MAX(0,-INT(-(N$6-$S61)/$T61))+1),0) -> 0 | ... R61: =IF(ISNUMBER($S61),MAX(0,INT((R$6+6-$S61)/$T61)-MAX(0,-INT(-(R$6-$S61)/$T61))+1),0) -> 0 | S61: =IF(ISNUMBER(INDEX(pl_period,52)),MAX(INDEX(pl_due,52),p_today),"") | T61: =IF(ISNUMBER(INDEX(pl_period,52)),INDEX(pl_period,52),"") | U61: =N(INDEX(pl_dur,52)) -> 0
A62: =IF(INDEX(pl_status,53)="","",INDEX(pl_num,53)&"") | B62: =IF(INDEX(pl_status,53)="","",INDEX(pl_eq,53)&"") | C62: =IF(INDEX(pl_status,53)="","",INDEX(pl_task,53)&"") | D62: =IF(ISNUMBER(INDEX(pl_due,53)),INDEX(pl_due,53),"") | E62: =INDEX(pl_status,53)&"" | F62: =IF(E62="En retard","●","") | G62: =IF(ISNUMBER($S62),MAX(0,INT((G$6+6-$S62)/$T62)-MAX(0,-INT(-(G$6-$S62)/$T62))+1),0) -> 0 | H62: =IF(ISNUMBER($S62),MAX(0,INT((H$6+6-$S62)/$T62)-MAX(0,-INT(-(H$6-$S62)/$T62))+1),0) -> 0 | I62: =IF(ISNUMBER($S62),MAX(0,INT((I$6+6-$S62)/$T62)-MAX(0,-INT(-(I$6-$S62)/$T62))+1),0) -> 0 | J62: =IF(ISNUMBER($S62),MAX(0,INT((J$6+6-$S62)/$T62)-MAX(0,-INT(-(J$6-$S62)/$T62))+1),0) -> 0 | K62: =IF(ISNUMBER($S62),MAX(0,INT((K$6+6-$S62)/$T62)-MAX(0,-INT(-(K$6-$S62)/$T62))+1),0) -> 0 | L62: =IF(ISNUMBER($S62),MAX(0,INT((L$6+6-$S62)/$T62)-MAX(0,-INT(-(L$6-$S62)/$T62))+1),0) -> 0 | M62: =IF(ISNUMBER($S62),MAX(0,INT((M$6+6-$S62)/$T62)-MAX(0,-INT(-(M$6-$S62)/$T62))+1),0) -> 0 | N62: =IF(ISNUMBER($S62),MAX(0,INT((N$6+6-$S62)/$T62)-MAX(0,-INT(-(N$6-$S62)/$T62))+1),0) -> 0 | ... R62: =IF(ISNUMBER($S62),MAX(0,INT((R$6+6-$S62)/$T62)-MAX(0,-INT(-(R$6-$S62)/$T62))+1),0) -> 0 | S62: =IF(ISNUMBER(INDEX(pl_period,53)),MAX(INDEX(pl_due,53),p_today),"") | T62: =IF(ISNUMBER(INDEX(pl_period,53)),INDEX(pl_period,53),"") | U62: =N(INDEX(pl_dur,53)) -> 0
A63: =IF(INDEX(pl_status,54)="","",INDEX(pl_num,54)&"") | B63: =IF(INDEX(pl_status,54)="","",INDEX(pl_eq,54)&"") | C63: =IF(INDEX(pl_status,54)="","",INDEX(pl_task,54)&"") | D63: =IF(ISNUMBER(INDEX(pl_due,54)),INDEX(pl_due,54),"") | E63: =INDEX(pl_status,54)&"" | F63: =IF(E63="En retard","●","") | G63: =IF(ISNUMBER($S63),MAX(0,INT((G$6+6-$S63)/$T63)-MAX(0,-INT(-(G$6-$S63)/$T63))+1),0) -> 0 | H63: =IF(ISNUMBER($S63),MAX(0,INT((H$6+6-$S63)/$T63)-MAX(0,-INT(-(H$6-$S63)/$T63))+1),0) -> 0 | I63: =IF(ISNUMBER($S63),MAX(0,INT((I$6+6-$S63)/$T63)-MAX(0,-INT(-(I$6-$S63)/$T63))+1),0) -> 0 | J63: =IF(ISNUMBER($S63),MAX(0,INT((J$6+6-$S63)/$T63)-MAX(0,-INT(-(J$6-$S63)/$T63))+1),0) -> 0 | K63: =IF(ISNUMBER($S63),MAX(0,INT((K$6+6-$S63)/$T63)-MAX(0,-INT(-(K$6-$S63)/$T63))+1),0) -> 0 | L63: =IF(ISNUMBER($S63),MAX(0,INT((L$6+6-$S63)/$T63)-MAX(0,-INT(-(L$6-$S63)/$T63))+1),0) -> 0 | M63: =IF(ISNUMBER($S63),MAX(0,INT((M$6+6-$S63)/$T63)-MAX(0,-INT(-(M$6-$S63)/$T63))+1),0) -> 0 | N63: =IF(ISNUMBER($S63),MAX(0,INT((N$6+6-$S63)/$T63)-MAX(0,-INT(-(N$6-$S63)/$T63))+1),0) -> 0 | ... R63: =IF(ISNUMBER($S63),MAX(0,INT((R$6+6-$S63)/$T63)-MAX(0,-INT(-(R$6-$S63)/$T63))+1),0) -> 0 | S63: =IF(ISNUMBER(INDEX(pl_period,54)),MAX(INDEX(pl_due,54),p_today),"") | T63: =IF(ISNUMBER(INDEX(pl_period,54)),INDEX(pl_period,54),"") | U63: =N(INDEX(pl_dur,54)) -> 0
A64: =IF(INDEX(pl_status,55)="","",INDEX(pl_num,55)&"") | B64: =IF(INDEX(pl_status,55)="","",INDEX(pl_eq,55)&"") | C64: =IF(INDEX(pl_status,55)="","",INDEX(pl_task,55)&"") | D64: =IF(ISNUMBER(INDEX(pl_due,55)),INDEX(pl_due,55),"") | E64: =INDEX(pl_status,55)&"" | F64: =IF(E64="En retard","●","") | G64: =IF(ISNUMBER($S64),MAX(0,INT((G$6+6-$S64)/$T64)-MAX(0,-INT(-(G$6-$S64)/$T64))+1),0) -> 0 | H64: =IF(ISNUMBER($S64),MAX(0,INT((H$6+6-$S64)/$T64)-MAX(0,-INT(-(H$6-$S64)/$T64))+1),0) -> 0 | I64: =IF(ISNUMBER($S64),MAX(0,INT((I$6+6-$S64)/$T64)-MAX(0,-INT(-(I$6-$S64)/$T64))+1),0) -> 0 | J64: =IF(ISNUMBER($S64),MAX(0,INT((J$6+6-$S64)/$T64)-MAX(0,-INT(-(J$6-$S64)/$T64))+1),0) -> 0 | K64: =IF(ISNUMBER($S64),MAX(0,INT((K$6+6-$S64)/$T64)-MAX(0,-INT(-(K$6-$S64)/$T64))+1),0) -> 0 | L64: =IF(ISNUMBER($S64),MAX(0,INT((L$6+6-$S64)/$T64)-MAX(0,-INT(-(L$6-$S64)/$T64))+1),0) -> 0 | M64: =IF(ISNUMBER($S64),MAX(0,INT((M$6+6-$S64)/$T64)-MAX(0,-INT(-(M$6-$S64)/$T64))+1),0) -> 0 | N64: =IF(ISNUMBER($S64),MAX(0,INT((N$6+6-$S64)/$T64)-MAX(0,-INT(-(N$6-$S64)/$T64))+1),0) -> 0 | ... R64: =IF(ISNUMBER($S64),MAX(0,INT((R$6+6-$S64)/$T64)-MAX(0,-INT(-(R$6-$S64)/$T64))+1),0) -> 0 | S64: =IF(ISNUMBER(INDEX(pl_period,55)),MAX(INDEX(pl_due,55),p_today),"") | T64: =IF(ISNUMBER(INDEX(pl_period,55)),INDEX(pl_period,55),"") | U64: =N(INDEX(pl_dur,55)) -> 0
A65: =IF(INDEX(pl_status,56)="","",INDEX(pl_num,56)&"") | B65: =IF(INDEX(pl_status,56)="","",INDEX(pl_eq,56)&"") | C65: =IF(INDEX(pl_status,56)="","",INDEX(pl_task,56)&"") | D65: =IF(ISNUMBER(INDEX(pl_due,56)),INDEX(pl_due,56),"") | E65: =INDEX(pl_status,56)&"" | F65: =IF(E65="En retard","●","") | G65: =IF(ISNUMBER($S65),MAX(0,INT((G$6+6-$S65)/$T65)-MAX(0,-INT(-(G$6-$S65)/$T65))+1),0) -> 0 | H65: =IF(ISNUMBER($S65),MAX(0,INT((H$6+6-$S65)/$T65)-MAX(0,-INT(-(H$6-$S65)/$T65))+1),0) -> 0 | I65: =IF(ISNUMBER($S65),MAX(0,INT((I$6+6-$S65)/$T65)-MAX(0,-INT(-(I$6-$S65)/$T65))+1),0) -> 0 | J65: =IF(ISNUMBER($S65),MAX(0,INT((J$6+6-$S65)/$T65)-MAX(0,-INT(-(J$6-$S65)/$T65))+1),0) -> 0 | K65: =IF(ISNUMBER($S65),MAX(0,INT((K$6+6-$S65)/$T65)-MAX(0,-INT(-(K$6-$S65)/$T65))+1),0) -> 0 | L65: =IF(ISNUMBER($S65),MAX(0,INT((L$6+6-$S65)/$T65)-MAX(0,-INT(-(L$6-$S65)/$T65))+1),0) -> 0 | M65: =IF(ISNUMBER($S65),MAX(0,INT((M$6+6-$S65)/$T65)-MAX(0,-INT(-(M$6-$S65)/$T65))+1),0) -> 0 | N65: =IF(ISNUMBER($S65),MAX(0,INT((N$6+6-$S65)/$T65)-MAX(0,-INT(-(N$6-$S65)/$T65))+1),0) -> 0 | ... R65: =IF(ISNUMBER($S65),MAX(0,INT((R$6+6-$S65)/$T65)-MAX(0,-INT(-(R$6-$S65)/$T65))+1),0) -> 0 | S65: =IF(ISNUMBER(INDEX(pl_period,56)),MAX(INDEX(pl_due,56),p_today),"") | T65: =IF(ISNUMBER(INDEX(pl_period,56)),INDEX(pl_period,56),"") | U65: =N(INDEX(pl_dur,56)) -> 0
A66: =IF(INDEX(pl_status,57)="","",INDEX(pl_num,57)&"") | B66: =IF(INDEX(pl_status,57)="","",INDEX(pl_eq,57)&"") | C66: =IF(INDEX(pl_status,57)="","",INDEX(pl_task,57)&"") | D66: =IF(ISNUMBER(INDEX(pl_due,57)),INDEX(pl_due,57),"") | E66: =INDEX(pl_status,57)&"" | F66: =IF(E66="En retard","●","") | G66: =IF(ISNUMBER($S66),MAX(0,INT((G$6+6-$S66)/$T66)-MAX(0,-INT(-(G$6-$S66)/$T66))+1),0) -> 0 | H66: =IF(ISNUMBER($S66),MAX(0,INT((H$6+6-$S66)/$T66)-MAX(0,-INT(-(H$6-$S66)/$T66))+1),0) -> 0 | I66: =IF(ISNUMBER($S66),MAX(0,INT((I$6+6-$S66)/$T66)-MAX(0,-INT(-(I$6-$S66)/$T66))+1),0) -> 0 | J66: =IF(ISNUMBER($S66),MAX(0,INT((J$6+6-$S66)/$T66)-MAX(0,-INT(-(J$6-$S66)/$T66))+1),0) -> 0 | K66: =IF(ISNUMBER($S66),MAX(0,INT((K$6+6-$S66)/$T66)-MAX(0,-INT(-(K$6-$S66)/$T66))+1),0) -> 0 | L66: =IF(ISNUMBER($S66),MAX(0,INT((L$6+6-$S66)/$T66)-MAX(0,-INT(-(L$6-$S66)/$T66))+1),0) -> 0 | M66: =IF(ISNUMBER($S66),MAX(0,INT((M$6+6-$S66)/$T66)-MAX(0,-INT(-(M$6-$S66)/$T66))+1),0) -> 0 | N66: =IF(ISNUMBER($S66),MAX(0,INT((N$6+6-$S66)/$T66)-MAX(0,-INT(-(N$6-$S66)/$T66))+1),0) -> 0 | ... R66: =IF(ISNUMBER($S66),MAX(0,INT((R$6+6-$S66)/$T66)-MAX(0,-INT(-(R$6-$S66)/$T66))+1),0) -> 0 | S66: =IF(ISNUMBER(INDEX(pl_period,57)),MAX(INDEX(pl_due,57),p_today),"") | T66: =IF(ISNUMBER(INDEX(pl_period,57)),INDEX(pl_period,57),"") | U66: =N(INDEX(pl_dur,57)) -> 0
A67: =IF(INDEX(pl_status,58)="","",INDEX(pl_num,58)&"") | B67: =IF(INDEX(pl_status,58)="","",INDEX(pl_eq,58)&"") | C67: =IF(INDEX(pl_status,58)="","",INDEX(pl_task,58)&"") | D67: =IF(ISNUMBER(INDEX(pl_due,58)),INDEX(pl_due,58),"") | E67: =INDEX(pl_status,58)&"" | F67: =IF(E67="En retard","●","") | G67: =IF(ISNUMBER($S67),MAX(0,INT((G$6+6-$S67)/$T67)-MAX(0,-INT(-(G$6-$S67)/$T67))+1),0) -> 0 | H67: =IF(ISNUMBER($S67),MAX(0,INT((H$6+6-$S67)/$T67)-MAX(0,-INT(-(H$6-$S67)/$T67))+1),0) -> 0 | I67: =IF(ISNUMBER($S67),MAX(0,INT((I$6+6-$S67)/$T67)-MAX(0,-INT(-(I$6-$S67)/$T67))+1),0) -> 0 | J67: =IF(ISNUMBER($S67),MAX(0,INT((J$6+6-$S67)/$T67)-MAX(0,-INT(-(J$6-$S67)/$T67))+1),0) -> 0 | K67: =IF(ISNUMBER($S67),MAX(0,INT((K$6+6-$S67)/$T67)-MAX(0,-INT(-(K$6-$S67)/$T67))+1),0) -> 0 | L67: =IF(ISNUMBER($S67),MAX(0,INT((L$6+6-$S67)/$T67)-MAX(0,-INT(-(L$6-$S67)/$T67))+1),0) -> 0 | M67: =IF(ISNUMBER($S67),MAX(0,INT((M$6+6-$S67)/$T67)-MAX(0,-INT(-(M$6-$S67)/$T67))+1),0) -> 0 | N67: =IF(ISNUMBER($S67),MAX(0,INT((N$6+6-$S67)/$T67)-MAX(0,-INT(-(N$6-$S67)/$T67))+1),0) -> 0 | ... R67: =IF(ISNUMBER($S67),MAX(0,INT((R$6+6-$S67)/$T67)-MAX(0,-INT(-(R$6-$S67)/$T67))+1),0) -> 0 | S67: =IF(ISNUMBER(INDEX(pl_period,58)),MAX(INDEX(pl_due,58),p_today),"") | T67: =IF(ISNUMBER(INDEX(pl_period,58)),INDEX(pl_period,58),"") | U67: =N(INDEX(pl_dur,58)) -> 0
A68: =IF(INDEX(pl_status,59)="","",INDEX(pl_num,59)&"") | B68: =IF(INDEX(pl_status,59)="","",INDEX(pl_eq,59)&"") | C68: =IF(INDEX(pl_status,59)="","",INDEX(pl_task,59)&"") | D68: =IF(ISNUMBER(INDEX(pl_due,59)),INDEX(pl_due,59),"") | E68: =INDEX(pl_status,59)&"" | F68: =IF(E68="En retard","●","") | G68: =IF(ISNUMBER($S68),MAX(0,INT((G$6+6-$S68)/$T68)-MAX(0,-INT(-(G$6-$S68)/$T68))+1),0) -> 0 | H68: =IF(ISNUMBER($S68),MAX(0,INT((H$6+6-$S68)/$T68)-MAX(0,-INT(-(H$6-$S68)/$T68))+1),0) -> 0 | I68: =IF(ISNUMBER($S68),MAX(0,INT((I$6+6-$S68)/$T68)-MAX(0,-INT(-(I$6-$S68)/$T68))+1),0) -> 0 | J68: =IF(ISNUMBER($S68),MAX(0,INT((J$6+6-$S68)/$T68)-MAX(0,-INT(-(J$6-$S68)/$T68))+1),0) -> 0 | K68: =IF(ISNUMBER($S68),MAX(0,INT((K$6+6-$S68)/$T68)-MAX(0,-INT(-(K$6-$S68)/$T68))+1),0) -> 0 | L68: =IF(ISNUMBER($S68),MAX(0,INT((L$6+6-$S68)/$T68)-MAX(0,-INT(-(L$6-$S68)/$T68))+1),0) -> 0 | M68: =IF(ISNUMBER($S68),MAX(0,INT((M$6+6-$S68)/$T68)-MAX(0,-INT(-(M$6-$S68)/$T68))+1),0) -> 0 | N68: =IF(ISNUMBER($S68),MAX(0,INT((N$6+6-$S68)/$T68)-MAX(0,-INT(-(N$6-$S68)/$T68))+1),0) -> 0 | ... R68: =IF(ISNUMBER($S68),MAX(0,INT((R$6+6-$S68)/$T68)-MAX(0,-INT(-(R$6-$S68)/$T68))+1),0) -> 0 | S68: =IF(ISNUMBER(INDEX(pl_period,59)),MAX(INDEX(pl_due,59),p_today),"") | T68: =IF(ISNUMBER(INDEX(pl_period,59)),INDEX(pl_period,59),"") | U68: =N(INDEX(pl_dur,59)) -> 0
A69: =IF(INDEX(pl_status,60)="","",INDEX(pl_num,60)&"") | B69: =IF(INDEX(pl_status,60)="","",INDEX(pl_eq,60)&"") | C69: =IF(INDEX(pl_status,60)="","",INDEX(pl_task,60)&"") | D69: =IF(ISNUMBER(INDEX(pl_due,60)),INDEX(pl_due,60),"") | E69: =INDEX(pl_status,60)&"" | F69: =IF(E69="En retard","●","") | G69: =IF(ISNUMBER($S69),MAX(0,INT((G$6+6-$S69)/$T69)-MAX(0,-INT(-(G$6-$S69)/$T69))+1),0) -> 0 | H69: =IF(ISNUMBER($S69),MAX(0,INT((H$6+6-$S69)/$T69)-MAX(0,-INT(-(H$6-$S69)/$T69))+1),0) -> 0 | I69: =IF(ISNUMBER($S69),MAX(0,INT((I$6+6-$S69)/$T69)-MAX(0,-INT(-(I$6-$S69)/$T69))+1),0) -> 0 | J69: =IF(ISNUMBER($S69),MAX(0,INT((J$6+6-$S69)/$T69)-MAX(0,-INT(-(J$6-$S69)/$T69))+1),0) -> 0 | K69: =IF(ISNUMBER($S69),MAX(0,INT((K$6+6-$S69)/$T69)-MAX(0,-INT(-(K$6-$S69)/$T69))+1),0) -> 0 | L69: =IF(ISNUMBER($S69),MAX(0,INT((L$6+6-$S69)/$T69)-MAX(0,-INT(-(L$6-$S69)/$T69))+1),0) -> 0 | M69: =IF(ISNUMBER($S69),MAX(0,INT((M$6+6-$S69)/$T69)-MAX(0,-INT(-(M$6-$S69)/$T69))+1),0) -> 0 | N69: =IF(ISNUMBER($S69),MAX(0,INT((N$6+6-$S69)/$T69)-MAX(0,-INT(-(N$6-$S69)/$T69))+1),0) -> 0 | ... R69: =IF(ISNUMBER($S69),MAX(0,INT((R$6+6-$S69)/$T69)-MAX(0,-INT(-(R$6-$S69)/$T69))+1),0) -> 0 | S69: =IF(ISNUMBER(INDEX(pl_period,60)),MAX(INDEX(pl_due,60),p_today),"") | T69: =IF(ISNUMBER(INDEX(pl_period,60)),INDEX(pl_period,60),"") | U69: =N(INDEX(pl_dur,60)) -> 0
A70: =IF(INDEX(pl_status,61)="","",INDEX(pl_num,61)&"") | B70: =IF(INDEX(pl_status,61)="","",INDEX(pl_eq,61)&"") | C70: =IF(INDEX(pl_status,61)="","",INDEX(pl_task,61)&"") | D70: =IF(ISNUMBER(INDEX(pl_due,61)),INDEX(pl_due,61),"") | E70: =INDEX(pl_status,61)&"" | F70: =IF(E70="En retard","●","") | G70: =IF(ISNUMBER($S70),MAX(0,INT((G$6+6-$S70)/$T70)-MAX(0,-INT(-(G$6-$S70)/$T70))+1),0) -> 0 | H70: =IF(ISNUMBER($S70),MAX(0,INT((H$6+6-$S70)/$T70)-MAX(0,-INT(-(H$6-$S70)/$T70))+1),0) -> 0 | I70: =IF(ISNUMBER($S70),MAX(0,INT((I$6+6-$S70)/$T70)-MAX(0,-INT(-(I$6-$S70)/$T70))+1),0) -> 0 | J70: =IF(ISNUMBER($S70),MAX(0,INT((J$6+6-$S70)/$T70)-MAX(0,-INT(-(J$6-$S70)/$T70))+1),0) -> 0 | K70: =IF(ISNUMBER($S70),MAX(0,INT((K$6+6-$S70)/$T70)-MAX(0,-INT(-(K$6-$S70)/$T70))+1),0) -> 0 | L70: =IF(ISNUMBER($S70),MAX(0,INT((L$6+6-$S70)/$T70)-MAX(0,-INT(-(L$6-$S70)/$T70))+1),0) -> 0 | M70: =IF(ISNUMBER($S70),MAX(0,INT((M$6+6-$S70)/$T70)-MAX(0,-INT(-(M$6-$S70)/$T70))+1),0) -> 0 | N70: =IF(ISNUMBER($S70),MAX(0,INT((N$6+6-$S70)/$T70)-MAX(0,-INT(-(N$6-$S70)/$T70))+1),0) -> 0 | ... R70: =IF(ISNUMBER($S70),MAX(0,INT((R$6+6-$S70)/$T70)-MAX(0,-INT(-(R$6-$S70)/$T70))+1),0) -> 0 | S70: =IF(ISNUMBER(INDEX(pl_period,61)),MAX(INDEX(pl_due,61),p_today),"") | T70: =IF(ISNUMBER(INDEX(pl_period,61)),INDEX(pl_period,61),"") | U70: =N(INDEX(pl_dur,61)) -> 0
A71: =IF(INDEX(pl_status,62)="","",INDEX(pl_num,62)&"") | B71: =IF(INDEX(pl_status,62)="","",INDEX(pl_eq,62)&"") | C71: =IF(INDEX(pl_status,62)="","",INDEX(pl_task,62)&"") | D71: =IF(ISNUMBER(INDEX(pl_due,62)),INDEX(pl_due,62),"") | E71: =INDEX(pl_status,62)&"" | F71: =IF(E71="En retard","●","") | G71: =IF(ISNUMBER($S71),MAX(0,INT((G$6+6-$S71)/$T71)-MAX(0,-INT(-(G$6-$S71)/$T71))+1),0) -> 0 | H71: =IF(ISNUMBER($S71),MAX(0,INT((H$6+6-$S71)/$T71)-MAX(0,-INT(-(H$6-$S71)/$T71))+1),0) -> 0 | I71: =IF(ISNUMBER($S71),MAX(0,INT((I$6+6-$S71)/$T71)-MAX(0,-INT(-(I$6-$S71)/$T71))+1),0) -> 0 | J71: =IF(ISNUMBER($S71),MAX(0,INT((J$6+6-$S71)/$T71)-MAX(0,-INT(-(J$6-$S71)/$T71))+1),0) -> 0 | K71: =IF(ISNUMBER($S71),MAX(0,INT((K$6+6-$S71)/$T71)-MAX(0,-INT(-(K$6-$S71)/$T71))+1),0) -> 0 | L71: =IF(ISNUMBER($S71),MAX(0,INT((L$6+6-$S71)/$T71)-MAX(0,-INT(-(L$6-$S71)/$T71))+1),0) -> 0 | M71: =IF(ISNUMBER($S71),MAX(0,INT((M$6+6-$S71)/$T71)-MAX(0,-INT(-(M$6-$S71)/$T71))+1),0) -> 0 | N71: =IF(ISNUMBER($S71),MAX(0,INT((N$6+6-$S71)/$T71)-MAX(0,-INT(-(N$6-$S71)/$T71))+1),0) -> 0 | ... R71: =IF(ISNUMBER($S71),MAX(0,INT((R$6+6-$S71)/$T71)-MAX(0,-INT(-(R$6-$S71)/$T71))+1),0) -> 0 | S71: =IF(ISNUMBER(INDEX(pl_period,62)),MAX(INDEX(pl_due,62),p_today),"") | T71: =IF(ISNUMBER(INDEX(pl_period,62)),INDEX(pl_period,62),"") | U71: =N(INDEX(pl_dur,62)) -> 0
A72: =IF(INDEX(pl_status,63)="","",INDEX(pl_num,63)&"") | B72: =IF(INDEX(pl_status,63)="","",INDEX(pl_eq,63)&"") | C72: =IF(INDEX(pl_status,63)="","",INDEX(pl_task,63)&"") | D72: =IF(ISNUMBER(INDEX(pl_due,63)),INDEX(pl_due,63),"") | E72: =INDEX(pl_status,63)&"" | F72: =IF(E72="En retard","●","") | G72: =IF(ISNUMBER($S72),MAX(0,INT((G$6+6-$S72)/$T72)-MAX(0,-INT(-(G$6-$S72)/$T72))+1),0) -> 0 | H72: =IF(ISNUMBER($S72),MAX(0,INT((H$6+6-$S72)/$T72)-MAX(0,-INT(-(H$6-$S72)/$T72))+1),0) -> 0 | I72: =IF(ISNUMBER($S72),MAX(0,INT((I$6+6-$S72)/$T72)-MAX(0,-INT(-(I$6-$S72)/$T72))+1),0) -> 0 | J72: =IF(ISNUMBER($S72),MAX(0,INT((J$6+6-$S72)/$T72)-MAX(0,-INT(-(J$6-$S72)/$T72))+1),0) -> 0 | K72: =IF(ISNUMBER($S72),MAX(0,INT((K$6+6-$S72)/$T72)-MAX(0,-INT(-(K$6-$S72)/$T72))+1),0) -> 0 | L72: =IF(ISNUMBER($S72),MAX(0,INT((L$6+6-$S72)/$T72)-MAX(0,-INT(-(L$6-$S72)/$T72))+1),0) -> 0 | M72: =IF(ISNUMBER($S72),MAX(0,INT((M$6+6-$S72)/$T72)-MAX(0,-INT(-(M$6-$S72)/$T72))+1),0) -> 0 | N72: =IF(ISNUMBER($S72),MAX(0,INT((N$6+6-$S72)/$T72)-MAX(0,-INT(-(N$6-$S72)/$T72))+1),0) -> 0 | ... R72: =IF(ISNUMBER($S72),MAX(0,INT((R$6+6-$S72)/$T72)-MAX(0,-INT(-(R$6-$S72)/$T72))+1),0) -> 0 | S72: =IF(ISNUMBER(INDEX(pl_period,63)),MAX(INDEX(pl_due,63),p_today),"") | T72: =IF(ISNUMBER(INDEX(pl_period,63)),INDEX(pl_period,63),"") | U72: =N(INDEX(pl_dur,63)) -> 0
A73: =IF(INDEX(pl_status,64)="","",INDEX(pl_num,64)&"") | B73: =IF(INDEX(pl_status,64)="","",INDEX(pl_eq,64)&"") | C73: =IF(INDEX(pl_status,64)="","",INDEX(pl_task,64)&"") | D73: =IF(ISNUMBER(INDEX(pl_due,64)),INDEX(pl_due,64),"") | E73: =INDEX(pl_status,64)&"" | F73: =IF(E73="En retard","●","") | G73: =IF(ISNUMBER($S73),MAX(0,INT((G$6+6-$S73)/$T73)-MAX(0,-INT(-(G$6-$S73)/$T73))+1),0) -> 0 | H73: =IF(ISNUMBER($S73),MAX(0,INT((H$6+6-$S73)/$T73)-MAX(0,-INT(-(H$6-$S73)/$T73))+1),0) -> 0 | I73: =IF(ISNUMBER($S73),MAX(0,INT((I$6+6-$S73)/$T73)-MAX(0,-INT(-(I$6-$S73)/$T73))+1),0) -> 0 | J73: =IF(ISNUMBER($S73),MAX(0,INT((J$6+6-$S73)/$T73)-MAX(0,-INT(-(J$6-$S73)/$T73))+1),0) -> 0 | K73: =IF(ISNUMBER($S73),MAX(0,INT((K$6+6-$S73)/$T73)-MAX(0,-INT(-(K$6-$S73)/$T73))+1),0) -> 0 | L73: =IF(ISNUMBER($S73),MAX(0,INT((L$6+6-$S73)/$T73)-MAX(0,-INT(-(L$6-$S73)/$T73))+1),0) -> 0 | M73: =IF(ISNUMBER($S73),MAX(0,INT((M$6+6-$S73)/$T73)-MAX(0,-INT(-(M$6-$S73)/$T73))+1),0) -> 0 | N73: =IF(ISNUMBER($S73),MAX(0,INT((N$6+6-$S73)/$T73)-MAX(0,-INT(-(N$6-$S73)/$T73))+1),0) -> 0 | ... R73: =IF(ISNUMBER($S73),MAX(0,INT((R$6+6-$S73)/$T73)-MAX(0,-INT(-(R$6-$S73)/$T73))+1),0) -> 0 | S73: =IF(ISNUMBER(INDEX(pl_period,64)),MAX(INDEX(pl_due,64),p_today),"") | T73: =IF(ISNUMBER(INDEX(pl_period,64)),INDEX(pl_period,64),"") | U73: =N(INDEX(pl_dur,64)) -> 0
A74: =IF(INDEX(pl_status,65)="","",INDEX(pl_num,65)&"") | B74: =IF(INDEX(pl_status,65)="","",INDEX(pl_eq,65)&"") | C74: =IF(INDEX(pl_status,65)="","",INDEX(pl_task,65)&"") | D74: =IF(ISNUMBER(INDEX(pl_due,65)),INDEX(pl_due,65),"") | E74: =INDEX(pl_status,65)&"" | F74: =IF(E74="En retard","●","") | G74: =IF(ISNUMBER($S74),MAX(0,INT((G$6+6-$S74)/$T74)-MAX(0,-INT(-(G$6-$S74)/$T74))+1),0) -> 0 | H74: =IF(ISNUMBER($S74),MAX(0,INT((H$6+6-$S74)/$T74)-MAX(0,-INT(-(H$6-$S74)/$T74))+1),0) -> 0 | I74: =IF(ISNUMBER($S74),MAX(0,INT((I$6+6-$S74)/$T74)-MAX(0,-INT(-(I$6-$S74)/$T74))+1),0) -> 0 | J74: =IF(ISNUMBER($S74),MAX(0,INT((J$6+6-$S74)/$T74)-MAX(0,-INT(-(J$6-$S74)/$T74))+1),0) -> 0 | K74: =IF(ISNUMBER($S74),MAX(0,INT((K$6+6-$S74)/$T74)-MAX(0,-INT(-(K$6-$S74)/$T74))+1),0) -> 0 | L74: =IF(ISNUMBER($S74),MAX(0,INT((L$6+6-$S74)/$T74)-MAX(0,-INT(-(L$6-$S74)/$T74))+1),0) -> 0 | M74: =IF(ISNUMBER($S74),MAX(0,INT((M$6+6-$S74)/$T74)-MAX(0,-INT(-(M$6-$S74)/$T74))+1),0) -> 0 | N74: =IF(ISNUMBER($S74),MAX(0,INT((N$6+6-$S74)/$T74)-MAX(0,-INT(-(N$6-$S74)/$T74))+1),0) -> 0 | ... R74: =IF(ISNUMBER($S74),MAX(0,INT((R$6+6-$S74)/$T74)-MAX(0,-INT(-(R$6-$S74)/$T74))+1),0) -> 0 | S74: =IF(ISNUMBER(INDEX(pl_period,65)),MAX(INDEX(pl_due,65),p_today),"") | T74: =IF(ISNUMBER(INDEX(pl_period,65)),INDEX(pl_period,65),"") | U74: =N(INDEX(pl_dur,65)) -> 0
A75: =IF(INDEX(pl_status,66)="","",INDEX(pl_num,66)&"") | B75: =IF(INDEX(pl_status,66)="","",INDEX(pl_eq,66)&"") | C75: =IF(INDEX(pl_status,66)="","",INDEX(pl_task,66)&"") | D75: =IF(ISNUMBER(INDEX(pl_due,66)),INDEX(pl_due,66),"") | E75: =INDEX(pl_status,66)&"" | F75: =IF(E75="En retard","●","") | G75: =IF(ISNUMBER($S75),MAX(0,INT((G$6+6-$S75)/$T75)-MAX(0,-INT(-(G$6-$S75)/$T75))+1),0) -> 0 | H75: =IF(ISNUMBER($S75),MAX(0,INT((H$6+6-$S75)/$T75)-MAX(0,-INT(-(H$6-$S75)/$T75))+1),0) -> 0 | I75: =IF(ISNUMBER($S75),MAX(0,INT((I$6+6-$S75)/$T75)-MAX(0,-INT(-(I$6-$S75)/$T75))+1),0) -> 0 | J75: =IF(ISNUMBER($S75),MAX(0,INT((J$6+6-$S75)/$T75)-MAX(0,-INT(-(J$6-$S75)/$T75))+1),0) -> 0 | K75: =IF(ISNUMBER($S75),MAX(0,INT((K$6+6-$S75)/$T75)-MAX(0,-INT(-(K$6-$S75)/$T75))+1),0) -> 0 | L75: =IF(ISNUMBER($S75),MAX(0,INT((L$6+6-$S75)/$T75)-MAX(0,-INT(-(L$6-$S75)/$T75))+1),0) -> 0 | M75: =IF(ISNUMBER($S75),MAX(0,INT((M$6+6-$S75)/$T75)-MAX(0,-INT(-(M$6-$S75)/$T75))+1),0) -> 0 | N75: =IF(ISNUMBER($S75),MAX(0,INT((N$6+6-$S75)/$T75)-MAX(0,-INT(-(N$6-$S75)/$T75))+1),0) -> 0 | ... R75: =IF(ISNUMBER($S75),MAX(0,INT((R$6+6-$S75)/$T75)-MAX(0,-INT(-(R$6-$S75)/$T75))+1),0) -> 0 | S75: =IF(ISNUMBER(INDEX(pl_period,66)),MAX(INDEX(pl_due,66),p_today),"") | T75: =IF(ISNUMBER(INDEX(pl_period,66)),INDEX(pl_period,66),"") | U75: =N(INDEX(pl_dur,66)) -> 0
A76: =IF(INDEX(pl_status,67)="","",INDEX(pl_num,67)&"") | B76: =IF(INDEX(pl_status,67)="","",INDEX(pl_eq,67)&"") | C76: =IF(INDEX(pl_status,67)="","",INDEX(pl_task,67)&"") | D76: =IF(ISNUMBER(INDEX(pl_due,67)),INDEX(pl_due,67),"") | E76: =INDEX(pl_status,67)&"" | F76: =IF(E76="En retard","●","") | G76: =IF(ISNUMBER($S76),MAX(0,INT((G$6+6-$S76)/$T76)-MAX(0,-INT(-(G$6-$S76)/$T76))+1),0) -> 0 | H76: =IF(ISNUMBER($S76),MAX(0,INT((H$6+6-$S76)/$T76)-MAX(0,-INT(-(H$6-$S76)/$T76))+1),0) -> 0 | I76: =IF(ISNUMBER($S76),MAX(0,INT((I$6+6-$S76)/$T76)-MAX(0,-INT(-(I$6-$S76)/$T76))+1),0) -> 0 | J76: =IF(ISNUMBER($S76),MAX(0,INT((J$6+6-$S76)/$T76)-MAX(0,-INT(-(J$6-$S76)/$T76))+1),0) -> 0 | K76: =IF(ISNUMBER($S76),MAX(0,INT((K$6+6-$S76)/$T76)-MAX(0,-INT(-(K$6-$S76)/$T76))+1),0) -> 0 | L76: =IF(ISNUMBER($S76),MAX(0,INT((L$6+6-$S76)/$T76)-MAX(0,-INT(-(L$6-$S76)/$T76))+1),0) -> 0 | M76: =IF(ISNUMBER($S76),MAX(0,INT((M$6+6-$S76)/$T76)-MAX(0,-INT(-(M$6-$S76)/$T76))+1),0) -> 0 | N76: =IF(ISNUMBER($S76),MAX(0,INT((N$6+6-$S76)/$T76)-MAX(0,-INT(-(N$6-$S76)/$T76))+1),0) -> 0 | ... R76: =IF(ISNUMBER($S76),MAX(0,INT((R$6+6-$S76)/$T76)-MAX(0,-INT(-(R$6-$S76)/$T76))+1),0) -> 0 | S76: =IF(ISNUMBER(INDEX(pl_period,67)),MAX(INDEX(pl_due,67),p_today),"") | T76: =IF(ISNUMBER(INDEX(pl_period,67)),INDEX(pl_period,67),"") | U76: =N(INDEX(pl_dur,67)) -> 0
A77: =IF(INDEX(pl_status,68)="","",INDEX(pl_num,68)&"") | B77: =IF(INDEX(pl_status,68)="","",INDEX(pl_eq,68)&"") | C77: =IF(INDEX(pl_status,68)="","",INDEX(pl_task,68)&"") | D77: =IF(ISNUMBER(INDEX(pl_due,68)),INDEX(pl_due,68),"") | E77: =INDEX(pl_status,68)&"" | F77: =IF(E77="En retard","●","") | G77: =IF(ISNUMBER($S77),MAX(0,INT((G$6+6-$S77)/$T77)-MAX(0,-INT(-(G$6-$S77)/$T77))+1),0) -> 0 | H77: =IF(ISNUMBER($S77),MAX(0,INT((H$6+6-$S77)/$T77)-MAX(0,-INT(-(H$6-$S77)/$T77))+1),0) -> 0 | I77: =IF(ISNUMBER($S77),MAX(0,INT((I$6+6-$S77)/$T77)-MAX(0,-INT(-(I$6-$S77)/$T77))+1),0) -> 0 | J77: =IF(ISNUMBER($S77),MAX(0,INT((J$6+6-$S77)/$T77)-MAX(0,-INT(-(J$6-$S77)/$T77))+1),0) -> 0 | K77: =IF(ISNUMBER($S77),MAX(0,INT((K$6+6-$S77)/$T77)-MAX(0,-INT(-(K$6-$S77)/$T77))+1),0) -> 0 | L77: =IF(ISNUMBER($S77),MAX(0,INT((L$6+6-$S77)/$T77)-MAX(0,-INT(-(L$6-$S77)/$T77))+1),0) -> 0 | M77: =IF(ISNUMBER($S77),MAX(0,INT((M$6+6-$S77)/$T77)-MAX(0,-INT(-(M$6-$S77)/$T77))+1),0) -> 0 | N77: =IF(ISNUMBER($S77),MAX(0,INT((N$6+6-$S77)/$T77)-MAX(0,-INT(-(N$6-$S77)/$T77))+1),0) -> 0 | ... R77: =IF(ISNUMBER($S77),MAX(0,INT((R$6+6-$S77)/$T77)-MAX(0,-INT(-(R$6-$S77)/$T77))+1),0) -> 0 | S77: =IF(ISNUMBER(INDEX(pl_period,68)),MAX(INDEX(pl_due,68),p_today),"") | T77: =IF(ISNUMBER(INDEX(pl_period,68)),INDEX(pl_period,68),"") | U77: =N(INDEX(pl_dur,68)) -> 0
A78: =IF(INDEX(pl_status,69)="","",INDEX(pl_num,69)&"") | B78: =IF(INDEX(pl_status,69)="","",INDEX(pl_eq,69)&"") | C78: =IF(INDEX(pl_status,69)="","",INDEX(pl_task,69)&"") | D78: =IF(ISNUMBER(INDEX(pl_due,69)),INDEX(pl_due,69),"") | E78: =INDEX(pl_status,69)&"" | F78: =IF(E78="En retard","●","") | G78: =IF(ISNUMBER($S78),MAX(0,INT((G$6+6-$S78)/$T78)-MAX(0,-INT(-(G$6-$S78)/$T78))+1),0) -> 0 | H78: =IF(ISNUMBER($S78),MAX(0,INT((H$6+6-$S78)/$T78)-MAX(0,-INT(-(H$6-$S78)/$T78))+1),0) -> 0 | I78: =IF(ISNUMBER($S78),MAX(0,INT((I$6+6-$S78)/$T78)-MAX(0,-INT(-(I$6-$S78)/$T78))+1),0) -> 0 | J78: =IF(ISNUMBER($S78),MAX(0,INT((J$6+6-$S78)/$T78)-MAX(0,-INT(-(J$6-$S78)/$T78))+1),0) -> 0 | K78: =IF(ISNUMBER($S78),MAX(0,INT((K$6+6-$S78)/$T78)-MAX(0,-INT(-(K$6-$S78)/$T78))+1),0) -> 0 | L78: =IF(ISNUMBER($S78),MAX(0,INT((L$6+6-$S78)/$T78)-MAX(0,-INT(-(L$6-$S78)/$T78))+1),0) -> 0 | M78: =IF(ISNUMBER($S78),MAX(0,INT((M$6+6-$S78)/$T78)-MAX(0,-INT(-(M$6-$S78)/$T78))+1),0) -> 0 | N78: =IF(ISNUMBER($S78),MAX(0,INT((N$6+6-$S78)/$T78)-MAX(0,-INT(-(N$6-$S78)/$T78))+1),0) -> 0 | ... R78: =IF(ISNUMBER($S78),MAX(0,INT((R$6+6-$S78)/$T78)-MAX(0,-INT(-(R$6-$S78)/$T78))+1),0) -> 0 | S78: =IF(ISNUMBER(INDEX(pl_period,69)),MAX(INDEX(pl_due,69),p_today),"") | T78: =IF(ISNUMBER(INDEX(pl_period,69)),INDEX(pl_period,69),"") | U78: =N(INDEX(pl_dur,69)) -> 0
A79: =IF(INDEX(pl_status,70)="","",INDEX(pl_num,70)&"") | B79: =IF(INDEX(pl_status,70)="","",INDEX(pl_eq,70)&"") | C79: =IF(INDEX(pl_status,70)="","",INDEX(pl_task,70)&"") | D79: =IF(ISNUMBER(INDEX(pl_due,70)),INDEX(pl_due,70),"") | E79: =INDEX(pl_status,70)&"" | F79: =IF(E79="En retard","●","") | G79: =IF(ISNUMBER($S79),MAX(0,INT((G$6+6-$S79)/$T79)-MAX(0,-INT(-(G$6-$S79)/$T79))+1),0) -> 0 | H79: =IF(ISNUMBER($S79),MAX(0,INT((H$6+6-$S79)/$T79)-MAX(0,-INT(-(H$6-$S79)/$T79))+1),0) -> 0 | I79: =IF(ISNUMBER($S79),MAX(0,INT((I$6+6-$S79)/$T79)-MAX(0,-INT(-(I$6-$S79)/$T79))+1),0) -> 0 | J79: =IF(ISNUMBER($S79),MAX(0,INT((J$6+6-$S79)/$T79)-MAX(0,-INT(-(J$6-$S79)/$T79))+1),0) -> 0 | K79: =IF(ISNUMBER($S79),MAX(0,INT((K$6+6-$S79)/$T79)-MAX(0,-INT(-(K$6-$S79)/$T79))+1),0) -> 0 | L79: =IF(ISNUMBER($S79),MAX(0,INT((L$6+6-$S79)/$T79)-MAX(0,-INT(-(L$6-$S79)/$T79))+1),0) -> 0 | M79: =IF(ISNUMBER($S79),MAX(0,INT((M$6+6-$S79)/$T79)-MAX(0,-INT(-(M$6-$S79)/$T79))+1),0) -> 0 | N79: =IF(ISNUMBER($S79),MAX(0,INT((N$6+6-$S79)/$T79)-MAX(0,-INT(-(N$6-$S79)/$T79))+1),0) -> 0 | ... R79: =IF(ISNUMBER($S79),MAX(0,INT((R$6+6-$S79)/$T79)-MAX(0,-INT(-(R$6-$S79)/$T79))+1),0) -> 0 | S79: =IF(ISNUMBER(INDEX(pl_period,70)),MAX(INDEX(pl_due,70),p_today),"") | T79: =IF(ISNUMBER(INDEX(pl_period,70)),INDEX(pl_period,70),"") | U79: =N(INDEX(pl_dur,70)) -> 0
A80: =IF(INDEX(pl_status,71)="","",INDEX(pl_num,71)&"") | B80: =IF(INDEX(pl_status,71)="","",INDEX(pl_eq,71)&"") | C80: =IF(INDEX(pl_status,71)="","",INDEX(pl_task,71)&"") | D80: =IF(ISNUMBER(INDEX(pl_due,71)),INDEX(pl_due,71),"") | E80: =INDEX(pl_status,71)&"" | F80: =IF(E80="En retard","●","") | G80: =IF(ISNUMBER($S80),MAX(0,INT((G$6+6-$S80)/$T80)-MAX(0,-INT(-(G$6-$S80)/$T80))+1),0) -> 0 | H80: =IF(ISNUMBER($S80),MAX(0,INT((H$6+6-$S80)/$T80)-MAX(0,-INT(-(H$6-$S80)/$T80))+1),0) -> 0 | I80: =IF(ISNUMBER($S80),MAX(0,INT((I$6+6-$S80)/$T80)-MAX(0,-INT(-(I$6-$S80)/$T80))+1),0) -> 0 | J80: =IF(ISNUMBER($S80),MAX(0,INT((J$6+6-$S80)/$T80)-MAX(0,-INT(-(J$6-$S80)/$T80))+1),0) -> 0 | K80: =IF(ISNUMBER($S80),MAX(0,INT((K$6+6-$S80)/$T80)-MAX(0,-INT(-(K$6-$S80)/$T80))+1),0) -> 0 | L80: =IF(ISNUMBER($S80),MAX(0,INT((L$6+6-$S80)/$T80)-MAX(0,-INT(-(L$6-$S80)/$T80))+1),0) -> 0 | M80: =IF(ISNUMBER($S80),MAX(0,INT((M$6+6-$S80)/$T80)-MAX(0,-INT(-(M$6-$S80)/$T80))+1),0) -> 0 | N80: =IF(ISNUMBER($S80),MAX(0,INT((N$6+6-$S80)/$T80)-MAX(0,-INT(-(N$6-$S80)/$T80))+1),0) -> 0 | ... R80: =IF(ISNUMBER($S80),MAX(0,INT((R$6+6-$S80)/$T80)-MAX(0,-INT(-(R$6-$S80)/$T80))+1),0) -> 0 | S80: =IF(ISNUMBER(INDEX(pl_period,71)),MAX(INDEX(pl_due,71),p_today),"") | T80: =IF(ISNUMBER(INDEX(pl_period,71)),INDEX(pl_period,71),"") | U80: =N(INDEX(pl_dur,71)) -> 0
A81: =IF(INDEX(pl_status,72)="","",INDEX(pl_num,72)&"") | B81: =IF(INDEX(pl_status,72)="","",INDEX(pl_eq,72)&"") | C81: =IF(INDEX(pl_status,72)="","",INDEX(pl_task,72)&"") | D81: =IF(ISNUMBER(INDEX(pl_due,72)),INDEX(pl_due,72),"") | E81: =INDEX(pl_status,72)&"" | F81: =IF(E81="En retard","●","") | G81: =IF(ISNUMBER($S81),MAX(0,INT((G$6+6-$S81)/$T81)-MAX(0,-INT(-(G$6-$S81)/$T81))+1),0) -> 0 | H81: =IF(ISNUMBER($S81),MAX(0,INT((H$6+6-$S81)/$T81)-MAX(0,-INT(-(H$6-$S81)/$T81))+1),0) -> 0 | I81: =IF(ISNUMBER($S81),MAX(0,INT((I$6+6-$S81)/$T81)-MAX(0,-INT(-(I$6-$S81)/$T81))+1),0) -> 0 | J81: =IF(ISNUMBER($S81),MAX(0,INT((J$6+6-$S81)/$T81)-MAX(0,-INT(-(J$6-$S81)/$T81))+1),0) -> 0 | K81: =IF(ISNUMBER($S81),MAX(0,INT((K$6+6-$S81)/$T81)-MAX(0,-INT(-(K$6-$S81)/$T81))+1),0) -> 0 | L81: =IF(ISNUMBER($S81),MAX(0,INT((L$6+6-$S81)/$T81)-MAX(0,-INT(-(L$6-$S81)/$T81))+1),0) -> 0 | M81: =IF(ISNUMBER($S81),MAX(0,INT((M$6+6-$S81)/$T81)-MAX(0,-INT(-(M$6-$S81)/$T81))+1),0) -> 0 | N81: =IF(ISNUMBER($S81),MAX(0,INT((N$6+6-$S81)/$T81)-MAX(0,-INT(-(N$6-$S81)/$T81))+1),0) -> 0 | ... R81: =IF(ISNUMBER($S81),MAX(0,INT((R$6+6-$S81)/$T81)-MAX(0,-INT(-(R$6-$S81)/$T81))+1),0) -> 0 | S81: =IF(ISNUMBER(INDEX(pl_period,72)),MAX(INDEX(pl_due,72),p_today),"") | T81: =IF(ISNUMBER(INDEX(pl_period,72)),INDEX(pl_period,72),"") | U81: =N(INDEX(pl_dur,72)) -> 0
A82: =IF(INDEX(pl_status,73)="","",INDEX(pl_num,73)&"") | B82: =IF(INDEX(pl_status,73)="","",INDEX(pl_eq,73)&"") | C82: =IF(INDEX(pl_status,73)="","",INDEX(pl_task,73)&"") | D82: =IF(ISNUMBER(INDEX(pl_due,73)),INDEX(pl_due,73),"") | E82: =INDEX(pl_status,73)&"" | F82: =IF(E82="En retard","●","") | G82: =IF(ISNUMBER($S82),MAX(0,INT((G$6+6-$S82)/$T82)-MAX(0,-INT(-(G$6-$S82)/$T82))+1),0) -> 0 | H82: =IF(ISNUMBER($S82),MAX(0,INT((H$6+6-$S82)/$T82)-MAX(0,-INT(-(H$6-$S82)/$T82))+1),0) -> 0 | I82: =IF(ISNUMBER($S82),MAX(0,INT((I$6+6-$S82)/$T82)-MAX(0,-INT(-(I$6-$S82)/$T82))+1),0) -> 0 | J82: =IF(ISNUMBER($S82),MAX(0,INT((J$6+6-$S82)/$T82)-MAX(0,-INT(-(J$6-$S82)/$T82))+1),0) -> 0 | K82: =IF(ISNUMBER($S82),MAX(0,INT((K$6+6-$S82)/$T82)-MAX(0,-INT(-(K$6-$S82)/$T82))+1),0) -> 0 | L82: =IF(ISNUMBER($S82),MAX(0,INT((L$6+6-$S82)/$T82)-MAX(0,-INT(-(L$6-$S82)/$T82))+1),0) -> 0 | M82: =IF(ISNUMBER($S82),MAX(0,INT((M$6+6-$S82)/$T82)-MAX(0,-INT(-(M$6-$S82)/$T82))+1),0) -> 0 | N82: =IF(ISNUMBER($S82),MAX(0,INT((N$6+6-$S82)/$T82)-MAX(0,-INT(-(N$6-$S82)/$T82))+1),0) -> 0 | ... R82: =IF(ISNUMBER($S82),MAX(0,INT((R$6+6-$S82)/$T82)-MAX(0,-INT(-(R$6-$S82)/$T82))+1),0) -> 0 | S82: =IF(ISNUMBER(INDEX(pl_period,73)),MAX(INDEX(pl_due,73),p_today),"") | T82: =IF(ISNUMBER(INDEX(pl_period,73)),INDEX(pl_period,73),"") | U82: =N(INDEX(pl_dur,73)) -> 0
A83: =IF(INDEX(pl_status,74)="","",INDEX(pl_num,74)&"") | B83: =IF(INDEX(pl_status,74)="","",INDEX(pl_eq,74)&"") | C83: =IF(INDEX(pl_status,74)="","",INDEX(pl_task,74)&"") | D83: =IF(ISNUMBER(INDEX(pl_due,74)),INDEX(pl_due,74),"") | E83: =INDEX(pl_status,74)&"" | F83: =IF(E83="En retard","●","") | G83: =IF(ISNUMBER($S83),MAX(0,INT((G$6+6-$S83)/$T83)-MAX(0,-INT(-(G$6-$S83)/$T83))+1),0) -> 0 | H83: =IF(ISNUMBER($S83),MAX(0,INT((H$6+6-$S83)/$T83)-MAX(0,-INT(-(H$6-$S83)/$T83))+1),0) -> 0 | I83: =IF(ISNUMBER($S83),MAX(0,INT((I$6+6-$S83)/$T83)-MAX(0,-INT(-(I$6-$S83)/$T83))+1),0) -> 0 | J83: =IF(ISNUMBER($S83),MAX(0,INT((J$6+6-$S83)/$T83)-MAX(0,-INT(-(J$6-$S83)/$T83))+1),0) -> 0 | K83: =IF(ISNUMBER($S83),MAX(0,INT((K$6+6-$S83)/$T83)-MAX(0,-INT(-(K$6-$S83)/$T83))+1),0) -> 0 | L83: =IF(ISNUMBER($S83),MAX(0,INT((L$6+6-$S83)/$T83)-MAX(0,-INT(-(L$6-$S83)/$T83))+1),0) -> 0 | M83: =IF(ISNUMBER($S83),MAX(0,INT((M$6+6-$S83)/$T83)-MAX(0,-INT(-(M$6-$S83)/$T83))+1),0) -> 0 | N83: =IF(ISNUMBER($S83),MAX(0,INT((N$6+6-$S83)/$T83)-MAX(0,-INT(-(N$6-$S83)/$T83))+1),0) -> 0 | ... R83: =IF(ISNUMBER($S83),MAX(0,INT((R$6+6-$S83)/$T83)-MAX(0,-INT(-(R$6-$S83)/$T83))+1),0) -> 0 | S83: =IF(ISNUMBER(INDEX(pl_period,74)),MAX(INDEX(pl_due,74),p_today),"") | T83: =IF(ISNUMBER(INDEX(pl_period,74)),INDEX(pl_period,74),"") | U83: =N(INDEX(pl_dur,74)) -> 0
A84: =IF(INDEX(pl_status,75)="","",INDEX(pl_num,75)&"") | B84: =IF(INDEX(pl_status,75)="","",INDEX(pl_eq,75)&"") | C84: =IF(INDEX(pl_status,75)="","",INDEX(pl_task,75)&"") | D84: =IF(ISNUMBER(INDEX(pl_due,75)),INDEX(pl_due,75),"") | E84: =INDEX(pl_status,75)&"" | F84: =IF(E84="En retard","●","") | G84: =IF(ISNUMBER($S84),MAX(0,INT((G$6+6-$S84)/$T84)-MAX(0,-INT(-(G$6-$S84)/$T84))+1),0) -> 0 | H84: =IF(ISNUMBER($S84),MAX(0,INT((H$6+6-$S84)/$T84)-MAX(0,-INT(-(H$6-$S84)/$T84))+1),0) -> 0 | I84: =IF(ISNUMBER($S84),MAX(0,INT((I$6+6-$S84)/$T84)-MAX(0,-INT(-(I$6-$S84)/$T84))+1),0) -> 0 | J84: =IF(ISNUMBER($S84),MAX(0,INT((J$6+6-$S84)/$T84)-MAX(0,-INT(-(J$6-$S84)/$T84))+1),0) -> 0 | K84: =IF(ISNUMBER($S84),MAX(0,INT((K$6+6-$S84)/$T84)-MAX(0,-INT(-(K$6-$S84)/$T84))+1),0) -> 0 | L84: =IF(ISNUMBER($S84),MAX(0,INT((L$6+6-$S84)/$T84)-MAX(0,-INT(-(L$6-$S84)/$T84))+1),0) -> 0 | M84: =IF(ISNUMBER($S84),MAX(0,INT((M$6+6-$S84)/$T84)-MAX(0,-INT(-(M$6-$S84)/$T84))+1),0) -> 0 | N84: =IF(ISNUMBER($S84),MAX(0,INT((N$6+6-$S84)/$T84)-MAX(0,-INT(-(N$6-$S84)/$T84))+1),0) -> 0 | ... R84: =IF(ISNUMBER($S84),MAX(0,INT((R$6+6-$S84)/$T84)-MAX(0,-INT(-(R$6-$S84)/$T84))+1),0) -> 0 | S84: =IF(ISNUMBER(INDEX(pl_period,75)),MAX(INDEX(pl_due,75),p_today),"") | T84: =IF(ISNUMBER(INDEX(pl_period,75)),INDEX(pl_period,75),"") | U84: =N(INDEX(pl_dur,75)) -> 0
A85: =IF(INDEX(pl_status,76)="","",INDEX(pl_num,76)&"") | B85: =IF(INDEX(pl_status,76)="","",INDEX(pl_eq,76)&"") | C85: =IF(INDEX(pl_status,76)="","",INDEX(pl_task,76)&"") | D85: =IF(ISNUMBER(INDEX(pl_due,76)),INDEX(pl_due,76),"") | E85: =INDEX(pl_status,76)&"" | F85: =IF(E85="En retard","●","") | G85: =IF(ISNUMBER($S85),MAX(0,INT((G$6+6-$S85)/$T85)-MAX(0,-INT(-(G$6-$S85)/$T85))+1),0) -> 0 | H85: =IF(ISNUMBER($S85),MAX(0,INT((H$6+6-$S85)/$T85)-MAX(0,-INT(-(H$6-$S85)/$T85))+1),0) -> 0 | I85: =IF(ISNUMBER($S85),MAX(0,INT((I$6+6-$S85)/$T85)-MAX(0,-INT(-(I$6-$S85)/$T85))+1),0) -> 0 | J85: =IF(ISNUMBER($S85),MAX(0,INT((J$6+6-$S85)/$T85)-MAX(0,-INT(-(J$6-$S85)/$T85))+1),0) -> 0 | K85: =IF(ISNUMBER($S85),MAX(0,INT((K$6+6-$S85)/$T85)-MAX(0,-INT(-(K$6-$S85)/$T85))+1),0) -> 0 | L85: =IF(ISNUMBER($S85),MAX(0,INT((L$6+6-$S85)/$T85)-MAX(0,-INT(-(L$6-$S85)/$T85))+1),0) -> 0 | M85: =IF(ISNUMBER($S85),MAX(0,INT((M$6+6-$S85)/$T85)-MAX(0,-INT(-(M$6-$S85)/$T85))+1),0) -> 0 | N85: =IF(ISNUMBER($S85),MAX(0,INT((N$6+6-$S85)/$T85)-MAX(0,-INT(-(N$6-$S85)/$T85))+1),0) -> 0 | ... R85: =IF(ISNUMBER($S85),MAX(0,INT((R$6+6-$S85)/$T85)-MAX(0,-INT(-(R$6-$S85)/$T85))+1),0) -> 0 | S85: =IF(ISNUMBER(INDEX(pl_period,76)),MAX(INDEX(pl_due,76),p_today),"") | T85: =IF(ISNUMBER(INDEX(pl_period,76)),INDEX(pl_period,76),"") | U85: =N(INDEX(pl_dur,76)) -> 0
A86: =IF(INDEX(pl_status,77)="","",INDEX(pl_num,77)&"") | B86: =IF(INDEX(pl_status,77)="","",INDEX(pl_eq,77)&"") | C86: =IF(INDEX(pl_status,77)="","",INDEX(pl_task,77)&"") | D86: =IF(ISNUMBER(INDEX(pl_due,77)),INDEX(pl_due,77),"") | E86: =INDEX(pl_status,77)&"" | F86: =IF(E86="En retard","●","") | G86: =IF(ISNUMBER($S86),MAX(0,INT((G$6+6-$S86)/$T86)-MAX(0,-INT(-(G$6-$S86)/$T86))+1),0) -> 0 | H86: =IF(ISNUMBER($S86),MAX(0,INT((H$6+6-$S86)/$T86)-MAX(0,-INT(-(H$6-$S86)/$T86))+1),0) -> 0 | I86: =IF(ISNUMBER($S86),MAX(0,INT((I$6+6-$S86)/$T86)-MAX(0,-INT(-(I$6-$S86)/$T86))+1),0) -> 0 | J86: =IF(ISNUMBER($S86),MAX(0,INT((J$6+6-$S86)/$T86)-MAX(0,-INT(-(J$6-$S86)/$T86))+1),0) -> 0 | K86: =IF(ISNUMBER($S86),MAX(0,INT((K$6+6-$S86)/$T86)-MAX(0,-INT(-(K$6-$S86)/$T86))+1),0) -> 0 | L86: =IF(ISNUMBER($S86),MAX(0,INT((L$6+6-$S86)/$T86)-MAX(0,-INT(-(L$6-$S86)/$T86))+1),0) -> 0 | M86: =IF(ISNUMBER($S86),MAX(0,INT((M$6+6-$S86)/$T86)-MAX(0,-INT(-(M$6-$S86)/$T86))+1),0) -> 0 | N86: =IF(ISNUMBER($S86),MAX(0,INT((N$6+6-$S86)/$T86)-MAX(0,-INT(-(N$6-$S86)/$T86))+1),0) -> 0 | ... R86: =IF(ISNUMBER($S86),MAX(0,INT((R$6+6-$S86)/$T86)-MAX(0,-INT(-(R$6-$S86)/$T86))+1),0) -> 0 | S86: =IF(ISNUMBER(INDEX(pl_period,77)),MAX(INDEX(pl_due,77),p_today),"") | T86: =IF(ISNUMBER(INDEX(pl_period,77)),INDEX(pl_period,77),"") | U86: =N(INDEX(pl_dur,77)) -> 0
A87: =IF(INDEX(pl_status,78)="","",INDEX(pl_num,78)&"") | B87: =IF(INDEX(pl_status,78)="","",INDEX(pl_eq,78)&"") | C87: =IF(INDEX(pl_status,78)="","",INDEX(pl_task,78)&"") | D87: =IF(ISNUMBER(INDEX(pl_due,78)),INDEX(pl_due,78),"") | E87: =INDEX(pl_status,78)&"" | F87: =IF(E87="En retard","●","") | G87: =IF(ISNUMBER($S87),MAX(0,INT((G$6+6-$S87)/$T87)-MAX(0,-INT(-(G$6-$S87)/$T87))+1),0) -> 0 | H87: =IF(ISNUMBER($S87),MAX(0,INT((H$6+6-$S87)/$T87)-MAX(0,-INT(-(H$6-$S87)/$T87))+1),0) -> 0 | I87: =IF(ISNUMBER($S87),MAX(0,INT((I$6+6-$S87)/$T87)-MAX(0,-INT(-(I$6-$S87)/$T87))+1),0) -> 0 | J87: =IF(ISNUMBER($S87),MAX(0,INT((J$6+6-$S87)/$T87)-MAX(0,-INT(-(J$6-$S87)/$T87))+1),0) -> 0 | K87: =IF(ISNUMBER($S87),MAX(0,INT((K$6+6-$S87)/$T87)-MAX(0,-INT(-(K$6-$S87)/$T87))+1),0) -> 0 | L87: =IF(ISNUMBER($S87),MAX(0,INT((L$6+6-$S87)/$T87)-MAX(0,-INT(-(L$6-$S87)/$T87))+1),0) -> 0 | M87: =IF(ISNUMBER($S87),MAX(0,INT((M$6+6-$S87)/$T87)-MAX(0,-INT(-(M$6-$S87)/$T87))+1),0) -> 0 | N87: =IF(ISNUMBER($S87),MAX(0,INT((N$6+6-$S87)/$T87)-MAX(0,-INT(-(N$6-$S87)/$T87))+1),0) -> 0 | ... R87: =IF(ISNUMBER($S87),MAX(0,INT((R$6+6-$S87)/$T87)-MAX(0,-INT(-(R$6-$S87)/$T87))+1),0) -> 0 | S87: =IF(ISNUMBER(INDEX(pl_period,78)),MAX(INDEX(pl_due,78),p_today),"") | T87: =IF(ISNUMBER(INDEX(pl_period,78)),INDEX(pl_period,78),"") | U87: =N(INDEX(pl_dur,78)) -> 0
A88: =IF(INDEX(pl_status,79)="","",INDEX(pl_num,79)&"") | B88: =IF(INDEX(pl_status,79)="","",INDEX(pl_eq,79)&"") | C88: =IF(INDEX(pl_status,79)="","",INDEX(pl_task,79)&"") | D88: =IF(ISNUMBER(INDEX(pl_due,79)),INDEX(pl_due,79),"") | E88: =INDEX(pl_status,79)&"" | F88: =IF(E88="En retard","●","") | G88: =IF(ISNUMBER($S88),MAX(0,INT((G$6+6-$S88)/$T88)-MAX(0,-INT(-(G$6-$S88)/$T88))+1),0) -> 0 | H88: =IF(ISNUMBER($S88),MAX(0,INT((H$6+6-$S88)/$T88)-MAX(0,-INT(-(H$6-$S88)/$T88))+1),0) -> 0 | I88: =IF(ISNUMBER($S88),MAX(0,INT((I$6+6-$S88)/$T88)-MAX(0,-INT(-(I$6-$S88)/$T88))+1),0) -> 0 | J88: =IF(ISNUMBER($S88),MAX(0,INT((J$6+6-$S88)/$T88)-MAX(0,-INT(-(J$6-$S88)/$T88))+1),0) -> 0 | K88: =IF(ISNUMBER($S88),MAX(0,INT((K$6+6-$S88)/$T88)-MAX(0,-INT(-(K$6-$S88)/$T88))+1),0) -> 0 | L88: =IF(ISNUMBER($S88),MAX(0,INT((L$6+6-$S88)/$T88)-MAX(0,-INT(-(L$6-$S88)/$T88))+1),0) -> 0 | M88: =IF(ISNUMBER($S88),MAX(0,INT((M$6+6-$S88)/$T88)-MAX(0,-INT(-(M$6-$S88)/$T88))+1),0) -> 0 | N88: =IF(ISNUMBER($S88),MAX(0,INT((N$6+6-$S88)/$T88)-MAX(0,-INT(-(N$6-$S88)/$T88))+1),0) -> 0 | ... R88: =IF(ISNUMBER($S88),MAX(0,INT((R$6+6-$S88)/$T88)-MAX(0,-INT(-(R$6-$S88)/$T88))+1),0) -> 0 | S88: =IF(ISNUMBER(INDEX(pl_period,79)),MAX(INDEX(pl_due,79),p_today),"") | T88: =IF(ISNUMBER(INDEX(pl_period,79)),INDEX(pl_period,79),"") | U88: =N(INDEX(pl_dur,79)) -> 0
A89: =IF(INDEX(pl_status,80)="","",INDEX(pl_num,80)&"") | B89: =IF(INDEX(pl_status,80)="","",INDEX(pl_eq,80)&"") | C89: =IF(INDEX(pl_status,80)="","",INDEX(pl_task,80)&"") | D89: =IF(ISNUMBER(INDEX(pl_due,80)),INDEX(pl_due,80),"") | E89: =INDEX(pl_status,80)&"" | F89: =IF(E89="En retard","●","") | G89: =IF(ISNUMBER($S89),MAX(0,INT((G$6+6-$S89)/$T89)-MAX(0,-INT(-(G$6-$S89)/$T89))+1),0) -> 0 | H89: =IF(ISNUMBER($S89),MAX(0,INT((H$6+6-$S89)/$T89)-MAX(0,-INT(-(H$6-$S89)/$T89))+1),0) -> 0 | I89: =IF(ISNUMBER($S89),MAX(0,INT((I$6+6-$S89)/$T89)-MAX(0,-INT(-(I$6-$S89)/$T89))+1),0) -> 0 | J89: =IF(ISNUMBER($S89),MAX(0,INT((J$6+6-$S89)/$T89)-MAX(0,-INT(-(J$6-$S89)/$T89))+1),0) -> 0 | K89: =IF(ISNUMBER($S89),MAX(0,INT((K$6+6-$S89)/$T89)-MAX(0,-INT(-(K$6-$S89)/$T89))+1),0) -> 0 | L89: =IF(ISNUMBER($S89),MAX(0,INT((L$6+6-$S89)/$T89)-MAX(0,-INT(-(L$6-$S89)/$T89))+1),0) -> 0 | M89: =IF(ISNUMBER($S89),MAX(0,INT((M$6+6-$S89)/$T89)-MAX(0,-INT(-(M$6-$S89)/$T89))+1),0) -> 0 | N89: =IF(ISNUMBER($S89),MAX(0,INT((N$6+6-$S89)/$T89)-MAX(0,-INT(-(N$6-$S89)/$T89))+1),0) -> 0 | ... R89: =IF(ISNUMBER($S89),MAX(0,INT((R$6+6-$S89)/$T89)-MAX(0,-INT(-(R$6-$S89)/$T89))+1),0) -> 0 | S89: =IF(ISNUMBER(INDEX(pl_period,80)),MAX(INDEX(pl_due,80),p_today),"") | T89: =IF(ISNUMBER(INDEX(pl_period,80)),INDEX(pl_period,80),"") | U89: =N(INDEX(pl_dur,80)) -> 0
